Workbook

Sheet ORDEN DE CUARENTENA
AF1: Página | AH1: 1 | AI1: de | AJ1: =AM1+1 -> 1 | AM1: =IF(ISBLANK(ANEXO!R14),0,1) -> 0 | AN1: Cuenta CITES blanco | AO1: =AG59+ANEXO!AG59 -> 180 | BL1: País Exportador | BM1: Ambiente | BN1: XV - Arica y Parinacota | BO1: Pez | BP1: Cnidaria | BQ1: Porifera | BR1: Arthropoda | BS1: Annelida | BT1: Echinodermata | BU1: Mollusca | BV1: Alga | BW1: Plantas | BY1: Cites | BZ1: SituacionCITES | CA1: Columna1 | CC1: SuscepEARs | CD1: EARs | CF1: Este fomulario incluye en sus listas desplegables a especies para fines ornamentales
AB2: Región de la Estación | AE2: XIII - Metropolitana | AN2: Cuenta EARs blanco | AO2: =AI59+ANEXO!AI59 -> 180 | BL2: Argentina | BM2: Dulceacuícola | BN2: I - Tarapacá | BO2: Abramites | BP2: Acanthastrea | BQ2: Acanthella cavernosa | BR2: Alpheus armatus | BS2: Bispira brunnea | BT2: Diadema setosum | BU2: Ampullaria cuprina | BV2: Halimeda discoidea | BW2: Anubias barteri | BY2: Arapaima gigas | BZ2: SI | CA2: Arapaima gigas (A II) | CC2: Anabas testudineus | CD2: SUE | CF2: listadas en nómina de especies hidrobiológicas vivas de importación autorizada
AB3: N° Acta de Internación asociada | BL3: Brasil | BM3: Marino | BN3: II - Antofagasta | BO3: Abudefduf | BP3: Acropora | BQ3: Agelas sceptrum | BR3: Alpheus randalli | BS3: Protula bispiralis | BT3: Echinometra mathaei | BU3: Aplysia dactylomela | BV3: Halimeda goreaui | BW3: Aponogeton rigidifolius | BY3: Barbus pahangensis | BZ3: SI | CA3: Barbus pahangensis sinínimo de Probarbus jullieni (A I) | CC3: Arius acutirostris | CD3: SUE | CF3: según R. EXENTA N° 02359/2026, de la Subsecretaría de Pesca y Acuicultura.
N4: ORDEN DE CUARENTENA | BL4: Colombia | BN4: III - Atacama | BO4: Acanthicus | BP4: Actinodiscus | BQ4: Ectyoplasia ferox | BR4: Artemia salina | BS4: Sabellastarte magnifica | BT4: Echinometra viridis | BU4: Astraea tecta | BV4: Penicillus capitatus | BW4: Cryptocoryne wendtii | BY4: Carcharhinus | BZ4: SI | CA4: A II | CC4: Arius africanus | CD4: SUE
M5: Especies ornamentales | BL5: Holanda | BN5: IV - Coquimbo | BO5: Acanthodoras | BP5: Alcyonium | BQ5: Niphates digitalis | BR5: Atyopsis spinipes | BS5: Spirobranchus giganteus | BT5: Eucidaris tribuloides | BU5: Cerithium litteratum | BW5: Echinodorus amazonicus | BY5: Carcharhinus acronotus | BZ5: SI | CA5: A II | CC5: Arius arenarius | CD5: SUE
B6: Inicio cuarentena | O6: Día 15: | Q6: =I6+14 -> 14 | BL6: Kenia | BN6: V - Valparaíso | BO6: Acanthostracion | BP6: Alveopora | BQ6: Pseudoceratina crassa | BR6: Atyopsis moluccensis | BT6: Linckia guildingii | BU6: Lima scabra | BW6: Echinodorus bleheri | BY6: Carcharhinus albimarginatus | BZ6: SI | CA6: A II | CC6: Arius arius | CD6: SUE
B7: Titular Est. Cuarentena | O7: RUT: | W7: Total declarado | AB7: Anexo | AE7: CITES | AH7: EARs | BL7: Israel | BN7: XIII - Metropolitana | BO7: Acanthurus | BP7: Anthelia | BR7: Calcinus elegans | BT7: Lytechinus variegatus | BU7: Lithopoma tectum | BW7: Echinodorus horizontalis | BY7: Carcharhinus altimus | BZ7: SI | CA7: A II | CC7: Arius brunellii | CD7: SUE
B8: Dirección | O8: N° Resolución: | W8: =AD59+ANEXO!AD59 -> 0 | AB8: =IF(ANEXO!AD59>0,"SI","") | AE8: =IF(AO1<180,"SI","") | AH8: =IF(AO2<180,"SI","") | BL8: Perú | BN8: VI - O'Higgins | BO8: Acarichthys | BP8: Antinodiscus | BR8: Calcinus tibicen | BT8: Ophioderma brevicaudum | BU8: Octopus vulgaris | BW8: Echinodorus oriental | BY8: Carcharhinus amblyrhynchoides | BZ8: SI | CA8: A II | CC8: Arius cous | CD8: SUE
B9: Nombre del Proveedor | O9: PAIS | AE9: =180-AO1 -> 0 | AH9: =180-AO2 -> 0 | BL9: EEUU | BN9: VII - Maule | BO9: Acaronia | BP9: Bartholomea | BR9: Caridina gracilirostris | BT9: Oreaster reticulatus | BU9: Tridachia crispata | BW9: Echinodorus quadricostatus | BY9: Carcharhinus amblyrhynchos | BZ9: SI | CA9: A II | CC9: Arius dispar | CD9: SUE
BN10: XVI - Ñuble | BO10: Acestrorhynchus | BP10: Blastomussa | BR10: Caridina multidentata | BT10: Tripneustes ventricosus | BU10: Tridacna crocea | BW10: Echinodorus schlueteri | BY10: Carcharhinus amboinensis | BZ10: SI | CA10: A II | CC10: Arius gagora | CD10: SUE
C11: Información declarada para solicitar autorización de Acta de Internación y de inicio de cuarentena | AG11: Consideraciones | BN11: VIII - Biobío | BO11: Achirus | BP11: Briareum | BR11: Ciliopagurus strigatus | BU11: Tridacna derasa | BW11: Eusteralis stellata | BY11: Carcharhinus borneensis | BZ11: SI | CA11: A II | CC11: Arius gigas | CD11: SUE
B12: Item | C12: Nombre común o variedad (lote de especie ornamental) | J12: Categoría (según Res. Ex.) | N12: Ambiente | R12: Seleccione de lista(s) desplegable(s) el nombre científico | AD12: Cantidad Declarada | AG12: CITES | AI12: Pez susceptible EARs | AM12: 1 | AN12: 2 | AO12: 3 | AP12: 4 | AQ12: 5 | AR12: 6 | AS12: 7 | AT12: 8 | AU12: 9 | AV12: 10 | AW12: 11 | AX12: 12 | AY12: 13 | AZ12: 14 | BA12: 15 | BB12: 16 | BC12: 17 | BD12: 18 | BN12: IX - Araucanía | BO12: Acreichthys | BP12: Catalaphyllia | BR12: Clibanarius tricolor | BU12: Tridacna maxima | BW12: Nymphaea lotus | BY12: Carcharhinus brachyurus | BZ12: SI | CA12: A II | CC12: Arius harmandi | CD12: SUE
R13: Género o especie (Autorizada) | Y13: Especie (pez o cnidaria) | AM13: Item | AN13: Concatenado | AO13: nombre comun | AP13: grupo | AQ13: ambiente | AR13: cantidad arribada | AS13: mortalidad acumulada | AT13: saldo | AU13: porcentaje mortalidad | AV13: Arribada resumen | AW13: Tratamiento Si o No | AX13: Mortalidad dia 1 | AY13: Mortalidad 2 a 8 (Sem 1) | AZ13: Mortalidad 9 a 15 (Sem 2) | BA13: % mort dia 1 | BB13: % mort sem 1 | BC13: % mort sem 2 | BD13: Estadío desarrollo | BF13: cantidad arribada | BG13: mortalidad acumulada | BH13: saldo | BI13: Mortalidad dia 1 | BJ13: Mortalidad 2 a 8 (Sem 1) | BK13: Mortalidad 9 a 15 (Sem 2) | BM13: CITES | BN13: XIV - Los Ríos | BO13: Aequidens | BP13: Caulastraea | BR13: Dardanus calidus | BU13: Tridacna squamosa | BW13: Rhizophora mangle | BY13: Carcharhinus brevipinna | BZ13: SI | CA13: A II | CC13: Arius heudelotii | CD13: SUE
B14: 1 | N14: =INDEX(AMBIENTE!D$2:D$797,MATCH(R14,AMBIENTE!C$2:C$797,0)) -> #N/A | AG14: =IFERROR(VLOOKUP(Item[[#This Row],[Concatenado]],CITES[],2,FALSE),"") | AI14: =IFERROR(VLOOKUP(Item[[#This Row],[Concatenado]],SuscepEARs[],2,FALSE),"") | AM14: 1 | AN14: =CONCATENATE(R14," ",Y14) | AO14: =C14 -> 0 | AP14: =J14 -> 0 | AQ14: =IFERROR(N14,"") | AR14: =SUMIF('Acuario (Arribado - mortalidad)'!$B$15:$B$244,'ORDEN DE CUARENTENA'!B14,'Acuario (Arribado - mortalidad)'!$F$15:$F$244) -> 0 | AS14: =IF(AR14>0, IF(SUMIF('Acuario (Arribado - mortalidad)'!$B$15:$B$244,'ORDEN DE CUARENTENA'!B14,'Acuario (Arribado - mortalidad)'!$K$15:$K$244)=0, "0", SUMIF('Acuario (Arribado - mortalidad)'!$B$15:$B$244,'ORDEN DE CUARENTENA'!B14,'Acuario (Arribado - mortalidad)'!$K$15:$K$244)),"") | AT14: =IF(AR14 = AS14,"0", SUMIF('Acuario (Arribado - mortalidad)'!$B$15:$B$244,'ORDEN DE CUARENTENA'!B14,'Acuario (Arribado - mortalidad)'!$G$15:$G$244)) -> 0 | AU14: =IFERROR(Item[[#This Row],[mortalidad acumulada]]/Item[[#This Row],[cantidad arribada]],"") | AV14: =IF(ISTEXT(R14),IF(Item[[#This Row],[cantidad arribada]]=0,"No llega",Item[[#This Row],[cantidad arribada]]),) -> 0 | AW14: =IFERROR(VLOOKUP(B14,'Tratamientos-Eventos'!$B$9:$S$20,19,FALSE),"") | AX14: =SUMIF('Acuario (Arribado - mortalidad)'!$B$15:$B$244,'ORDEN DE CUARENTENA'!B14,'Acuario (Arribado - mortalidad)'!$O$15:$O$244) -> 0 | AY14: =SUMIF('Acuario (Arribado - mortalidad)'!$B$15:$B$244,'ORDEN DE CUARENTENA'!B14,'Acuario (Arribado - mortalidad)'!$BG$15:$BG$244) -> 0 | AZ14: =SUMIF('Acuario (Arribado - mortalidad)'!$B$15:$B$244,'ORDEN DE CUARENTENA'!B14,'Acuario (Arribado - mortalidad)'!$BH$15:$BH$244) -> 0 | BA14: =IFERROR(Item[[#This Row],[Mortalidad dia 1]]/Item[[#This Row],[cantidad arribada]],"") | BB14: =IFERROR(Item[[#This Row],[Mortalidad 2 a 8 (Sem 1)]]/Item[[#This Row],[cantidad arribada]],"") | BC14: =IFERROR(Item[[#This Row],[Mortalidad 9 a 15 (Sem 2)]]/Item[[#This Row],[cantidad arribada]],"") | BD14: =AC14 -> 0 | BF14: =SUMIF('Acuario (Arribado - mortalidad)'!$B$15:$B$244,'ORDEN DE CUARENTENA'!B14,'Acuario (Arribado - mortalidad)'!$F$15:$F$244) -> 0 | BG14: =SUMIF('Acuario (Arribado - mortalidad)'!$B$15:$B$244,'ORDEN DE CUARENTENA'!B14,'Acuario (Arribado - mortalidad)'!$K$15:$K$244) -> 0 | BH14: =SUMIF('Acuario (Arribado - mortalidad)'!$B$15:$B$244,'ORDEN DE CUARENTENA'!B14,'Acuario (Arribado - mortalidad)'!$G$15:$G$244) -> 0 | BI14: =SUMIF('Acuario (Arribado - mortalidad)'!$B$15:$B$244,'ORDEN DE CUARENTENA'!B14,'Acuario (Arribado - mortalidad)'!$O$15:$O$244) -> 0 | BJ14: =SUMIF('Acuario (Arribado - mortalidad)'!$B$15:$B$244,'ORDEN DE CUARENTENA'!B14,'Acuario (Arribado - mortalidad)'!$BG$15:$BG$244) -> 0 | BK14: =SUMIF('Acuario (Arribado - mortalidad)'!$B$15:$B$244,'ORDEN DE CUARENTENA'!B14,'Acuario (Arribado - mortalidad)'!$BH$15:$BH$244) -> 0 | BM14: =IFERROR(VLOOKUP(R14:AC14,CITES[],2,FALSE),"") | BN14: X - Los Lagos | BO14: Agamyxis | BP14: Cerianthus | BR14: Dardanus pedunculatus | BU14: Turbo fluctuosus | BY14: Carcharhinus cautus | BZ14: SI | CA14: A II | CC14: Arius jatius | CD14: SUE
B15: 2 | N15: =INDEX(AMBIENTE!D$2:D$797,MATCH(R15,AMBIENTE!C$2:C$797,0)) -> #N/A | AG15: =IFERROR(VLOOKUP(Item[[#This Row],[Concatenado]],CITES[],2,FALSE),"") | AI15: =IFERROR(VLOOKUP(Item[[#This Row],[Concatenado]],SuscepEARs[],2,FALSE),"") | AM15: 2 | AN15: =CONCATENATE(R15," ",Y15) | AO15: =C15 -> 0 | AP15: =J15 -> 0 | AQ15: =IFERROR(N15,"") | AR15: =SUMIF('Acuario (Arribado - mortalidad)'!$B$15:$B$244,'ORDEN DE CUARENTENA'!B15,'Acuario (Arribado - mortalidad)'!$F$15:$F$244) -> 0 | AS15: =IF(AR15>0, IF(SUMIF('Acuario (Arribado - mortalidad)'!$B$15:$B$244,'ORDEN DE CUARENTENA'!B15,'Acuario (Arribado - mortalidad)'!$K$15:$K$244)=0, "0", SUMIF('Acuario (Arribado - mortalidad)'!$B$15:$B$244,'ORDEN DE CUARENTENA'!B15,'Acuario (Arribado - mortalidad)'!$K$15:$K$244)),"") | AT15: =IF(AR15 = AS15,"0", SUMIF('Acuario (Arribado - mortalidad)'!$B$15:$B$244,'ORDEN DE CUARENTENA'!B15,'Acuario (Arribado - mortalidad)'!$G$15:$G$244)) -> 0 | AU15: =IFERROR(Item[[#This Row],[mortalidad acumulada]]/Item[[#This Row],[cantidad arribada]],"") | AV15: =IF(ISTEXT(R15),IF(Item[[#This Row],[cantidad arribada]]=0,"No llega",Item[[#This Row],[cantidad arribada]]),) -> 0 | AW15: =IFERROR(VLOOKUP(B15,'Tratamientos-Eventos'!$B$9:$S$20,19,FALSE),"") | AX15: =SUMIF('Acuario (Arribado - mortalidad)'!$B$15:$B$244,'ORDEN DE CUARENTENA'!B15,'Acuario (Arribado - mortalidad)'!$O$15:$O$244) -> 0 | AY15: =SUMIF('Acuario (Arribado - mortalidad)'!$B$15:$B$244,'ORDEN DE CUARENTENA'!B15,'Acuario (Arribado - mortalidad)'!$BG$15:$BG$244) -> 0 | AZ15: =SUMIF('Acuario (Arribado - mortalidad)'!$B$15:$B$244,'ORDEN DE CUARENTENA'!B15,'Acuario (Arribado - mortalidad)'!$BH$15:$BH$244) -> 0 | BA15: =IFERROR(Item[[#This Row],[Mortalidad dia 1]]/Item[[#This Row],[cantidad arribada]],"") | BB15: =IFERROR(Item[[#This Row],[Mortalidad 2 a 8 (Sem 1)]]/Item[[#This Row],[cantidad arribada]],"") | BC15: =IFERROR(Item[[#This Row],[Mortalidad 9 a 15 (Sem 2)]]/Item[[#This Row],[cantidad arribada]],"") | BD15: =AC15 -> 0 | BF15: =SUMIF('Acuario (Arribado - mortalidad)'!$B$15:$B$244,'ORDEN DE CUARENTENA'!B15,'Acuario (Arribado - mortalidad)'!$F$15:$F$244) -> 0 | BG15: =SUMIF('Acuario (Arribado - mortalidad)'!$B$15:$B$244,'ORDEN DE CUARENTENA'!B15,'Acuario (Arribado - mortalidad)'!$K$15:$K$244) -> 0 | BH15: =SUMIF('Acuario (Arribado - mortalidad)'!$B$15:$B$244,'ORDEN DE CUARENTENA'!B15,'Acuario (Arribado - mortalidad)'!$G$15:$G$244) -> 0 | BI15: =SUMIF('Acuario (Arribado - mortalidad)'!$B$15:$B$244,'ORDEN DE CUARENTENA'!B15,'Acuario (Arribado - mortalidad)'!$O$15:$O$244) -> 0 | BJ15: =SUMIF('Acuario (Arribado - mortalidad)'!$B$15:$B$244,'ORDEN DE CUARENTENA'!B15,'Acuario (Arribado - mortalidad)'!$BG$15:$BG$244) -> 0 | BK15: =SUMIF('Acuario (Arribado - mortalidad)'!$B$15:$B$244,'ORDEN DE CUARENTENA'!B15,'Acuario (Arribado - mortalidad)'!$BH$15:$BH$244) -> 0 | BM15: =IFERROR(VLOOKUP(AN15,CITES[],2,FALSE),"") | BN15: XI - Aysén | BO15: Alectis | BP15: Cladiella | BR15: Hymenocera picta | BY15: Carcharhinus cerdale | BZ15: SI | CA15: A II | CC15: Arius jordani | CD15: SUE
B16: 3 | N16: =INDEX(AMBIENTE!D$2:D$797,MATCH(R16,AMBIENTE!C$2:C$797,0)) -> #N/A | AG16: =IFERROR(VLOOKUP(Item[[#This Row],[Concatenado]],CITES[],2,FALSE),"") | AI16: =IFERROR(VLOOKUP(Item[[#This Row],[Concatenado]],SuscepEARs[],2,FALSE),"") | AM16: 3 | AN16: =CONCATENATE(R16," ",Y16) | AO16: =C16 -> 0 | AP16: =J16 -> 0 | AQ16: =IFERROR(N16,"") | AR16: =SUMIF('Acuario (Arribado - mortalidad)'!$B$15:$B$244,'ORDEN DE CUARENTENA'!B16,'Acuario (Arribado - mortalidad)'!$F$15:$F$244) -> 0 | AS16: =IF(AR16>0, IF(SUMIF('Acuario (Arribado - mortalidad)'!$B$15:$B$244,'ORDEN DE CUARENTENA'!B16,'Acuario (Arribado - mortalidad)'!$K$15:$K$244)=0, "0", SUMIF('Acuario (Arribado - mortalidad)'!$B$15:$B$244,'ORDEN DE CUARENTENA'!B16,'Acuario (Arribado - mortalidad)'!$K$15:$K$244)),"") | AT16: =IF(AR16 = AS16,"0", SUMIF('Acuario (Arribado - mortalidad)'!$B$15:$B$244,'ORDEN DE CUARENTENA'!B16,'Acuario (Arribado - mortalidad)'!$G$15:$G$244)) -> 0 | AU16: =IFERROR(Item[[#This Row],[mortalidad acumulada]]/Item[[#This Row],[cantidad arribada]],"") | AV16: =IF(ISTEXT(R16),IF(Item[[#This Row],[cantidad arribada]]=0,"No llega",Item[[#This Row],[cantidad arribada]]),) -> 0 | AW16: =IFERROR(VLOOKUP(B16,'Tratamientos-Eventos'!$B$9:$S$20,19,FALSE),"") | AX16: =SUMIF('Acuario (Arribado - mortalidad)'!$B$15:$B$244,'ORDEN DE CUARENTENA'!B16,'Acuario (Arribado - mortalidad)'!$O$15:$O$244) -> 0 | AY16: =SUMIF('Acuario (Arribado - mortalidad)'!$B$15:$B$244,'ORDEN DE CUARENTENA'!B16,'Acuario (Arribado - mortalidad)'!$BG$15:$BG$244) -> 0 | AZ16: =SUMIF('Acuario (Arribado - mortalidad)'!$B$15:$B$244,'ORDEN DE CUARENTENA'!B16,'Acuario (Arribado - mortalidad)'!$BH$15:$BH$244) -> 0 | BA16: =IFERROR(Item[[#This Row],[Mortalidad dia 1]]/Item[[#This Row],[cantidad arribada]],"") | BB16: =IFERROR(Item[[#This Row],[Mortalidad 2 a 8 (Sem 1)]]/Item[[#This Row],[cantidad arribada]],"") | BC16: =IFERROR(Item[[#This Row],[Mortalidad 9 a 15 (Sem 2)]]/Item[[#This Row],[cantidad arribada]],"") | BD16: =AC16 -> 0 | BF16: =SUMIF('Acuario (Arribado - mortalidad)'!$B$15:$B$244,'ORDEN DE CUARENTENA'!B16,'Acuario (Arribado - mortalidad)'!$F$15:$F$244) -> 0 | BG16: =SUMIF('Acuario (Arribado - mortalidad)'!$B$15:$B$244,'ORDEN DE CUARENTENA'!B16,'Acuario (Arribado - mortalidad)'!$K$15:$K$244) -> 0 | BH16: =SUMIF('Acuario (Arribado - mortalidad)'!$B$15:$B$244,'ORDEN DE CUARENTENA'!B16,'Acuario (Arribado - mortalidad)'!$G$15:$G$244) -> 0 | BI16: =SUMIF('Acuario (Arribado - mortalidad)'!$B$15:$B$244,'ORDEN DE CUARENTENA'!B16,'Acuario (Arribado - mortalidad)'!$O$15:$O$244) -> 0 | BJ16: =SUMIF('Acuario (Arribado - mortalidad)'!$B$15:$B$244,'ORDEN DE CUARENTENA'!B16,'Acuario (Arribado - mortalidad)'!$BG$15:$BG$244) -> 0 | BK16: =SUMIF('Acuario (Arribado - mortalidad)'!$B$15:$B$244,'ORDEN DE CUARENTENA'!B16,'Acuario (Arribado - mortalidad)'!$BH$15:$BH$244) -> 0 | BM16: =IFERROR(VLOOKUP(AN16,CITES[],2,FALSE),"") | BN16: XII - Magallanes | BO16: Altolamprologus | BP16: Clavularia | BR16: Hymenocera elegans | BY16: Carcharhinus coatesi | BZ16: SI | CA16: A II | CC16: Arius latiscutatus | CD16: SUE
B17: 4 | N17: =INDEX(AMBIENTE!D$2:D$797,MATCH(R17,AMBIENTE!C$2:C$797,0)) -> #N/A | AG17: =IFERROR(VLOOKUP(Item[[#This Row],[Concatenado]],CITES[],2,FALSE),"") | AI17: =IFERROR(VLOOKUP(Item[[#This Row],[Concatenado]],SuscepEARs[],2,FALSE),"") | AM17: 4 | AN17: =CONCATENATE(R17," ",Y17) | AO17: =C17 -> 0 | AP17: =J17 -> 0 | AQ17: =IFERROR(N17,"") | AR17: =SUMIF('Acuario (Arribado - mortalidad)'!$B$15:$B$244,'ORDEN DE CUARENTENA'!B17,'Acuario (Arribado - mortalidad)'!$F$15:$F$244) -> 0 | AS17: =IF(AR17>0, IF(SUMIF('Acuario (Arribado - mortalidad)'!$B$15:$B$244,'ORDEN DE CUARENTENA'!B17,'Acuario (Arribado - mortalidad)'!$K$15:$K$244)=0, "0", SUMIF('Acuario (Arribado - mortalidad)'!$B$15:$B$244,'ORDEN DE CUARENTENA'!B17,'Acuario (Arribado - mortalidad)'!$K$15:$K$244)),"") | AT17: =IF(AR17 = AS17,"0", SUMIF('Acuario (Arribado - mortalidad)'!$B$15:$B$244,'ORDEN DE CUARENTENA'!B17,'Acuario (Arribado - mortalidad)'!$G$15:$G$244)) -> 0 | AU17: =IFERROR(Item[[#This Row],[mortalidad acumulada]]/Item[[#This Row],[cantidad arribada]],"") | AV17: =IF(ISTEXT(R17),IF(Item[[#This Row],[cantidad arribada]]=0,"No llega",Item[[#This Row],[cantidad arribada]]),) -> 0 | AW17: =IFERROR(VLOOKUP(B17,'Tratamientos-Eventos'!$B$9:$S$20,19,FALSE),"") | AX17: =SUMIF('Acuario (Arribado - mortalidad)'!$B$15:$B$244,'ORDEN DE CUARENTENA'!B17,'Acuario (Arribado - mortalidad)'!$O$15:$O$244) -> 0 | AY17: =SUMIF('Acuario (Arribado - mortalidad)'!$B$15:$B$244,'ORDEN DE CUARENTENA'!B17,'Acuario (Arribado - mortalidad)'!$BG$15:$BG$244) -> 0 | AZ17: =SUMIF('Acuario (Arribado - mortalidad)'!$B$15:$B$244,'ORDEN DE CUARENTENA'!B17,'Acuario (Arribado - mortalidad)'!$BH$15:$BH$244) -> 0 | BA17: =IFERROR(Item[[#This Row],[Mortalidad dia 1]]/Item[[#This Row],[cantidad arribada]],"") | BB17: =IFERROR(Item[[#This Row],[Mortalidad 2 a 8 (Sem 1)]]/Item[[#This Row],[cantidad arribada]],"") | BC17: =IFERROR(Item[[#This Row],[Mortalidad 9 a 15 (Sem 2)]]/Item[[#This Row],[cantidad arribada]],"") | BD17: =AC17 -> 0 | BF17: =SUMIF('Acuario (Arribado - mortalidad)'!$B$15:$B$244,'ORDEN DE CUARENTENA'!B17,'Acuario (Arribado - mortalidad)'!$F$15:$F$244) -> 0 | BG17: =SUMIF('Acuario (Arribado - mortalidad)'!$B$15:$B$244,'ORDEN DE CUARENTENA'!B17,'Acuario (Arribado - mortalidad)'!$K$15:$K$244) -> 0 | BH17: =SUMIF('Acuario (Arribado - mortalidad)'!$B$15:$B$244,'ORDEN DE CUARENTENA'!B17,'Acuario (Arribado - mortalidad)'!$G$15:$G$244) -> 0 | BI17: =SUMIF('Acuario (Arribado - mortalidad)'!$B$15:$B$244,'ORDEN DE CUARENTENA'!B17,'Acuario (Arribado - mortalidad)'!$O$15:$O$244) -> 0 | BJ17: =SUMIF('Acuario (Arribado - mortalidad)'!$B$15:$B$244,'ORDEN DE CUARENTENA'!B17,'Acuario (Arribado - mortalidad)'!$BG$15:$BG$244) -> 0 | BK17: =SUMIF('Acuario (Arribado - mortalidad)'!$B$15:$B$244,'ORDEN DE CUARENTENA'!B17,'Acuario (Arribado - mortalidad)'!$BH$15:$BH$244) -> 0 | BM17: =IFERROR(VLOOKUP(AN17,CITES[],2,FALSE),"") | BO17: Amblydoras | BP17: Condylactis | BR17: Limulus polyphemus | BY17: Carcharhinus dussumieri | BZ17: SI | CA17: A II | CC17: Arius leptonotacanthus | CD17: SUE
B18: 5 | N18: =INDEX(AMBIENTE!D$2:D$797,MATCH(R18,AMBIENTE!C$2:C$797,0)) -> #N/A | AG18: =IFERROR(VLOOKUP(Item[[#This Row],[Concatenado]],CITES[],2,FALSE),"") | AI18: =IFERROR(VLOOKUP(Item[[#This Row],[Concatenado]],SuscepEARs[],2,FALSE),"") | AM18: 5 | AN18: =CONCATENATE(R18," ",Y18) | AO18: =C18 -> 0 | AP18: =J18 -> 0 | AQ18: =IFERROR(N18,"") | AR18: =SUMIF('Acuario (Arribado - mortalidad)'!$B$15:$B$244,'ORDEN DE CUARENTENA'!B18,'Acuario (Arribado - mortalidad)'!$F$15:$F$244) -> 0 | AS18: =IF(AR18>0, IF(SUMIF('Acuario (Arribado - mortalidad)'!$B$15:$B$244,'ORDEN DE CUARENTENA'!B18,'Acuario (Arribado - mortalidad)'!$K$15:$K$244)=0, "0", SUMIF('Acuario (Arribado - mortalidad)'!$B$15:$B$244,'ORDEN DE CUARENTENA'!B18,'Acuario (Arribado - mortalidad)'!$K$15:$K$244)),"") | AT18: =IF(AR18 = AS18,"0", SUMIF('Acuario (Arribado - mortalidad)'!$B$15:$B$244,'ORDEN DE CUARENTENA'!B18,'Acuario (Arribado - mortalidad)'!$G$15:$G$244)) -> 0 | AU18: =IFERROR(Item[[#This Row],[mortalidad acumulada]]/Item[[#This Row],[cantidad arribada]],"") | AV18: =IF(ISTEXT(R18),IF(Item[[#This Row],[cantidad arribada]]=0,"No llega",Item[[#This Row],[cantidad arribada]]),) -> 0 | AW18: =IFERROR(VLOOKUP(B18,'Tratamientos-Eventos'!$B$9:$S$20,19,FALSE),"") | AX18: =SUMIF('Acuario (Arribado - mortalidad)'!$B$15:$B$244,'ORDEN DE CUARENTENA'!B18,'Acuario (Arribado - mortalidad)'!$O$15:$O$244) -> 0 | AY18: =SUMIF('Acuario (Arribado - mortalidad)'!$B$15:$B$244,'ORDEN DE CUARENTENA'!B18,'Acuario (Arribado - mortalidad)'!$BG$15:$BG$244) -> 0 | AZ18: =SUMIF('Acuario (Arribado - mortalidad)'!$B$15:$B$244,'ORDEN DE CUARENTENA'!B18,'Acuario (Arribado - mortalidad)'!$BH$15:$BH$244) -> 0 | BA18: =IFERROR(Item[[#This Row],[Mortalidad dia 1]]/Item[[#This Row],[cantidad arribada]],"") | BB18: =IFERROR(Item[[#This Row],[Mortalidad 2 a 8 (Sem 1)]]/Item[[#This Row],[cantidad arribada]],"") | BC18: =IFERROR(Item[[#This Row],[Mortalidad 9 a 15 (Sem 2)]]/Item[[#This Row],[cantidad arribada]],"") | BD18: =AC18 -> 0 | BF18: =SUMIF('Acuario (Arribado - mortalidad)'!$B$15:$B$244,'ORDEN DE CUARENTENA'!B18,'Acuario (Arribado - mortalidad)'!$F$15:$F$244) -> 0 | BG18: =SUMIF('Acuario (Arribado - mortalidad)'!$B$15:$B$244,'ORDEN DE CUARENTENA'!B18,'Acuario (Arribado - mortalidad)'!$K$15:$K$244) -> 0 | BH18: =SUMIF('Acuario (Arribado - mortalidad)'!$B$15:$B$244,'ORDEN DE CUARENTENA'!B18,'Acuario (Arribado - mortalidad)'!$G$15:$G$244) -> 0 | BI18: =SUMIF('Acuario (Arribado - mortalidad)'!$B$15:$B$244,'ORDEN DE CUARENTENA'!B18,'Acuario (Arribado - mortalidad)'!$O$15:$O$244) -> 0 | BJ18: =SUMIF('Acuario (Arribado - mortalidad)'!$B$15:$B$244,'ORDEN DE CUARENTENA'!B18,'Acuario (Arribado - mortalidad)'!$BG$15:$BG$244) -> 0 | BK18: =SUMIF('Acuario (Arribado - mortalidad)'!$B$15:$B$244,'ORDEN DE CUARENTENA'!B18,'Acuario (Arribado - mortalidad)'!$BH$15:$BH$244) -> 0 | BM18: =IFERROR(VLOOKUP(AN18,CITES[],2,FALSE),"") | BO18: Amblyeleotris | BP18: Cynarina | BR18: Lysmata amboinensis | BY18: Carcharhinus falciformis | BZ18: SI | CA18: A II | CC18: Arius macracanthus | CD18: SUE
B19: 6 | N19: =INDEX(AMBIENTE!D$2:D$797,MATCH(R19,AMBIENTE!C$2:C$797,0)) -> #N/A | AG19: =IFERROR(VLOOKUP(Item[[#This Row],[Concatenado]],CITES[],2,FALSE),"") | AI19: =IFERROR(VLOOKUP(Item[[#This Row],[Concatenado]],SuscepEARs[],2,FALSE),"") | AM19: 6 | AN19: =CONCATENATE(R19," ",Y19) | AO19: =C19 -> 0 | AP19: =J19 -> 0 | AQ19: =IFERROR(N19,"") | AR19: =SUMIF('Acuario (Arribado - mortalidad)'!$B$15:$B$244,'ORDEN DE CUARENTENA'!B19,'Acuario (Arribado - mortalidad)'!$F$15:$F$244) -> 0 | AS19: =IF(AR19>0, IF(SUMIF('Acuario (Arribado - mortalidad)'!$B$15:$B$244,'ORDEN DE CUARENTENA'!B19,'Acuario (Arribado - mortalidad)'!$K$15:$K$244)=0, "0", SUMIF('Acuario (Arribado - mortalidad)'!$B$15:$B$244,'ORDEN DE CUARENTENA'!B19,'Acuario (Arribado - mortalidad)'!$K$15:$K$244)),"") | AT19: =IF(AR19 = AS19,"0", SUMIF('Acuario (Arribado - mortalidad)'!$B$15:$B$244,'ORDEN DE CUARENTENA'!B19,'Acuario (Arribado - mortalidad)'!$G$15:$G$244)) -> 0 | AU19: =IFERROR(Item[[#This Row],[mortalidad acumulada]]/Item[[#This Row],[cantidad arribada]],"") | AV19: =IF(ISTEXT(R19),IF(Item[[#This Row],[cantidad arribada]]=0,"No llega",Item[[#This Row],[cantidad arribada]]),) -> 0 | AW19: =IFERROR(VLOOKUP(B19,'Tratamientos-Eventos'!$B$9:$S$20,19,FALSE),"") | AX19: =SUMIF('Acuario (Arribado - mortalidad)'!$B$15:$B$244,'ORDEN DE CUARENTENA'!B19,'Acuario (Arribado - mortalidad)'!$O$15:$O$244) -> 0 | AY19: =SUMIF('Acuario (Arribado - mortalidad)'!$B$15:$B$244,'ORDEN DE CUARENTENA'!B19,'Acuario (Arribado - mortalidad)'!$BG$15:$BG$244) -> 0 | AZ19: =SUMIF('Acuario (Arribado - mortalidad)'!$B$15:$B$244,'ORDEN DE CUARENTENA'!B19,'Acuario (Arribado - mortalidad)'!$BH$15:$BH$244) -> 0 | BA19: =IFERROR(Item[[#This Row],[Mortalidad dia 1]]/Item[[#This Row],[cantidad arribada]],"") | BB19: =IFERROR(Item[[#This Row],[Mortalidad 2 a 8 (Sem 1)]]/Item[[#This Row],[cantidad arribada]],"") | BC19: =IFERROR(Item[[#This Row],[Mortalidad 9 a 15 (Sem 2)]]/Item[[#This Row],[cantidad arribada]],"") | BD19: =AC19 -> 0 | BF19: =SUMIF('Acuario (Arribado - mortalidad)'!$B$15:$B$244,'ORDEN DE CUARENTENA'!B19,'Acuario (Arribado - mortalidad)'!$F$15:$F$244) -> 0 | BG19: =SUMIF('Acuario (Arribado - mortalidad)'!$B$15:$B$244,'ORDEN DE CUARENTENA'!B19,'Acuario (Arribado - mortalidad)'!$K$15:$K$244) -> 0 | BH19: =SUMIF('Acuario (Arribado - mortalidad)'!$B$15:$B$244,'ORDEN DE CUARENTENA'!B19,'Acuario (Arribado - mortalidad)'!$G$15:$G$244) -> 0 | BI19: =SUMIF('Acuario (Arribado - mortalidad)'!$B$15:$B$244,'ORDEN DE CUARENTENA'!B19,'Acuario (Arribado - mortalidad)'!$O$15:$O$244) -> 0 | BJ19: =SUMIF('Acuario (Arribado - mortalidad)'!$B$15:$B$244,'ORDEN DE CUARENTENA'!B19,'Acuario (Arribado - mortalidad)'!$BG$15:$BG$244) -> 0 | BK19: =SUMIF('Acuario (Arribado - mortalidad)'!$B$15:$B$244,'ORDEN DE CUARENTENA'!B19,'Acuario (Arribado - mortalidad)'!$BH$15:$BH$244) -> 0 | BM19: =IFERROR(VLOOKUP(AN19,CITES[],2,FALSE),"") | BO19: Amblygobius | BP19: Dendronephthya | BR19: Lysmata debelius | BY19: Carcharhinus fitzroyensis | BZ19: SI | CA19: A II | CC19: Arius macrorhynchus | CD19: SUE
B20: 7 | N20: =INDEX(AMBIENTE!D$2:D$797,MATCH(R20,AMBIENTE!C$2:C$797,0)) -> #N/A | AG20: =IFERROR(VLOOKUP(Item[[#This Row],[Concatenado]],CITES[],2,FALSE),"") | AI20: =IFERROR(VLOOKUP(Item[[#This Row],[Concatenado]],SuscepEARs[],2,FALSE),"") | AM20: 7 | AN20: =CONCATENATE(R20," ",Y20) | AO20: =C20 -> 0 | AP20: =J20 -> 0 | AQ20: =IFERROR(N20,"") | AR20: =SUMIF('Acuario (Arribado - mortalidad)'!$B$15:$B$244,'ORDEN DE CUARENTENA'!B20,'Acuario (Arribado - mortalidad)'!$F$15:$F$244) -> 0 | AS20: =IF(AR20>0, IF(SUMIF('Acuario (Arribado - mortalidad)'!$B$15:$B$244,'ORDEN DE CUARENTENA'!B20,'Acuario (Arribado - mortalidad)'!$K$15:$K$244)=0, "0", SUMIF('Acuario (Arribado - mortalidad)'!$B$15:$B$244,'ORDEN DE CUARENTENA'!B20,'Acuario (Arribado - mortalidad)'!$K$15:$K$244)),"") | AT20: =IF(AR20 = AS20,"0", SUMIF('Acuario (Arribado - mortalidad)'!$B$15:$B$244,'ORDEN DE CUARENTENA'!B20,'Acuario (Arribado - mortalidad)'!$G$15:$G$244)) -> 0 | AU20: =IFERROR(Item[[#This Row],[mortalidad acumulada]]/Item[[#This Row],[cantidad arribada]],"") | AV20: =IF(ISTEXT(R20),IF(Item[[#This Row],[cantidad arribada]]=0,"No llega",Item[[#This Row],[cantidad arribada]]),) -> 0 | AW20: =IFERROR(VLOOKUP(B20,'Tratamientos-Eventos'!$B$9:$S$20,19,FALSE),"") | AX20: =SUMIF('Acuario (Arribado - mortalidad)'!$B$15:$B$244,'ORDEN DE CUARENTENA'!B20,'Acuario (Arribado - mortalidad)'!$O$15:$O$244) -> 0 | AY20: =SUMIF('Acuario (Arribado - mortalidad)'!$B$15:$B$244,'ORDEN DE CUARENTENA'!B20,'Acuario (Arribado - mortalidad)'!$BG$15:$BG$244) -> 0 | AZ20: =SUMIF('Acuario (Arribado - mortalidad)'!$B$15:$B$244,'ORDEN DE CUARENTENA'!B20,'Acuario (Arribado - mortalidad)'!$BH$15:$BH$244) -> 0 | BA20: =IFERROR(Item[[#This Row],[Mortalidad dia 1]]/Item[[#This Row],[cantidad arribada]],"") | BB20: =IFERROR(Item[[#This Row],[Mortalidad 2 a 8 (Sem 1)]]/Item[[#This Row],[cantidad arribada]],"") | BC20: =IFERROR(Item[[#This Row],[Mortalidad 9 a 15 (Sem 2)]]/Item[[#This Row],[cantidad arribada]],"") | BD20: =AC20 -> 0 | BF20: =SUMIF('Acuario (Arribado - mortalidad)'!$B$15:$B$244,'ORDEN DE CUARENTENA'!B20,'Acuario (Arribado - mortalidad)'!$F$15:$F$244) -> 0 | BG20: =SUMIF('Acuario (Arribado - mortalidad)'!$B$15:$B$244,'ORDEN DE CUARENTENA'!B20,'Acuario (Arribado - mortalidad)'!$K$15:$K$244) -> 0 | BH20: =SUMIF('Acuario (Arribado - mortalidad)'!$B$15:$B$244,'ORDEN DE CUARENTENA'!B20,'Acuario (Arribado - mortalidad)'!$G$15:$G$244) -> 0 | BI20: =SUMIF('Acuario (Arribado - mortalidad)'!$B$15:$B$244,'ORDEN DE CUARENTENA'!B20,'Acuario (Arribado - mortalidad)'!$O$15:$O$244) -> 0 | BJ20: =SUMIF('Acuario (Arribado - mortalidad)'!$B$15:$B$244,'ORDEN DE CUARENTENA'!B20,'Acuario (Arribado - mortalidad)'!$BG$15:$BG$244) -> 0 | BK20: =SUMIF('Acuario (Arribado - mortalidad)'!$B$15:$B$244,'ORDEN DE CUARENTENA'!B20,'Acuario (Arribado - mortalidad)'!$BH$15:$BH$244) -> 0 | BM20: =IFERROR(VLOOKUP(AN20,CITES[],2,FALSE),"") | BO20: Amphilophus | BP20: Diodogorgia | BR20: Lysmata grabhami | BY20: Carcharhinus galapagensis | BZ20: SI | CA20: A II | CC20: Arius maculatus | CD20: SUE
B21: 8 | N21: =INDEX(AMBIENTE!D$2:D$797,MATCH(R21,AMBIENTE!C$2:C$797,0)) -> #N/A | AG21: =IFERROR(VLOOKUP(Item[[#This Row],[Concatenado]],CITES[],2,FALSE),"") | AI21: =IFERROR(VLOOKUP(Item[[#This Row],[Concatenado]],SuscepEARs[],2,FALSE),"") | AM21: 8 | AN21: =CONCATENATE(R21," ",Y21) | AO21: =C21 -> 0 | AP21: =J21 -> 0 | AQ21: =IFERROR(N21,"") | AR21: =SUMIF('Acuario (Arribado - mortalidad)'!$B$15:$B$244,'ORDEN DE CUARENTENA'!B21,'Acuario (Arribado - mortalidad)'!$F$15:$F$244) -> 0 | AS21: =IF(AR21>0, IF(SUMIF('Acuario (Arribado - mortalidad)'!$B$15:$B$244,'ORDEN DE CUARENTENA'!B21,'Acuario (Arribado - mortalidad)'!$K$15:$K$244)=0, "0", SUMIF('Acuario (Arribado - mortalidad)'!$B$15:$B$244,'ORDEN DE CUARENTENA'!B21,'Acuario (Arribado - mortalidad)'!$K$15:$K$244)),"") | AT21: =IF(AR21 = AS21,"0", SUMIF('Acuario (Arribado - mortalidad)'!$B$15:$B$244,'ORDEN DE CUARENTENA'!B21,'Acuario (Arribado - mortalidad)'!$G$15:$G$244)) -> 0 | AU21: =IFERROR(Item[[#This Row],[mortalidad acumulada]]/Item[[#This Row],[cantidad arribada]],"") | AV21: =IF(ISTEXT(R21),IF(Item[[#This Row],[cantidad arribada]]=0,"No llega",Item[[#This Row],[cantidad arribada]]),) -> 0 | AW21: =IFERROR(VLOOKUP(B21,'Tratamientos-Eventos'!$B$9:$S$20,19,FALSE),"") | AX21: =SUMIF('Acuario (Arribado - mortalidad)'!$B$15:$B$244,'ORDEN DE CUARENTENA'!B21,'Acuario (Arribado - mortalidad)'!$O$15:$O$244) -> 0 | AY21: =SUMIF('Acuario (Arribado - mortalidad)'!$B$15:$B$244,'ORDEN DE CUARENTENA'!B21,'Acuario (Arribado - mortalidad)'!$BG$15:$BG$244) -> 0 | AZ21: =SUMIF('Acuario (Arribado - mortalidad)'!$B$15:$B$244,'ORDEN DE CUARENTENA'!B21,'Acuario (Arribado - mortalidad)'!$BH$15:$BH$244) -> 0 | BA21: =IFERROR(Item[[#This Row],[Mortalidad dia 1]]/Item[[#This Row],[cantidad arribada]],"") | BB21: =IFERROR(Item[[#This Row],[Mortalidad 2 a 8 (Sem 1)]]/Item[[#This Row],[cantidad arribada]],"") | BC21: =IFERROR(Item[[#This Row],[Mortalidad 9 a 15 (Sem 2)]]/Item[[#This Row],[cantidad arribada]],"") | BD21: =AC21 -> 0 | BF21: =SUMIF('Acuario (Arribado - mortalidad)'!$B$15:$B$244,'ORDEN DE CUARENTENA'!B21,'Acuario (Arribado - mortalidad)'!$F$15:$F$244) -> 0 | BG21: =SUMIF('Acuario (Arribado - mortalidad)'!$B$15:$B$244,'ORDEN DE CUARENTENA'!B21,'Acuario (Arribado - mortalidad)'!$K$15:$K$244) -> 0 | BH21: =SUMIF('Acuario (Arribado - mortalidad)'!$B$15:$B$244,'ORDEN DE CUARENTENA'!B21,'Acuario (Arribado - mortalidad)'!$G$15:$G$244) -> 0 | BI21: =SUMIF('Acuario (Arribado - mortalidad)'!$B$15:$B$244,'ORDEN DE CUARENTENA'!B21,'Acuario (Arribado - mortalidad)'!$O$15:$O$244) -> 0 | BJ21: =SUMIF('Acuario (Arribado - mortalidad)'!$B$15:$B$244,'ORDEN DE CUARENTENA'!B21,'Acuario (Arribado - mortalidad)'!$BG$15:$BG$244) -> 0 | BK21: =SUMIF('Acuario (Arribado - mortalidad)'!$B$15:$B$244,'ORDEN DE CUARENTENA'!B21,'Acuario (Arribado - mortalidad)'!$BH$15:$BH$244) -> 0 | BM21: =IFERROR(VLOOKUP(AN21,CITES[],2,FALSE),"") | BO21: Amphiprion | BP21: Discosoma | BR21: Lysmata wurdemanni | BY21: Carcharhinus hemiodon | BZ21: SI | CA21: A II | CC21: Arius malabaricus | CD21: SUE
B22: 9 | N22: =INDEX(AMBIENTE!D$2:D$797,MATCH(R22,AMBIENTE!C$2:C$797,0)) -> #N/A | AG22: =IFERROR(VLOOKUP(Item[[#This Row],[Concatenado]],CITES[],2,FALSE),"") | AI22: =IFERROR(VLOOKUP(Item[[#This Row],[Concatenado]],SuscepEARs[],2,FALSE),"") | AM22: 9 | AN22: =CONCATENATE(R22," ",Y22) | AO22: =C22 -> 0 | AP22: =J22 -> 0 | AQ22: =IFERROR(N22,"") | AR22: =SUMIF('Acuario (Arribado - mortalidad)'!$B$15:$B$244,'ORDEN DE CUARENTENA'!B22,'Acuario (Arribado - mortalidad)'!$F$15:$F$244) -> 0 | AS22: =IF(AR22>0, IF(SUMIF('Acuario (Arribado - mortalidad)'!$B$15:$B$244,'ORDEN DE CUARENTENA'!B22,'Acuario (Arribado - mortalidad)'!$K$15:$K$244)=0, "0", SUMIF('Acuario (Arribado - mortalidad)'!$B$15:$B$244,'ORDEN DE CUARENTENA'!B22,'Acuario (Arribado - mortalidad)'!$K$15:$K$244)),"") | AT22: =IF(AR22 = AS22,"0", SUMIF('Acuario (Arribado - mortalidad)'!$B$15:$B$244,'ORDEN DE CUARENTENA'!B22,'Acuario (Arribado - mortalidad)'!$G$15:$G$244)) -> 0 | AU22: =IFERROR(Item[[#This Row],[mortalidad acumulada]]/Item[[#This Row],[cantidad arribada]],"") | AV22: =IF(ISTEXT(R22),IF(Item[[#This Row],[cantidad arribada]]=0,"No llega",Item[[#This Row],[cantidad arribada]]),) -> 0 | AW22: =IFERROR(VLOOKUP(B22,'Tratamientos-Eventos'!$B$9:$S$20,19,FALSE),"") | AX22: =SUMIF('Acuario (Arribado - mortalidad)'!$B$15:$B$244,'ORDEN DE CUARENTENA'!B22,'Acuario (Arribado - mortalidad)'!$O$15:$O$244) -> 0 | AY22: =SUMIF('Acuario (Arribado - mortalidad)'!$B$15:$B$244,'ORDEN DE CUARENTENA'!B22,'Acuario (Arribado - mortalidad)'!$BG$15:$BG$244) -> 0 | AZ22: =SUMIF('Acuario (Arribado - mortalidad)'!$B$15:$B$244,'ORDEN DE CUARENTENA'!B22,'Acuario (Arribado - mortalidad)'!$BH$15:$BH$244) -> 0 | BA22: =IFERROR(Item[[#This Row],[Mortalidad dia 1]]/Item[[#This Row],[cantidad arribada]],"") | BB22: =IFERROR(Item[[#This Row],[Mortalidad 2 a 8 (Sem 1)]]/Item[[#This Row],[cantidad arribada]],"") | BC22: =IFERROR(Item[[#This Row],[Mortalidad 9 a 15 (Sem 2)]]/Item[[#This Row],[cantidad arribada]],"") | BD22: =AC22 -> 0 | BF22: =SUMIF('Acuario (Arribado - mortalidad)'!$B$15:$B$244,'ORDEN DE CUARENTENA'!B22,'Acuario (Arribado - mortalidad)'!$F$15:$F$244) -> 0 | BG22: =SUMIF('Acuario (Arribado - mortalidad)'!$B$15:$B$244,'ORDEN DE CUARENTENA'!B22,'Acuario (Arribado - mortalidad)'!$K$15:$K$244) -> 0 | BH22: =SUMIF('Acuario (Arribado - mortalidad)'!$B$15:$B$244,'ORDEN DE CUARENTENA'!B22,'Acuario (Arribado - mortalidad)'!$G$15:$G$244) -> 0 | BI22: =SUMIF('Acuario (Arribado - mortalidad)'!$B$15:$B$244,'ORDEN DE CUARENTENA'!B22,'Acuario (Arribado - mortalidad)'!$O$15:$O$244) -> 0 | BJ22: =SUMIF('Acuario (Arribado - mortalidad)'!$B$15:$B$244,'ORDEN DE CUARENTENA'!B22,'Acuario (Arribado - mortalidad)'!$BG$15:$BG$244) -> 0 | BK22: =SUMIF('Acuario (Arribado - mortalidad)'!$B$15:$B$244,'ORDEN DE CUARENTENA'!B22,'Acuario (Arribado - mortalidad)'!$BH$15:$BH$244) -> 0 | BM22: =IFERROR(VLOOKUP(AN22,CITES[],2,FALSE),"") | BO22: Anableps | BP22: Duncanopsammia | BR22: Macrobrachium assamense | BY22: Carcharhinus humani | BZ22: SI | CA22: A II | CC22: Arius manillensis | CD22: SUE
B23: 10 | N23: =INDEX(AMBIENTE!D$2:D$797,MATCH(R23,AMBIENTE!C$2:C$797,0)) -> #N/A | AG23: =IFERROR(VLOOKUP(Item[[#This Row],[Concatenado]],CITES[],2,FALSE),"") | AI23: =IFERROR(VLOOKUP(Item[[#This Row],[Concatenado]],SuscepEARs[],2,FALSE),"") | AM23: 10 | AN23: =CONCATENATE(R23," ",Y23) | AO23: =C23 -> 0 | AP23: =J23 -> 0 | AQ23: =IFERROR(N23,"") | AR23: =SUMIF('Acuario (Arribado - mortalidad)'!$B$15:$B$244,'ORDEN DE CUARENTENA'!B23,'Acuario (Arribado - mortalidad)'!$F$15:$F$244) -> 0 | AS23: =IF(AR23>0, IF(SUMIF('Acuario (Arribado - mortalidad)'!$B$15:$B$244,'ORDEN DE CUARENTENA'!B23,'Acuario (Arribado - mortalidad)'!$K$15:$K$244)=0, "0", SUMIF('Acuario (Arribado - mortalidad)'!$B$15:$B$244,'ORDEN DE CUARENTENA'!B23,'Acuario (Arribado - mortalidad)'!$K$15:$K$244)),"") | AT23: =IF(AR23 = AS23,"0", SUMIF('Acuario (Arribado - mortalidad)'!$B$15:$B$244,'ORDEN DE CUARENTENA'!B23,'Acuario (Arribado - mortalidad)'!$G$15:$G$244)) -> 0 | AU23: =IFERROR(Item[[#This Row],[mortalidad acumulada]]/Item[[#This Row],[cantidad arribada]],"") | AV23: =IF(ISTEXT(R23),IF(Item[[#This Row],[cantidad arribada]]=0,"No llega",Item[[#This Row],[cantidad arribada]]),) -> 0 | AW23: =IFERROR(VLOOKUP(B23,'Tratamientos-Eventos'!$B$9:$S$20,19,FALSE),"") | AX23: =SUMIF('Acuario (Arribado - mortalidad)'!$B$15:$B$244,'ORDEN DE CUARENTENA'!B23,'Acuario (Arribado - mortalidad)'!$O$15:$O$244) -> 0 | AY23: =SUMIF('Acuario (Arribado - mortalidad)'!$B$15:$B$244,'ORDEN DE CUARENTENA'!B23,'Acuario (Arribado - mortalidad)'!$BG$15:$BG$244) -> 0 | AZ23: =SUMIF('Acuario (Arribado - mortalidad)'!$B$15:$B$244,'ORDEN DE CUARENTENA'!B23,'Acuario (Arribado - mortalidad)'!$BH$15:$BH$244) -> 0 | BA23: =IFERROR(Item[[#This Row],[Mortalidad dia 1]]/Item[[#This Row],[cantidad arribada]],"") | BB23: =IFERROR(Item[[#This Row],[Mortalidad 2 a 8 (Sem 1)]]/Item[[#This Row],[cantidad arribada]],"") | BC23: =IFERROR(Item[[#This Row],[Mortalidad 9 a 15 (Sem 2)]]/Item[[#This Row],[cantidad arribada]],"") | BD23: =AC23 -> 0 | BF23: =SUMIF('Acuario (Arribado - mortalidad)'!$B$15:$B$244,'ORDEN DE CUARENTENA'!B23,'Acuario (Arribado - mortalidad)'!$F$15:$F$244) -> 0 | BG23: =SUMIF('Acuario (Arribado - mortalidad)'!$B$15:$B$244,'ORDEN DE CUARENTENA'!B23,'Acuario (Arribado - mortalidad)'!$K$15:$K$244) -> 0 | BH23: =SUMIF('Acuario (Arribado - mortalidad)'!$B$15:$B$244,'ORDEN DE CUARENTENA'!B23,'Acuario (Arribado - mortalidad)'!$G$15:$G$244) -> 0 | BI23: =SUMIF('Acuario (Arribado - mortalidad)'!$B$15:$B$244,'ORDEN DE CUARENTENA'!B23,'Acuario (Arribado - mortalidad)'!$O$15:$O$244) -> 0 | BJ23: =SUMIF('Acuario (Arribado - mortalidad)'!$B$15:$B$244,'ORDEN DE CUARENTENA'!B23,'Acuario (Arribado - mortalidad)'!$BG$15:$BG$244) -> 0 | BK23: =SUMIF('Acuario (Arribado - mortalidad)'!$B$15:$B$244,'ORDEN DE CUARENTENA'!B23,'Acuario (Arribado - mortalidad)'!$BH$15:$BH$244) -> 0 | BM23: =IFERROR(VLOOKUP(AN23,CITES[],2,FALSE),"") | BO23: Ancistrus | BP23: Echinophyllia | BR23: Macrobrachium carcinus | BY23: Carcharhinus isodon | BZ23: SI | CA23: A II | CC23: Arius microcephalus | CD23: SUE
A24: Octubre 2026 | B24: 11 | N24: =INDEX(AMBIENTE!D$2:D$797,MATCH(R24,AMBIENTE!C$2:C$797,0)) -> #N/A | AG24: =IFERROR(VLOOKUP(Item[[#This Row],[Concatenado]],CITES[],2,FALSE),"") | AI24: =IFERROR(VLOOKUP(Item[[#This Row],[Concatenado]],SuscepEARs[],2,FALSE),"") | AM24: 11 | AN24: =CONCATENATE(R24," ",Y24) | AO24: =C24 -> 0 | AP24: =J24 -> 0 | AQ24: =IFERROR(N24,"") | AR24: =SUMIF('Acuario (Arribado - mortalidad)'!$B$15:$B$244,'ORDEN DE CUARENTENA'!B24,'Acuario (Arribado - mortalidad)'!$F$15:$F$244) -> 0 | AS24: =IF(AR24>0, IF(SUMIF('Acuario (Arribado - mortalidad)'!$B$15:$B$244,'ORDEN DE CUARENTENA'!B24,'Acuario (Arribado - mortalidad)'!$K$15:$K$244)=0, "0", SUMIF('Acuario (Arribado - mortalidad)'!$B$15:$B$244,'ORDEN DE CUARENTENA'!B24,'Acuario (Arribado - mortalidad)'!$K$15:$K$244)),"") | AT24: =IF(AR24 = AS24,"0", SUMIF('Acuario (Arribado - mortalidad)'!$B$15:$B$244,'ORDEN DE CUARENTENA'!B24,'Acuario (Arribado - mortalidad)'!$G$15:$G$244)) -> 0 | AU24: =IFERROR(Item[[#This Row],[mortalidad acumulada]]/Item[[#This Row],[cantidad arribada]],"") | AV24: =IF(ISTEXT(R24),IF(Item[[#This Row],[cantidad arribada]]=0,"No llega",Item[[#This Row],[cantidad arribada]]),) -> 0 | AW24: =IFERROR(VLOOKUP(B24,'Tratamientos-Eventos'!$B$9:$S$20,19,FALSE),"") | AX24: =SUMIF('Acuario (Arribado - mortalidad)'!$B$15:$B$244,'ORDEN DE CUARENTENA'!B24,'Acuario (Arribado - mortalidad)'!$O$15:$O$244) -> 0 | AY24: =SUMIF('Acuario (Arribado - mortalidad)'!$B$15:$B$244,'ORDEN DE CUARENTENA'!B24,'Acuario (Arribado - mortalidad)'!$BG$15:$BG$244) -> 0 | AZ24: =SUMIF('Acuario (Arribado - mortalidad)'!$B$15:$B$244,'ORDEN DE CUARENTENA'!B24,'Acuario (Arribado - mortalidad)'!$BH$15:$BH$244) -> 0 | BA24: =IFERROR(Item[[#This Row],[Mortalidad dia 1]]/Item[[#This Row],[cantidad arribada]],"") | BB24: =IFERROR(Item[[#This Row],[Mortalidad 2 a 8 (Sem 1)]]/Item[[#This Row],[cantidad arribada]],"") | BC24: =IFERROR(Item[[#This Row],[Mortalidad 9 a 15 (Sem 2)]]/Item[[#This Row],[cantidad arribada]],"") | BD24: =AC24 -> 0 | BF24: =SUMIF('Acuario (Arribado - mortalidad)'!$B$15:$B$244,'ORDEN DE CUARENTENA'!B24,'Acuario (Arribado - mortalidad)'!$F$15:$F$244) -> 0 | BG24: =SUMIF('Acuario (Arribado - mortalidad)'!$B$15:$B$244,'ORDEN DE CUARENTENA'!B24,'Acuario (Arribado - mortalidad)'!$K$15:$K$244) -> 0 | BH24: =SUMIF('Acuario (Arribado - mortalidad)'!$B$15:$B$244,'ORDEN DE CUARENTENA'!B24,'Acuario (Arribado - mortalidad)'!$G$15:$G$244) -> 0 | BI24: =SUMIF('Acuario (Arribado - mortalidad)'!$B$15:$B$244,'ORDEN DE CUARENTENA'!B24,'Acuario (Arribado - mortalidad)'!$O$15:$O$244) -> 0 | BJ24: =SUMIF('Acuario (Arribado - mortalidad)'!$B$15:$B$244,'ORDEN DE CUARENTENA'!B24,'Acuario (Arribado - mortalidad)'!$BG$15:$BG$244) -> 0 | BK24: =SUMIF('Acuario (Arribado - mortalidad)'!$B$15:$B$244,'ORDEN DE CUARENTENA'!B24,'Acuario (Arribado - mortalidad)'!$BH$15:$BH$244) -> 0 | BM24: =IFERROR(VLOOKUP(AN24,CITES[],2,FALSE),"") | BO24: Andinoacara | BP24: Entacmaea | BR24: Macrobrachium nipponense | BY24: Carcharhinus leiodon | BZ24: SI | CA24: A II | CC24: Arius oetik | CD24: SUE
B25: 12 | N25: =INDEX(AMBIENTE!D$2:D$797,MATCH(R25,AMBIENTE!C$2:C$797,0)) -> #N/A | AG25: =IFERROR(VLOOKUP(Item[[#This Row],[Concatenado]],CITES[],2,FALSE),"") | AI25: =IFERROR(VLOOKUP(Item[[#This Row],[Concatenado]],SuscepEARs[],2,FALSE),"") | AM25: 12 | AN25: =CONCATENATE(R25," ",Y25) | AO25: =C25 -> 0 | AP25: =J25 -> 0 | AQ25: =IFERROR(N25,"") | AR25: =SUMIF('Acuario (Arribado - mortalidad)'!$B$15:$B$244,'ORDEN DE CUARENTENA'!B25,'Acuario (Arribado - mortalidad)'!$F$15:$F$244) -> 0 | AS25: =IF(AR25>0, IF(SUMIF('Acuario (Arribado - mortalidad)'!$B$15:$B$244,'ORDEN DE CUARENTENA'!B25,'Acuario (Arribado - mortalidad)'!$K$15:$K$244)=0, "0", SUMIF('Acuario (Arribado - mortalidad)'!$B$15:$B$244,'ORDEN DE CUARENTENA'!B25,'Acuario (Arribado - mortalidad)'!$K$15:$K$244)),"") | AT25: =IF(AR25 = AS25,"0", SUMIF('Acuario (Arribado - mortalidad)'!$B$15:$B$244,'ORDEN DE CUARENTENA'!B25,'Acuario (Arribado - mortalidad)'!$G$15:$G$244)) -> 0 | AU25: =IFERROR(Item[[#This Row],[mortalidad acumulada]]/Item[[#This Row],[cantidad arribada]],"") | AV25: =IF(ISTEXT(R25),IF(Item[[#This Row],[cantidad arribada]]=0,"No llega",Item[[#This Row],[cantidad arribada]]),) -> 0 | AW25: =IFERROR(VLOOKUP(B25,'Tratamientos-Eventos'!$B$9:$S$20,19,FALSE),"") | AX25: =SUMIF('Acuario (Arribado - mortalidad)'!$B$15:$B$244,'ORDEN DE CUARENTENA'!B25,'Acuario (Arribado - mortalidad)'!$O$15:$O$244) -> 0 | AY25: =SUMIF('Acuario (Arribado - mortalidad)'!$B$15:$B$244,'ORDEN DE CUARENTENA'!B25,'Acuario (Arribado - mortalidad)'!$BG$15:$BG$244) -> 0 | AZ25: =SUMIF('Acuario (Arribado - mortalidad)'!$B$15:$B$244,'ORDEN DE CUARENTENA'!B25,'Acuario (Arribado - mortalidad)'!$BH$15:$BH$244) -> 0 | BA25: =IFERROR(Item[[#This Row],[Mortalidad dia 1]]/Item[[#This Row],[cantidad arribada]],"") | BB25: =IFERROR(Item[[#This Row],[Mortalidad 2 a 8 (Sem 1)]]/Item[[#This Row],[cantidad arribada]],"") | BC25: =IFERROR(Item[[#This Row],[Mortalidad 9 a 15 (Sem 2)]]/Item[[#This Row],[cantidad arribada]],"") | BD25: =AC25 -> 0 | BF25: =SUMIF('Acuario (Arribado - mortalidad)'!$B$15:$B$244,'ORDEN DE CUARENTENA'!B25,'Acuario (Arribado - mortalidad)'!$F$15:$F$244) -> 0 | BG25: =SUMIF('Acuario (Arribado - mortalidad)'!$B$15:$B$244,'ORDEN DE CUARENTENA'!B25,'Acuario (Arribado - mortalidad)'!$K$15:$K$244) -> 0 | BH25: =SUMIF('Acuario (Arribado - mortalidad)'!$B$15:$B$244,'ORDEN DE CUARENTENA'!B25,'Acuario (Arribado - mortalidad)'!$G$15:$G$244) -> 0 | BI25: =SUMIF('Acuario (Arribado - mortalidad)'!$B$15:$B$244,'ORDEN DE CUARENTENA'!B25,'Acuario (Arribado - mortalidad)'!$O$15:$O$244) -> 0 | BJ25: =SUMIF('Acuario (Arribado - mortalidad)'!$B$15:$B$244,'ORDEN DE CUARENTENA'!B25,'Acuario (Arribado - mortalidad)'!$BG$15:$BG$244) -> 0 | BK25: =SUMIF('Acuario (Arribado - mortalidad)'!$B$15:$B$244,'ORDEN DE CUARENTENA'!B25,'Acuario (Arribado - mortalidad)'!$BH$15:$BH$244) -> 0 | BM25: =IFERROR(VLOOKUP(AN25,CITES[],2,FALSE),"") | BO25: Anisotremus | BP25: Euphyllia | BR25: Neocaridina heteropoda | BY25: Carcharhinus leucas | BZ25: SI | CA25: A II | CC25: Arius parkii | CD25: SUE
B26: 13 | N26: =INDEX(AMBIENTE!D$2:D$797,MATCH(R26,AMBIENTE!C$2:C$797,0)) -> #N/A | AG26: =IFERROR(VLOOKUP(Item[[#This Row],[Concatenado]],CITES[],2,FALSE),"") | AI26: =IFERROR(VLOOKUP(Item[[#This Row],[Concatenado]],SuscepEARs[],2,FALSE),"") | AM26: 13 | AN26: =CONCATENATE(R26," ",Y26) | AO26: =C26 -> 0 | AP26: =J26 -> 0 | AQ26: =IFERROR(N26,"") | AR26: =SUMIF('Acuario (Arribado - mortalidad)'!$B$15:$B$244,'ORDEN DE CUARENTENA'!B26,'Acuario (Arribado - mortalidad)'!$F$15:$F$244) -> 0 | AS26: =IF(AR26>0, IF(SUMIF('Acuario (Arribado - mortalidad)'!$B$15:$B$244,'ORDEN DE CUARENTENA'!B26,'Acuario (Arribado - mortalidad)'!$K$15:$K$244)=0, "0", SUMIF('Acuario (Arribado - mortalidad)'!$B$15:$B$244,'ORDEN DE CUARENTENA'!B26,'Acuario (Arribado - mortalidad)'!$K$15:$K$244)),"") | AT26: =IF(AR26 = AS26,"0", SUMIF('Acuario (Arribado - mortalidad)'!$B$15:$B$244,'ORDEN DE CUARENTENA'!B26,'Acuario (Arribado - mortalidad)'!$G$15:$G$244)) -> 0 | AU26: =IFERROR(Item[[#This Row],[mortalidad acumulada]]/Item[[#This Row],[cantidad arribada]],"") | AV26: =IF(ISTEXT(R26),IF(Item[[#This Row],[cantidad arribada]]=0,"No llega",Item[[#This Row],[cantidad arribada]]),) -> 0 | AW26: =IFERROR(VLOOKUP(B26,'Tratamientos-Eventos'!$B$9:$S$20,19,FALSE),"") | AX26: =SUMIF('Acuario (Arribado - mortalidad)'!$B$15:$B$244,'ORDEN DE CUARENTENA'!B26,'Acuario (Arribado - mortalidad)'!$O$15:$O$244) -> 0 | AY26: =SUMIF('Acuario (Arribado - mortalidad)'!$B$15:$B$244,'ORDEN DE CUARENTENA'!B26,'Acuario (Arribado - mortalidad)'!$BG$15:$BG$244) -> 0 | AZ26: =SUMIF('Acuario (Arribado - mortalidad)'!$B$15:$B$244,'ORDEN DE CUARENTENA'!B26,'Acuario (Arribado - mortalidad)'!$BH$15:$BH$244) -> 0 | BA26: =IFERROR(Item[[#This Row],[Mortalidad dia 1]]/Item[[#This Row],[cantidad arribada]],"") | BB26: =IFERROR(Item[[#This Row],[Mortalidad 2 a 8 (Sem 1)]]/Item[[#This Row],[cantidad arribada]],"") | BC26: =IFERROR(Item[[#This Row],[Mortalidad 9 a 15 (Sem 2)]]/Item[[#This Row],[cantidad arribada]],"") | BD26: =AC26 -> 0 | BF26: =SUMIF('Acuario (Arribado - mortalidad)'!$B$15:$B$244,'ORDEN DE CUARENTENA'!B26,'Acuario (Arribado - mortalidad)'!$F$15:$F$244) -> 0 | BG26: =SUMIF('Acuario (Arribado - mortalidad)'!$B$15:$B$244,'ORDEN DE CUARENTENA'!B26,'Acuario (Arribado - mortalidad)'!$K$15:$K$244) -> 0 | BH26: =SUMIF('Acuario (Arribado - mortalidad)'!$B$15:$B$244,'ORDEN DE CUARENTENA'!B26,'Acuario (Arribado - mortalidad)'!$G$15:$G$244) -> 0 | BI26: =SUMIF('Acuario (Arribado - mortalidad)'!$B$15:$B$244,'ORDEN DE CUARENTENA'!B26,'Acuario (Arribado - mortalidad)'!$O$15:$O$244) -> 0 | BJ26: =SUMIF('Acuario (Arribado - mortalidad)'!$B$15:$B$244,'ORDEN DE CUARENTENA'!B26,'Acuario (Arribado - mortalidad)'!$BG$15:$BG$244) -> 0 | BK26: =SUMIF('Acuario (Arribado - mortalidad)'!$B$15:$B$244,'ORDEN DE CUARENTENA'!B26,'Acuario (Arribado - mortalidad)'!$BH$15:$BH$244) -> 0 | BM26: =IFERROR(VLOOKUP(AN26,CITES[],2,FALSE),"") | BO26: Anomalochromis | BP26: Favia | BR26: Paguristes anomalus | BY26: Carcharhinus limbatus | BZ26: SI | CA26: A II | CC26: Arius phrygiatus | CD26: SUE
B27: 14 | N27: =INDEX(AMBIENTE!D$2:D$797,MATCH(R27,AMBIENTE!C$2:C$797,0)) -> #N/A | AG27: =IFERROR(VLOOKUP(Item[[#This Row],[Concatenado]],CITES[],2,FALSE),"") | AI27: =IFERROR(VLOOKUP(Item[[#This Row],[Concatenado]],SuscepEARs[],2,FALSE),"") | AM27: 14 | AN27: =CONCATENATE(R27," ",Y27) | AO27: =C27 -> 0 | AP27: =J27 -> 0 | AQ27: =IFERROR(N27,"") | AR27: =SUMIF('Acuario (Arribado - mortalidad)'!$B$15:$B$244,'ORDEN DE CUARENTENA'!B27,'Acuario (Arribado - mortalidad)'!$F$15:$F$244) -> 0 | AS27: =IF(AR27>0, IF(SUMIF('Acuario (Arribado - mortalidad)'!$B$15:$B$244,'ORDEN DE CUARENTENA'!B27,'Acuario (Arribado - mortalidad)'!$K$15:$K$244)=0, "0", SUMIF('Acuario (Arribado - mortalidad)'!$B$15:$B$244,'ORDEN DE CUARENTENA'!B27,'Acuario (Arribado - mortalidad)'!$K$15:$K$244)),"") | AT27: =IF(AR27 = AS27,"0", SUMIF('Acuario (Arribado - mortalidad)'!$B$15:$B$244,'ORDEN DE CUARENTENA'!B27,'Acuario (Arribado - mortalidad)'!$G$15:$G$244)) -> 0 | AU27: =IFERROR(Item[[#This Row],[mortalidad acumulada]]/Item[[#This Row],[cantidad arribada]],"") | AV27: =IF(ISTEXT(R27),IF(Item[[#This Row],[cantidad arribada]]=0,"No llega",Item[[#This Row],[cantidad arribada]]),) -> 0 | AW27: =IFERROR(VLOOKUP(B27,'Tratamientos-Eventos'!$B$9:$S$20,19,FALSE),"") | AX27: =SUMIF('Acuario (Arribado - mortalidad)'!$B$15:$B$244,'ORDEN DE CUARENTENA'!B27,'Acuario (Arribado - mortalidad)'!$O$15:$O$244) -> 0 | AY27: =SUMIF('Acuario (Arribado - mortalidad)'!$B$15:$B$244,'ORDEN DE CUARENTENA'!B27,'Acuario (Arribado - mortalidad)'!$BG$15:$BG$244) -> 0 | AZ27: =SUMIF('Acuario (Arribado - mortalidad)'!$B$15:$B$244,'ORDEN DE CUARENTENA'!B27,'Acuario (Arribado - mortalidad)'!$BH$15:$BH$244) -> 0 | BA27: =IFERROR(Item[[#This Row],[Mortalidad dia 1]]/Item[[#This Row],[cantidad arribada]],"") | BB27: =IFERROR(Item[[#This Row],[Mortalidad 2 a 8 (Sem 1)]]/Item[[#This Row],[cantidad arribada]],"") | BC27: =IFERROR(Item[[#This Row],[Mortalidad 9 a 15 (Sem 2)]]/Item[[#This Row],[cantidad arribada]],"") | BD27: =AC27 -> 0 | BF27: =SUMIF('Acuario (Arribado - mortalidad)'!$B$15:$B$244,'ORDEN DE CUARENTENA'!B27,'Acuario (Arribado - mortalidad)'!$F$15:$F$244) -> 0 | BG27: =SUMIF('Acuario (Arribado - mortalidad)'!$B$15:$B$244,'ORDEN DE CUARENTENA'!B27,'Acuario (Arribado - mortalidad)'!$K$15:$K$244) -> 0 | BH27: =SUMIF('Acuario (Arribado - mortalidad)'!$B$15:$B$244,'ORDEN DE CUARENTENA'!B27,'Acuario (Arribado - mortalidad)'!$G$15:$G$244) -> 0 | BI27: =SUMIF('Acuario (Arribado - mortalidad)'!$B$15:$B$244,'ORDEN DE CUARENTENA'!B27,'Acuario (Arribado - mortalidad)'!$O$15:$O$244) -> 0 | BJ27: =SUMIF('Acuario (Arribado - mortalidad)'!$B$15:$B$244,'ORDEN DE CUARENTENA'!B27,'Acuario (Arribado - mortalidad)'!$BG$15:$BG$244) -> 0 | BK27: =SUMIF('Acuario (Arribado - mortalidad)'!$B$15:$B$244,'ORDEN DE CUARENTENA'!B27,'Acuario (Arribado - mortalidad)'!$BH$15:$BH$244) -> 0 | BM27: =IFERROR(VLOOKUP(AN27,CITES[],2,FALSE),"") | BO27: Anostomus | BP27: Favites | BR27: Paguristes cadenati | BY27: Carcharhinus longimanus | BZ27: SI | CA27: A II | CC27: Arius platystomus | CD27: SUE
B28: 15 | N28: =INDEX(AMBIENTE!D$2:D$797,MATCH(R28,AMBIENTE!C$2:C$797,0)) -> #N/A | AG28: =IFERROR(VLOOKUP(Item[[#This Row],[Concatenado]],CITES[],2,FALSE),"") | AI28: =IFERROR(VLOOKUP(Item[[#This Row],[Concatenado]],SuscepEARs[],2,FALSE),"") | AM28: 15 | AN28: =CONCATENATE(R28," ",Y28) | AO28: =C28 -> 0 | AP28: =J28 -> 0 | AQ28: =IFERROR(N28,"") | AR28: =SUMIF('Acuario (Arribado - mortalidad)'!$B$15:$B$244,'ORDEN DE CUARENTENA'!B28,'Acuario (Arribado - mortalidad)'!$F$15:$F$244) -> 0 | AS28: =IF(AR28>0, IF(SUMIF('Acuario (Arribado - mortalidad)'!$B$15:$B$244,'ORDEN DE CUARENTENA'!B28,'Acuario (Arribado - mortalidad)'!$K$15:$K$244)=0, "0", SUMIF('Acuario (Arribado - mortalidad)'!$B$15:$B$244,'ORDEN DE CUARENTENA'!B28,'Acuario (Arribado - mortalidad)'!$K$15:$K$244)),"") | AT28: =IF(AR28 = AS28,"0", SUMIF('Acuario (Arribado - mortalidad)'!$B$15:$B$244,'ORDEN DE CUARENTENA'!B28,'Acuario (Arribado - mortalidad)'!$G$15:$G$244)) -> 0 | AU28: =IFERROR(Item[[#This Row],[mortalidad acumulada]]/Item[[#This Row],[cantidad arribada]],"") | AV28: =IF(ISTEXT(R28),IF(Item[[#This Row],[cantidad arribada]]=0,"No llega",Item[[#This Row],[cantidad arribada]]),) -> 0 | AW28: =IFERROR(VLOOKUP(B28,'Tratamientos-Eventos'!$B$9:$S$20,19,FALSE),"") | AX28: =SUMIF('Acuario (Arribado - mortalidad)'!$B$15:$B$244,'ORDEN DE CUARENTENA'!B28,'Acuario (Arribado - mortalidad)'!$O$15:$O$244) -> 0 | AY28: =SUMIF('Acuario (Arribado - mortalidad)'!$B$15:$B$244,'ORDEN DE CUARENTENA'!B28,'Acuario (Arribado - mortalidad)'!$BG$15:$BG$244) -> 0 | AZ28: =SUMIF('Acuario (Arribado - mortalidad)'!$B$15:$B$244,'ORDEN DE CUARENTENA'!B28,'Acuario (Arribado - mortalidad)'!$BH$15:$BH$244) -> 0 | BA28: =IFERROR(Item[[#This Row],[Mortalidad dia 1]]/Item[[#This Row],[cantidad arribada]],"") | BB28: =IFERROR(Item[[#This Row],[Mortalidad 2 a 8 (Sem 1)]]/Item[[#This Row],[cantidad arribada]],"") | BC28: =IFERROR(Item[[#This Row],[Mortalidad 9 a 15 (Sem 2)]]/Item[[#This Row],[cantidad arribada]],"") | BD28: =AC28 -> 0 | BF28: =SUMIF('Acuario (Arribado - mortalidad)'!$B$15:$B$244,'ORDEN DE CUARENTENA'!B28,'Acuario (Arribado - mortalidad)'!$F$15:$F$244) -> 0 | BG28: =SUMIF('Acuario (Arribado - mortalidad)'!$B$15:$B$244,'ORDEN DE CUARENTENA'!B28,'Acuario (Arribado - mortalidad)'!$K$15:$K$244) -> 0 | BH28: =SUMIF('Acuario (Arribado - mortalidad)'!$B$15:$B$244,'ORDEN DE CUARENTENA'!B28,'Acuario (Arribado - mortalidad)'!$G$15:$G$244) -> 0 | BI28: =SUMIF('Acuario (Arribado - mortalidad)'!$B$15:$B$244,'ORDEN DE CUARENTENA'!B28,'Acuario (Arribado - mortalidad)'!$O$15:$O$244) -> 0 | BJ28: =SUMIF('Acuario (Arribado - mortalidad)'!$B$15:$B$244,'ORDEN DE CUARENTENA'!B28,'Acuario (Arribado - mortalidad)'!$BG$15:$BG$244) -> 0 | BK28: =SUMIF('Acuario (Arribado - mortalidad)'!$B$15:$B$244,'ORDEN DE CUARENTENA'!B28,'Acuario (Arribado - mortalidad)'!$BH$15:$BH$244) -> 0 | BM28: =IFERROR(VLOOKUP(AN28,CITES[],2,FALSE),"") | BO28: Antennarius | BP28: Fungia | BR28: Periclimenes brevicarpalis | BY28: Carcharhinus macloti | BZ28: SI | CA28: A II | CC28: Arius rugispinis | CD28: SUE
A29: Versión | B29: 16 | N29: =INDEX(AMBIENTE!D$2:D$797,MATCH(R29,AMBIENTE!C$2:C$797,0)) -> #N/A | AG29: =IFERROR(VLOOKUP(Item[[#This Row],[Concatenado]],CITES[],2,FALSE),"") | AI29: =IFERROR(VLOOKUP(Item[[#This Row],[Concatenado]],SuscepEARs[],2,FALSE),"") | AM29: 16 | AN29: =CONCATENATE(R29," ",Y29) | AO29: =C29 -> 0 | AP29: =J29 -> 0 | AQ29: =IFERROR(N29,"") | AR29: =SUMIF('Acuario (Arribado - mortalidad)'!$B$15:$B$244,'ORDEN DE CUARENTENA'!B29,'Acuario (Arribado - mortalidad)'!$F$15:$F$244) -> 0 | AS29: =IF(AR29>0, IF(SUMIF('Acuario (Arribado - mortalidad)'!$B$15:$B$244,'ORDEN DE CUARENTENA'!B29,'Acuario (Arribado - mortalidad)'!$K$15:$K$244)=0, "0", SUMIF('Acuario (Arribado - mortalidad)'!$B$15:$B$244,'ORDEN DE CUARENTENA'!B29,'Acuario (Arribado - mortalidad)'!$K$15:$K$244)),"") | AT29: =IF(AR29 = AS29,"0", SUMIF('Acuario (Arribado - mortalidad)'!$B$15:$B$244,'ORDEN DE CUARENTENA'!B29,'Acuario (Arribado - mortalidad)'!$G$15:$G$244)) -> 0 | AU29: =IFERROR(Item[[#This Row],[mortalidad acumulada]]/Item[[#This Row],[cantidad arribada]],"") | AV29: =IF(ISTEXT(R29),IF(Item[[#This Row],[cantidad arribada]]=0,"No llega",Item[[#This Row],[cantidad arribada]]),) -> 0 | AW29: =IFERROR(VLOOKUP(B29,'Tratamientos-Eventos'!$B$9:$S$20,19,FALSE),"") | AX29: =SUMIF('Acuario (Arribado - mortalidad)'!$B$15:$B$244,'ORDEN DE CUARENTENA'!B29,'Acuario (Arribado - mortalidad)'!$O$15:$O$244) -> 0 | AY29: =SUMIF('Acuario (Arribado - mortalidad)'!$B$15:$B$244,'ORDEN DE CUARENTENA'!B29,'Acuario (Arribado - mortalidad)'!$BG$15:$BG$244) -> 0 | AZ29: =SUMIF('Acuario (Arribado - mortalidad)'!$B$15:$B$244,'ORDEN DE CUARENTENA'!B29,'Acuario (Arribado - mortalidad)'!$BH$15:$BH$244) -> 0 | BA29: =IFERROR(Item[[#This Row],[Mortalidad dia 1]]/Item[[#This Row],[cantidad arribada]],"") | BB29: =IFERROR(Item[[#This Row],[Mortalidad 2 a 8 (Sem 1)]]/Item[[#This Row],[cantidad arribada]],"") | BC29: =IFERROR(Item[[#This Row],[Mortalidad 9 a 15 (Sem 2)]]/Item[[#This Row],[cantidad arribada]],"") | BD29: =AC29 -> 0 | BF29: =SUMIF('Acuario (Arribado - mortalidad)'!$B$15:$B$244,'ORDEN DE CUARENTENA'!B29,'Acuario (Arribado - mortalidad)'!$F$15:$F$244) -> 0 | BG29: =SUMIF('Acuario (Arribado - mortalidad)'!$B$15:$B$244,'ORDEN DE CUARENTENA'!B29,'Acuario (Arribado - mortalidad)'!$K$15:$K$244) -> 0 | BH29: =SUMIF('Acuario (Arribado - mortalidad)'!$B$15:$B$244,'ORDEN DE CUARENTENA'!B29,'Acuario (Arribado - mortalidad)'!$G$15:$G$244) -> 0 | BI29: =SUMIF('Acuario (Arribado - mortalidad)'!$B$15:$B$244,'ORDEN DE CUARENTENA'!B29,'Acuario (Arribado - mortalidad)'!$O$15:$O$244) -> 0 | BJ29: =SUMIF('Acuario (Arribado - mortalidad)'!$B$15:$B$244,'ORDEN DE CUARENTENA'!B29,'Acuario (Arribado - mortalidad)'!$BG$15:$BG$244) -> 0 | BK29: =SUMIF('Acuario (Arribado - mortalidad)'!$B$15:$B$244,'ORDEN DE CUARENTENA'!B29,'Acuario (Arribado - mortalidad)'!$BH$15:$BH$244) -> 0 | BM29: =IFERROR(VLOOKUP(AN29,CITES[],2,FALSE),"") | BO29: Aphyocharax | BP29: Galaxea | BR29: Periclimenes pedersoni | BY29: Carcharhinus macrops | BZ29: SI | CA29: A II | CC29: Arius subrostratus | CD29: SUE
B30: 17 | N30: =INDEX(AMBIENTE!D$2:D$797,MATCH(R30,AMBIENTE!C$2:C$797,0)) -> #N/A | AG30: =IFERROR(VLOOKUP(Item[[#This Row],[Concatenado]],CITES[],2,FALSE),"") | AI30: =IFERROR(VLOOKUP(Item[[#This Row],[Concatenado]],SuscepEARs[],2,FALSE),"") | AM30: 17 | AN30: =CONCATENATE(R30," ",Y30) | AO30: =C30 -> 0 | AP30: =J30 -> 0 | AQ30: =IFERROR(N30,"") | AR30: =SUMIF('Acuario (Arribado - mortalidad)'!$B$15:$B$244,'ORDEN DE CUARENTENA'!B30,'Acuario (Arribado - mortalidad)'!$F$15:$F$244) -> 0 | AS30: =IF(AR30>0, IF(SUMIF('Acuario (Arribado - mortalidad)'!$B$15:$B$244,'ORDEN DE CUARENTENA'!B30,'Acuario (Arribado - mortalidad)'!$K$15:$K$244)=0, "0", SUMIF('Acuario (Arribado - mortalidad)'!$B$15:$B$244,'ORDEN DE CUARENTENA'!B30,'Acuario (Arribado - mortalidad)'!$K$15:$K$244)),"") | AT30: =IF(AR30 = AS30,"0", SUMIF('Acuario (Arribado - mortalidad)'!$B$15:$B$244,'ORDEN DE CUARENTENA'!B30,'Acuario (Arribado - mortalidad)'!$G$15:$G$244)) -> 0 | AU30: =IFERROR(Item[[#This Row],[mortalidad acumulada]]/Item[[#This Row],[cantidad arribada]],"") | AV30: =IF(ISTEXT(R30),IF(Item[[#This Row],[cantidad arribada]]=0,"No llega",Item[[#This Row],[cantidad arribada]]),) -> 0 | AW30: =IFERROR(VLOOKUP(B30,'Tratamientos-Eventos'!$B$9:$S$20,19,FALSE),"") | AX30: =SUMIF('Acuario (Arribado - mortalidad)'!$B$15:$B$244,'ORDEN DE CUARENTENA'!B30,'Acuario (Arribado - mortalidad)'!$O$15:$O$244) -> 0 | AY30: =SUMIF('Acuario (Arribado - mortalidad)'!$B$15:$B$244,'ORDEN DE CUARENTENA'!B30,'Acuario (Arribado - mortalidad)'!$BG$15:$BG$244) -> 0 | AZ30: =SUMIF('Acuario (Arribado - mortalidad)'!$B$15:$B$244,'ORDEN DE CUARENTENA'!B30,'Acuario (Arribado - mortalidad)'!$BH$15:$BH$244) -> 0 | BA30: =IFERROR(Item[[#This Row],[Mortalidad dia 1]]/Item[[#This Row],[cantidad arribada]],"") | BB30: =IFERROR(Item[[#This Row],[Mortalidad 2 a 8 (Sem 1)]]/Item[[#This Row],[cantidad arribada]],"") | BC30: =IFERROR(Item[[#This Row],[Mortalidad 9 a 15 (Sem 2)]]/Item[[#This Row],[cantidad arribada]],"") | BD30: =AC30 -> 0 | BF30: =SUMIF('Acuario (Arribado - mortalidad)'!$B$15:$B$244,'ORDEN DE CUARENTENA'!B30,'Acuario (Arribado - mortalidad)'!$F$15:$F$244) -> 0 | BG30: =SUMIF('Acuario (Arribado - mortalidad)'!$B$15:$B$244,'ORDEN DE CUARENTENA'!B30,'Acuario (Arribado - mortalidad)'!$K$15:$K$244) -> 0 | BH30: =SUMIF('Acuario (Arribado - mortalidad)'!$B$15:$B$244,'ORDEN DE CUARENTENA'!B30,'Acuario (Arribado - mortalidad)'!$G$15:$G$244) -> 0 | BI30: =SUMIF('Acuario (Arribado - mortalidad)'!$B$15:$B$244,'ORDEN DE CUARENTENA'!B30,'Acuario (Arribado - mortalidad)'!$O$15:$O$244) -> 0 | BJ30: =SUMIF('Acuario (Arribado - mortalidad)'!$B$15:$B$244,'ORDEN DE CUARENTENA'!B30,'Acuario (Arribado - mortalidad)'!$BG$15:$BG$244) -> 0 | BK30: =SUMIF('Acuario (Arribado - mortalidad)'!$B$15:$B$244,'ORDEN DE CUARENTENA'!B30,'Acuario (Arribado - mortalidad)'!$BH$15:$BH$244) -> 0 | BM30: =IFERROR(VLOOKUP(AN30,CITES[],2,FALSE),"") | BO30: Aphyosemion | BP30: Goniopora | BR30: Periclimenes yucatanicus | BY30: Carcharhinus melanopterus | BZ30: SI | CA30: A II | CC30: Arius sumatranus | CD30: SUE
B31: 18 | N31: =INDEX(AMBIENTE!D$2:D$797,MATCH(R31,AMBIENTE!C$2:C$797,0)) -> #N/A | AG31: =IFERROR(VLOOKUP(Item[[#This Row],[Concatenado]],CITES[],2,FALSE),"") | AI31: =IFERROR(VLOOKUP(Item[[#This Row],[Concatenado]],SuscepEARs[],2,FALSE),"") | AM31: 18 | AN31: =CONCATENATE(R31," ",Y31) | AO31: =C31 -> 0 | AP31: =J31 -> 0 | AQ31: =IFERROR(N31,"") | AR31: =SUMIF('Acuario (Arribado - mortalidad)'!$B$15:$B$244,'ORDEN DE CUARENTENA'!B31,'Acuario (Arribado - mortalidad)'!$F$15:$F$244) -> 0 | AS31: =IF(AR31>0, IF(SUMIF('Acuario (Arribado - mortalidad)'!$B$15:$B$244,'ORDEN DE CUARENTENA'!B31,'Acuario (Arribado - mortalidad)'!$K$15:$K$244)=0, "0", SUMIF('Acuario (Arribado - mortalidad)'!$B$15:$B$244,'ORDEN DE CUARENTENA'!B31,'Acuario (Arribado - mortalidad)'!$K$15:$K$244)),"") | AT31: =IF(AR31 = AS31,"0", SUMIF('Acuario (Arribado - mortalidad)'!$B$15:$B$244,'ORDEN DE CUARENTENA'!B31,'Acuario (Arribado - mortalidad)'!$G$15:$G$244)) -> 0 | AU31: =IFERROR(Item[[#This Row],[mortalidad acumulada]]/Item[[#This Row],[cantidad arribada]],"") | AV31: =IF(ISTEXT(R31),IF(Item[[#This Row],[cantidad arribada]]=0,"No llega",Item[[#This Row],[cantidad arribada]]),) -> 0 | AW31: =IFERROR(VLOOKUP(B31,'Tratamientos-Eventos'!$B$9:$S$20,19,FALSE),"") | AX31: =SUMIF('Acuario (Arribado - mortalidad)'!$B$15:$B$244,'ORDEN DE CUARENTENA'!B31,'Acuario (Arribado - mortalidad)'!$O$15:$O$244) -> 0 | AY31: =SUMIF('Acuario (Arribado - mortalidad)'!$B$15:$B$244,'ORDEN DE CUARENTENA'!B31,'Acuario (Arribado - mortalidad)'!$BG$15:$BG$244) -> 0 | AZ31: =SUMIF('Acuario (Arribado - mortalidad)'!$B$15:$B$244,'ORDEN DE CUARENTENA'!B31,'Acuario (Arribado - mortalidad)'!$BH$15:$BH$244) -> 0 | BA31: =IFERROR(Item[[#This Row],[Mortalidad dia 1]]/Item[[#This Row],[cantidad arribada]],"") | BB31: =IFERROR(Item[[#This Row],[Mortalidad 2 a 8 (Sem 1)]]/Item[[#This Row],[cantidad arribada]],"") | BC31: =IFERROR(Item[[#This Row],[Mortalidad 9 a 15 (Sem 2)]]/Item[[#This Row],[cantidad arribada]],"") | BD31: =AC31 -> 0 | BF31: =SUMIF('Acuario (Arribado - mortalidad)'!$B$15:$B$244,'ORDEN DE CUARENTENA'!B31,'Acuario (Arribado - mortalidad)'!$F$15:$F$244) -> 0 | BG31: =SUMIF('Acuario (Arribado - mortalidad)'!$B$15:$B$244,'ORDEN DE CUARENTENA'!B31,'Acuario (Arribado - mortalidad)'!$K$15:$K$244) -> 0 | BH31: =SUMIF('Acuario (Arribado - mortalidad)'!$B$15:$B$244,'ORDEN DE CUARENTENA'!B31,'Acuario (Arribado - mortalidad)'!$G$15:$G$244) -> 0 | BI31: =SUMIF('Acuario (Arribado - mortalidad)'!$B$15:$B$244,'ORDEN DE CUARENTENA'!B31,'Acuario (Arribado - mortalidad)'!$O$15:$O$244) -> 0 | BJ31: =SUMIF('Acuario (Arribado - mortalidad)'!$B$15:$B$244,'ORDEN DE CUARENTENA'!B31,'Acuario (Arribado - mortalidad)'!$BG$15:$BG$244) -> 0 | BK31: =SUMIF('Acuario (Arribado - mortalidad)'!$B$15:$B$244,'ORDEN DE CUARENTENA'!B31,'Acuario (Arribado - mortalidad)'!$BH$15:$BH$244) -> 0 | BO31: Apistogramma | BP31: Gorgonia | BR31: Saron marmoratus | BY31: Carcharhinus obscurus | BZ31: SI | CA31: A II | CC31: Arius venosus | CD31: SUE
B32: 19 | N32: =INDEX(AMBIENTE!D$2:D$797,MATCH(R32,AMBIENTE!C$2:C$797,0)) -> #N/A | AG32: =IFERROR(VLOOKUP(Item[[#This Row],[Concatenado]],CITES[],2,FALSE),"") | AI32: =IFERROR(VLOOKUP(Item[[#This Row],[Concatenado]],SuscepEARs[],2,FALSE),"") | AM32: 19 | AN32: =CONCATENATE(R32," ",Y32) | AO32: =C32 -> 0 | AP32: =J32 -> 0 | AQ32: =IFERROR(N32,"") | AR32: =SUMIF('Acuario (Arribado - mortalidad)'!$B$15:$B$244,'ORDEN DE CUARENTENA'!B32,'Acuario (Arribado - mortalidad)'!$F$15:$F$244) -> 0 | AS32: =IF(AR32>0, IF(SUMIF('Acuario (Arribado - mortalidad)'!$B$15:$B$244,'ORDEN DE CUARENTENA'!B32,'Acuario (Arribado - mortalidad)'!$K$15:$K$244)=0, "0", SUMIF('Acuario (Arribado - mortalidad)'!$B$15:$B$244,'ORDEN DE CUARENTENA'!B32,'Acuario (Arribado - mortalidad)'!$K$15:$K$244)),"") | AT32: =IF(AR32 = AS32,"0", SUMIF('Acuario (Arribado - mortalidad)'!$B$15:$B$244,'ORDEN DE CUARENTENA'!B32,'Acuario (Arribado - mortalidad)'!$G$15:$G$244)) -> 0 | AU32: =IFERROR(Item[[#This Row],[mortalidad acumulada]]/Item[[#This Row],[cantidad arribada]],"") | AV32: =IF(ISTEXT(R32),IF(Item[[#This Row],[cantidad arribada]]=0,"No llega",Item[[#This Row],[cantidad arribada]]),) -> 0 | AW32: =IFERROR(VLOOKUP(B32,'Tratamientos-Eventos'!$B$9:$S$20,19,FALSE),"") | AX32: =SUMIF('Acuario (Arribado - mortalidad)'!$B$15:$B$244,'ORDEN DE CUARENTENA'!B32,'Acuario (Arribado - mortalidad)'!$O$15:$O$244) -> 0 | AY32: =SUMIF('Acuario (Arribado - mortalidad)'!$B$15:$B$244,'ORDEN DE CUARENTENA'!B32,'Acuario (Arribado - mortalidad)'!$BG$15:$BG$244) -> 0 | AZ32: =SUMIF('Acuario (Arribado - mortalidad)'!$B$15:$B$244,'ORDEN DE CUARENTENA'!B32,'Acuario (Arribado - mortalidad)'!$BH$15:$BH$244) -> 0 | BA32: =IFERROR(Item[[#This Row],[Mortalidad dia 1]]/Item[[#This Row],[cantidad arribada]],"") | BB32: =IFERROR(Item[[#This Row],[Mortalidad 2 a 8 (Sem 1)]]/Item[[#This Row],[cantidad arribada]],"") | BC32: =IFERROR(Item[[#This Row],[Mortalidad 9 a 15 (Sem 2)]]/Item[[#This Row],[cantidad arribada]],"") | BD32: =AC32 -> 0 | BF32: =SUMIF('Acuario (Arribado - mortalidad)'!$B$15:$B$244,'ORDEN DE CUARENTENA'!B32,'Acuario (Arribado - mortalidad)'!$F$15:$F$244) -> 0 | BG32: =SUMIF('Acuario (Arribado - mortalidad)'!$B$15:$B$244,'ORDEN DE CUARENTENA'!B32,'Acuario (Arribado - mortalidad)'!$K$15:$K$244) -> 0 | BH32: =SUMIF('Acuario (Arribado - mortalidad)'!$B$15:$B$244,'ORDEN DE CUARENTENA'!B32,'Acuario (Arribado - mortalidad)'!$G$15:$G$244) -> 0 | BI32: =SUMIF('Acuario (Arribado - mortalidad)'!$B$15:$B$244,'ORDEN DE CUARENTENA'!B32,'Acuario (Arribado - mortalidad)'!$O$15:$O$244) -> 0 | BJ32: =SUMIF('Acuario (Arribado - mortalidad)'!$B$15:$B$244,'ORDEN DE CUARENTENA'!B32,'Acuario (Arribado - mortalidad)'!$BG$15:$BG$244) -> 0 | BK32: =SUMIF('Acuario (Arribado - mortalidad)'!$B$15:$B$244,'ORDEN DE CUARENTENA'!B32,'Acuario (Arribado - mortalidad)'!$BH$15:$BH$244) -> 0 | BO32: Apistogrammoides | BP32: Heliofungia | BR32: Stenopus hispidus | BY32: Carcharhinus perezii | BZ32: SI | CA32: A II | CC32: Aphyosemion gardneri | CD32: ISKNV
B33: 20 | N33: =INDEX(AMBIENTE!D$2:D$797,MATCH(R33,AMBIENTE!C$2:C$797,0)) -> #N/A | AG33: =IFERROR(VLOOKUP(Item[[#This Row],[Concatenado]],CITES[],2,FALSE),"") | AI33: =IFERROR(VLOOKUP(Item[[#This Row],[Concatenado]],SuscepEARs[],2,FALSE),"") | AM33: 20 | AN33: =CONCATENATE(R33," ",Y33) | AO33: =C33 -> 0 | AP33: =J33 -> 0 | AQ33: =IFERROR(N33,"") | AR33: =SUMIF('Acuario (Arribado - mortalidad)'!$B$15:$B$244,'ORDEN DE CUARENTENA'!B33,'Acuario (Arribado - mortalidad)'!$F$15:$F$244) -> 0 | AS33: =IF(AR33>0, IF(SUMIF('Acuario (Arribado - mortalidad)'!$B$15:$B$244,'ORDEN DE CUARENTENA'!B33,'Acuario (Arribado - mortalidad)'!$K$15:$K$244)=0, "0", SUMIF('Acuario (Arribado - mortalidad)'!$B$15:$B$244,'ORDEN DE CUARENTENA'!B33,'Acuario (Arribado - mortalidad)'!$K$15:$K$244)),"") | AT33: =IF(AR33 = AS33,"0", SUMIF('Acuario (Arribado - mortalidad)'!$B$15:$B$244,'ORDEN DE CUARENTENA'!B33,'Acuario (Arribado - mortalidad)'!$G$15:$G$244)) -> 0 | AU33: =IFERROR(Item[[#This Row],[mortalidad acumulada]]/Item[[#This Row],[cantidad arribada]],"") | AV33: =IF(ISTEXT(R33),IF(Item[[#This Row],[cantidad arribada]]=0,"No llega",Item[[#This Row],[cantidad arribada]]),) -> 0 | AW33: =IFERROR(VLOOKUP(B33,'Tratamientos-Eventos'!$B$9:$S$20,19,FALSE),"") | AX33: =SUMIF('Acuario (Arribado - mortalidad)'!$B$15:$B$244,'ORDEN DE CUARENTENA'!B33,'Acuario (Arribado - mortalidad)'!$O$15:$O$244) -> 0 | AY33: =SUMIF('Acuario (Arribado - mortalidad)'!$B$15:$B$244,'ORDEN DE CUARENTENA'!B33,'Acuario (Arribado - mortalidad)'!$BG$15:$BG$244) -> 0 | AZ33: =SUMIF('Acuario (Arribado - mortalidad)'!$B$15:$B$244,'ORDEN DE CUARENTENA'!B33,'Acuario (Arribado - mortalidad)'!$BH$15:$BH$244) -> 0 | BA33: =IFERROR(Item[[#This Row],[Mortalidad dia 1]]/Item[[#This Row],[cantidad arribada]],"") | BB33: =IFERROR(Item[[#This Row],[Mortalidad 2 a 8 (Sem 1)]]/Item[[#This Row],[cantidad arribada]],"") | BC33: =IFERROR(Item[[#This Row],[Mortalidad 9 a 15 (Sem 2)]]/Item[[#This Row],[cantidad arribada]],"") | BD33: =AC33 -> 0 | BF33: =SUMIF('Acuario (Arribado - mortalidad)'!$B$15:$B$244,'ORDEN DE CUARENTENA'!B33,'Acuario (Arribado - mortalidad)'!$F$15:$F$244) -> 0 | BG33: =SUMIF('Acuario (Arribado - mortalidad)'!$B$15:$B$244,'ORDEN DE CUARENTENA'!B33,'Acuario (Arribado - mortalidad)'!$K$15:$K$244) -> 0 | BH33: =SUMIF('Acuario (Arribado - mortalidad)'!$B$15:$B$244,'ORDEN DE CUARENTENA'!B33,'Acuario (Arribado - mortalidad)'!$G$15:$G$244) -> 0 | BI33: =SUMIF('Acuario (Arribado - mortalidad)'!$B$15:$B$244,'ORDEN DE CUARENTENA'!B33,'Acuario (Arribado - mortalidad)'!$O$15:$O$244) -> 0 | BJ33: =SUMIF('Acuario (Arribado - mortalidad)'!$B$15:$B$244,'ORDEN DE CUARENTENA'!B33,'Acuario (Arribado - mortalidad)'!$BG$15:$BG$244) -> 0 | BK33: =SUMIF('Acuario (Arribado - mortalidad)'!$B$15:$B$244,'ORDEN DE CUARENTENA'!B33,'Acuario (Arribado - mortalidad)'!$BH$15:$BH$244) -> 0 | BO33: Aplocheilus | BP33: Herpolitha | BR33: Stenopus zanzibaricus | BY33: Carcharhinus plumbeus | BZ33: SI | CA33: A II | CC33: Astronotus ocellatus | CD33: ISKNV-TRBIV
B34: 21 | N34: =INDEX(AMBIENTE!D$2:D$797,MATCH(R34,AMBIENTE!C$2:C$797,0)) -> #N/A | AG34: =IFERROR(VLOOKUP(Item[[#This Row],[Concatenado]],CITES[],2,FALSE),"") | AI34: =IFERROR(VLOOKUP(Item[[#This Row],[Concatenado]],SuscepEARs[],2,FALSE),"") | AM34: 21 | AN34: =CONCATENATE(R34," ",Y34) | AO34: =C34 -> 0 | AP34: =J34 -> 0 | AQ34: =IFERROR(N34,"") | AR34: =SUMIF('Acuario (Arribado - mortalidad)'!$B$15:$B$244,'ORDEN DE CUARENTENA'!B34,'Acuario (Arribado - mortalidad)'!$F$15:$F$244) -> 0 | AS34: =IF(AR34>0, IF(SUMIF('Acuario (Arribado - mortalidad)'!$B$15:$B$244,'ORDEN DE CUARENTENA'!B34,'Acuario (Arribado - mortalidad)'!$K$15:$K$244)=0, "0", SUMIF('Acuario (Arribado - mortalidad)'!$B$15:$B$244,'ORDEN DE CUARENTENA'!B34,'Acuario (Arribado - mortalidad)'!$K$15:$K$244)),"") | AT34: =IF(AR34 = AS34,"0", SUMIF('Acuario (Arribado - mortalidad)'!$B$15:$B$244,'ORDEN DE CUARENTENA'!B34,'Acuario (Arribado - mortalidad)'!$G$15:$G$244)) -> 0 | AU34: =IFERROR(Item[[#This Row],[mortalidad acumulada]]/Item[[#This Row],[cantidad arribada]],"") | AV34: =IF(ISTEXT(R34),IF(Item[[#This Row],[cantidad arribada]]=0,"No llega",Item[[#This Row],[cantidad arribada]]),) -> 0 | AW34: =IFERROR(VLOOKUP(B34,'Tratamientos-Eventos'!$B$9:$S$20,19,FALSE),"") | AX34: =SUMIF('Acuario (Arribado - mortalidad)'!$B$15:$B$244,'ORDEN DE CUARENTENA'!B34,'Acuario (Arribado - mortalidad)'!$O$15:$O$244) -> 0 | AY34: =SUMIF('Acuario (Arribado - mortalidad)'!$B$15:$B$244,'ORDEN DE CUARENTENA'!B34,'Acuario (Arribado - mortalidad)'!$BG$15:$BG$244) -> 0 | AZ34: =SUMIF('Acuario (Arribado - mortalidad)'!$B$15:$B$244,'ORDEN DE CUARENTENA'!B34,'Acuario (Arribado - mortalidad)'!$BH$15:$BH$244) -> 0 | BA34: =IFERROR(Item[[#This Row],[Mortalidad dia 1]]/Item[[#This Row],[cantidad arribada]],"") | BB34: =IFERROR(Item[[#This Row],[Mortalidad 2 a 8 (Sem 1)]]/Item[[#This Row],[cantidad arribada]],"") | BC34: =IFERROR(Item[[#This Row],[Mortalidad 9 a 15 (Sem 2)]]/Item[[#This Row],[cantidad arribada]],"") | BD34: =AC34 -> 0 | BF34: =SUMIF('Acuario (Arribado - mortalidad)'!$B$15:$B$244,'ORDEN DE CUARENTENA'!B34,'Acuario (Arribado - mortalidad)'!$F$15:$F$244) -> 0 | BG34: =SUMIF('Acuario (Arribado - mortalidad)'!$B$15:$B$244,'ORDEN DE CUARENTENA'!B34,'Acuario (Arribado - mortalidad)'!$K$15:$K$244) -> 0 | BH34: =SUMIF('Acuario (Arribado - mortalidad)'!$B$15:$B$244,'ORDEN DE CUARENTENA'!B34,'Acuario (Arribado - mortalidad)'!$G$15:$G$244) -> 0 | BI34: =SUMIF('Acuario (Arribado - mortalidad)'!$B$15:$B$244,'ORDEN DE CUARENTENA'!B34,'Acuario (Arribado - mortalidad)'!$O$15:$O$244) -> 0 | BJ34: =SUMIF('Acuario (Arribado - mortalidad)'!$B$15:$B$244,'ORDEN DE CUARENTENA'!B34,'Acuario (Arribado - mortalidad)'!$BG$15:$BG$244) -> 0 | BK34: =SUMIF('Acuario (Arribado - mortalidad)'!$B$15:$B$244,'ORDEN DE CUARENTENA'!B34,'Acuario (Arribado - mortalidad)'!$BH$15:$BH$244) -> 0 | BO34: Apogon | BP34: Heteractis | BR34: Stenorhynchus seticornis | BY34: Carcharhinus porosus | BZ34: SI | CA34: A II | CC34: Barbus peludinosus | CD34: SUE
B35: 22 | N35: =INDEX(AMBIENTE!D$2:D$797,MATCH(R35,AMBIENTE!C$2:C$797,0)) -> #N/A | AG35: =IFERROR(VLOOKUP(Item[[#This Row],[Concatenado]],CITES[],2,FALSE),"") | AI35: =IFERROR(VLOOKUP(Item[[#This Row],[Concatenado]],SuscepEARs[],2,FALSE),"") | AM35: 22 | AN35: =CONCATENATE(R35," ",Y35) | AO35: =C35 -> 0 | AP35: =J35 -> 0 | AQ35: =IFERROR(N35,"") | AR35: =SUMIF('Acuario (Arribado - mortalidad)'!$B$15:$B$244,'ORDEN DE CUARENTENA'!B35,'Acuario (Arribado - mortalidad)'!$F$15:$F$244) -> 0 | AS35: =IF(AR35>0, IF(SUMIF('Acuario (Arribado - mortalidad)'!$B$15:$B$244,'ORDEN DE CUARENTENA'!B35,'Acuario (Arribado - mortalidad)'!$K$15:$K$244)=0, "0", SUMIF('Acuario (Arribado - mortalidad)'!$B$15:$B$244,'ORDEN DE CUARENTENA'!B35,'Acuario (Arribado - mortalidad)'!$K$15:$K$244)),"") | AT35: =IF(AR35 = AS35,"0", SUMIF('Acuario (Arribado - mortalidad)'!$B$15:$B$244,'ORDEN DE CUARENTENA'!B35,'Acuario (Arribado - mortalidad)'!$G$15:$G$244)) -> 0 | AU35: =IFERROR(Item[[#This Row],[mortalidad acumulada]]/Item[[#This Row],[cantidad arribada]],"") | AV35: =IF(ISTEXT(R35),IF(Item[[#This Row],[cantidad arribada]]=0,"No llega",Item[[#This Row],[cantidad arribada]]),) -> 0 | AW35: =IFERROR(VLOOKUP(B35,'Tratamientos-Eventos'!$B$9:$S$20,19,FALSE),"") | AX35: =SUMIF('Acuario (Arribado - mortalidad)'!$B$15:$B$244,'ORDEN DE CUARENTENA'!B35,'Acuario (Arribado - mortalidad)'!$O$15:$O$244) -> 0 | AY35: =SUMIF('Acuario (Arribado - mortalidad)'!$B$15:$B$244,'ORDEN DE CUARENTENA'!B35,'Acuario (Arribado - mortalidad)'!$BG$15:$BG$244) -> 0 | AZ35: =SUMIF('Acuario (Arribado - mortalidad)'!$B$15:$B$244,'ORDEN DE CUARENTENA'!B35,'Acuario (Arribado - mortalidad)'!$BH$15:$BH$244) -> 0 | BA35: =IFERROR(Item[[#This Row],[Mortalidad dia 1]]/Item[[#This Row],[cantidad arribada]],"") | BB35: =IFERROR(Item[[#This Row],[Mortalidad 2 a 8 (Sem 1)]]/Item[[#This Row],[cantidad arribada]],"") | BC35: =IFERROR(Item[[#This Row],[Mortalidad 9 a 15 (Sem 2)]]/Item[[#This Row],[cantidad arribada]],"") | BD35: =AC35 -> 0 | BF35: =SUMIF('Acuario (Arribado - mortalidad)'!$B$15:$B$244,'ORDEN DE CUARENTENA'!B35,'Acuario (Arribado - mortalidad)'!$F$15:$F$244) -> 0 | BG35: =SUMIF('Acuario (Arribado - mortalidad)'!$B$15:$B$244,'ORDEN DE CUARENTENA'!B35,'Acuario (Arribado - mortalidad)'!$K$15:$K$244) -> 0 | BH35: =SUMIF('Acuario (Arribado - mortalidad)'!$B$15:$B$244,'ORDEN DE CUARENTENA'!B35,'Acuario (Arribado - mortalidad)'!$G$15:$G$244) -> 0 | BI35: =SUMIF('Acuario (Arribado - mortalidad)'!$B$15:$B$244,'ORDEN DE CUARENTENA'!B35,'Acuario (Arribado - mortalidad)'!$O$15:$O$244) -> 0 | BJ35: =SUMIF('Acuario (Arribado - mortalidad)'!$B$15:$B$244,'ORDEN DE CUARENTENA'!B35,'Acuario (Arribado - mortalidad)'!$BG$15:$BG$244) -> 0 | BK35: =SUMIF('Acuario (Arribado - mortalidad)'!$B$15:$B$244,'ORDEN DE CUARENTENA'!B35,'Acuario (Arribado - mortalidad)'!$BH$15:$BH$244) -> 0 | BO35: Apolemichthys | BP35: Hydnophora | BR35: Thor amboinensis | BY35: Carcharhinus sealei | BZ35: SI | CA35: A II | CC35: Barbus poechii | CD35: SUE
B36: 23 | N36: =INDEX(AMBIENTE!D$2:D$797,MATCH(R36,AMBIENTE!C$2:C$797,0)) -> #N/A | AG36: =IFERROR(VLOOKUP(Item[[#This Row],[Concatenado]],CITES[],2,FALSE),"") | AI36: =IFERROR(VLOOKUP(Item[[#This Row],[Concatenado]],SuscepEARs[],2,FALSE),"") | AM36: 23 | AN36: =CONCATENATE(R36," ",Y36) | AO36: =C36 -> 0 | AP36: =J36 -> 0 | AQ36: =IFERROR(N36,"") | AR36: =SUMIF('Acuario (Arribado - mortalidad)'!$B$15:$B$244,'ORDEN DE CUARENTENA'!B36,'Acuario (Arribado - mortalidad)'!$F$15:$F$244) -> 0 | AS36: =IF(AR36>0, IF(SUMIF('Acuario (Arribado - mortalidad)'!$B$15:$B$244,'ORDEN DE CUARENTENA'!B36,'Acuario (Arribado - mortalidad)'!$K$15:$K$244)=0, "0", SUMIF('Acuario (Arribado - mortalidad)'!$B$15:$B$244,'ORDEN DE CUARENTENA'!B36,'Acuario (Arribado - mortalidad)'!$K$15:$K$244)),"") | AT36: =IF(AR36 = AS36,"0", SUMIF('Acuario (Arribado - mortalidad)'!$B$15:$B$244,'ORDEN DE CUARENTENA'!B36,'Acuario (Arribado - mortalidad)'!$G$15:$G$244)) -> 0 | AU36: =IFERROR(Item[[#This Row],[mortalidad acumulada]]/Item[[#This Row],[cantidad arribada]],"") | AV36: =IF(ISTEXT(R36),IF(Item[[#This Row],[cantidad arribada]]=0,"No llega",Item[[#This Row],[cantidad arribada]]),) -> 0 | AW36: =IFERROR(VLOOKUP(B36,'Tratamientos-Eventos'!$B$9:$S$20,19,FALSE),"") | AX36: =SUMIF('Acuario (Arribado - mortalidad)'!$B$15:$B$244,'ORDEN DE CUARENTENA'!B36,'Acuario (Arribado - mortalidad)'!$O$15:$O$244) -> 0 | AY36: =SUMIF('Acuario (Arribado - mortalidad)'!$B$15:$B$244,'ORDEN DE CUARENTENA'!B36,'Acuario (Arribado - mortalidad)'!$BG$15:$BG$244) -> 0 | AZ36: =SUMIF('Acuario (Arribado - mortalidad)'!$B$15:$B$244,'ORDEN DE CUARENTENA'!B36,'Acuario (Arribado - mortalidad)'!$BH$15:$BH$244) -> 0 | BA36: =IFERROR(Item[[#This Row],[Mortalidad dia 1]]/Item[[#This Row],[cantidad arribada]],"") | BB36: =IFERROR(Item[[#This Row],[Mortalidad 2 a 8 (Sem 1)]]/Item[[#This Row],[cantidad arribada]],"") | BC36: =IFERROR(Item[[#This Row],[Mortalidad 9 a 15 (Sem 2)]]/Item[[#This Row],[cantidad arribada]],"") | BD36: =AC36 -> 0 | BF36: =SUMIF('Acuario (Arribado - mortalidad)'!$B$15:$B$244,'ORDEN DE CUARENTENA'!B36,'Acuario (Arribado - mortalidad)'!$F$15:$F$244) -> 0 | BG36: =SUMIF('Acuario (Arribado - mortalidad)'!$B$15:$B$244,'ORDEN DE CUARENTENA'!B36,'Acuario (Arribado - mortalidad)'!$K$15:$K$244) -> 0 | BH36: =SUMIF('Acuario (Arribado - mortalidad)'!$B$15:$B$244,'ORDEN DE CUARENTENA'!B36,'Acuario (Arribado - mortalidad)'!$G$15:$G$244) -> 0 | BI36: =SUMIF('Acuario (Arribado - mortalidad)'!$B$15:$B$244,'ORDEN DE CUARENTENA'!B36,'Acuario (Arribado - mortalidad)'!$O$15:$O$244) -> 0 | BJ36: =SUMIF('Acuario (Arribado - mortalidad)'!$B$15:$B$244,'ORDEN DE CUARENTENA'!B36,'Acuario (Arribado - mortalidad)'!$BG$15:$BG$244) -> 0 | BK36: =SUMIF('Acuario (Arribado - mortalidad)'!$B$15:$B$244,'ORDEN DE CUARENTENA'!B36,'Acuario (Arribado - mortalidad)'!$BH$15:$BH$244) -> 0 | BO36: Apteronotus | BP36: Hydnopora | BR36: Uca pugnax | BY36: Carcharhinus signatus | BZ36: SI | CA36: A II | CC36: Barbus thamalakanensis | CD36: SUE
B37: 24 | N37: =INDEX(AMBIENTE!D$2:D$797,MATCH(R37,AMBIENTE!C$2:C$797,0)) -> #N/A | AG37: =IFERROR(VLOOKUP(Item[[#This Row],[Concatenado]],CITES[],2,FALSE),"") | AI37: =IFERROR(VLOOKUP(Item[[#This Row],[Concatenado]],SuscepEARs[],2,FALSE),"") | AM37: 24 | AN37: =CONCATENATE(R37," ",Y37) | AO37: =C37 -> 0 | AP37: =J37 -> 0 | AQ37: =IFERROR(N37,"") | AR37: =SUMIF('Acuario (Arribado - mortalidad)'!$B$15:$B$244,'ORDEN DE CUARENTENA'!B37,'Acuario (Arribado - mortalidad)'!$F$15:$F$244) -> 0 | AS37: =IF(AR37>0, IF(SUMIF('Acuario (Arribado - mortalidad)'!$B$15:$B$244,'ORDEN DE CUARENTENA'!B37,'Acuario (Arribado - mortalidad)'!$K$15:$K$244)=0, "0", SUMIF('Acuario (Arribado - mortalidad)'!$B$15:$B$244,'ORDEN DE CUARENTENA'!B37,'Acuario (Arribado - mortalidad)'!$K$15:$K$244)),"") | AT37: =IF(AR37 = AS37,"0", SUMIF('Acuario (Arribado - mortalidad)'!$B$15:$B$244,'ORDEN DE CUARENTENA'!B37,'Acuario (Arribado - mortalidad)'!$G$15:$G$244)) -> 0 | AU37: =IFERROR(Item[[#This Row],[mortalidad acumulada]]/Item[[#This Row],[cantidad arribada]],"") | AV37: =IF(ISTEXT(R37),IF(Item[[#This Row],[cantidad arribada]]=0,"No llega",Item[[#This Row],[cantidad arribada]]),) -> 0 | AW37: =IFERROR(VLOOKUP(B37,'Tratamientos-Eventos'!$B$9:$S$20,19,FALSE),"") | AX37: =SUMIF('Acuario (Arribado - mortalidad)'!$B$15:$B$244,'ORDEN DE CUARENTENA'!B37,'Acuario (Arribado - mortalidad)'!$O$15:$O$244) -> 0 | AY37: =SUMIF('Acuario (Arribado - mortalidad)'!$B$15:$B$244,'ORDEN DE CUARENTENA'!B37,'Acuario (Arribado - mortalidad)'!$BG$15:$BG$244) -> 0 | AZ37: =SUMIF('Acuario (Arribado - mortalidad)'!$B$15:$B$244,'ORDEN DE CUARENTENA'!B37,'Acuario (Arribado - mortalidad)'!$BH$15:$BH$244) -> 0 | BA37: =IFERROR(Item[[#This Row],[Mortalidad dia 1]]/Item[[#This Row],[cantidad arribada]],"") | BB37: =IFERROR(Item[[#This Row],[Mortalidad 2 a 8 (Sem 1)]]/Item[[#This Row],[cantidad arribada]],"") | BC37: =IFERROR(Item[[#This Row],[Mortalidad 9 a 15 (Sem 2)]]/Item[[#This Row],[cantidad arribada]],"") | BD37: =AC37 -> 0 | BF37: =SUMIF('Acuario (Arribado - mortalidad)'!$B$15:$B$244,'ORDEN DE CUARENTENA'!B37,'Acuario (Arribado - mortalidad)'!$F$15:$F$244) -> 0 | BG37: =SUMIF('Acuario (Arribado - mortalidad)'!$B$15:$B$244,'ORDEN DE CUARENTENA'!B37,'Acuario (Arribado - mortalidad)'!$K$15:$K$244) -> 0 | BH37: =SUMIF('Acuario (Arribado - mortalidad)'!$B$15:$B$244,'ORDEN DE CUARENTENA'!B37,'Acuario (Arribado - mortalidad)'!$G$15:$G$244) -> 0 | BI37: =SUMIF('Acuario (Arribado - mortalidad)'!$B$15:$B$244,'ORDEN DE CUARENTENA'!B37,'Acuario (Arribado - mortalidad)'!$O$15:$O$244) -> 0 | BJ37: =SUMIF('Acuario (Arribado - mortalidad)'!$B$15:$B$244,'ORDEN DE CUARENTENA'!B37,'Acuario (Arribado - mortalidad)'!$BG$15:$BG$244) -> 0 | BK37: =SUMIF('Acuario (Arribado - mortalidad)'!$B$15:$B$244,'ORDEN DE CUARENTENA'!B37,'Acuario (Arribado - mortalidad)'!$BH$15:$BH$244) -> 0 | BO37: Arapaima | BP37: Litophyton | BY37: Carcharhinus sorrah | BZ37: SI | CA37: A II | CC37: Brycinus lateralis | CD37: SUE
B38: 25 | N38: =INDEX(AMBIENTE!D$2:D$797,MATCH(R38,AMBIENTE!C$2:C$797,0)) -> #N/A | AG38: =IFERROR(VLOOKUP(Item[[#This Row],[Concatenado]],CITES[],2,FALSE),"") | AI38: =IFERROR(VLOOKUP(Item[[#This Row],[Concatenado]],SuscepEARs[],2,FALSE),"") | AM38: 25 | AN38: =CONCATENATE(R38," ",Y38) | AO38: =C38 -> 0 | AP38: =J38 -> 0 | AQ38: =IFERROR(N38,"") | AR38: =SUMIF('Acuario (Arribado - mortalidad)'!$B$15:$B$244,'ORDEN DE CUARENTENA'!B38,'Acuario (Arribado - mortalidad)'!$F$15:$F$244) -> 0 | AS38: =IF(AR38>0, IF(SUMIF('Acuario (Arribado - mortalidad)'!$B$15:$B$244,'ORDEN DE CUARENTENA'!B38,'Acuario (Arribado - mortalidad)'!$K$15:$K$244)=0, "0", SUMIF('Acuario (Arribado - mortalidad)'!$B$15:$B$244,'ORDEN DE CUARENTENA'!B38,'Acuario (Arribado - mortalidad)'!$K$15:$K$244)),"") | AT38: =IF(AR38 = AS38,"0", SUMIF('Acuario (Arribado - mortalidad)'!$B$15:$B$244,'ORDEN DE CUARENTENA'!B38,'Acuario (Arribado - mortalidad)'!$G$15:$G$244)) -> 0 | AU38: =IFERROR(Item[[#This Row],[mortalidad acumulada]]/Item[[#This Row],[cantidad arribada]],"") | AV38: =IF(ISTEXT(R38),IF(Item[[#This Row],[cantidad arribada]]=0,"No llega",Item[[#This Row],[cantidad arribada]]),) -> 0 | AW38: =IFERROR(VLOOKUP(B38,'Tratamientos-Eventos'!$B$9:$S$20,19,FALSE),"") | AX38: =SUMIF('Acuario (Arribado - mortalidad)'!$B$15:$B$244,'ORDEN DE CUARENTENA'!B38,'Acuario (Arribado - mortalidad)'!$O$15:$O$244) -> 0 | AY38: =SUMIF('Acuario (Arribado - mortalidad)'!$B$15:$B$244,'ORDEN DE CUARENTENA'!B38,'Acuario (Arribado - mortalidad)'!$BG$15:$BG$244) -> 0 | AZ38: =SUMIF('Acuario (Arribado - mortalidad)'!$B$15:$B$244,'ORDEN DE CUARENTENA'!B38,'Acuario (Arribado - mortalidad)'!$BH$15:$BH$244) -> 0 | BA38: =IFERROR(Item[[#This Row],[Mortalidad dia 1]]/Item[[#This Row],[cantidad arribada]],"") | BB38: =IFERROR(Item[[#This Row],[Mortalidad 2 a 8 (Sem 1)]]/Item[[#This Row],[cantidad arribada]],"") | BC38: =IFERROR(Item[[#This Row],[Mortalidad 9 a 15 (Sem 2)]]/Item[[#This Row],[cantidad arribada]],"") | BD38: =AC38 -> 0 | BF38: =SUMIF('Acuario (Arribado - mortalidad)'!$B$15:$B$244,'ORDEN DE CUARENTENA'!B38,'Acuario (Arribado - mortalidad)'!$F$15:$F$244) -> 0 | BG38: =SUMIF('Acuario (Arribado - mortalidad)'!$B$15:$B$244,'ORDEN DE CUARENTENA'!B38,'Acuario (Arribado - mortalidad)'!$K$15:$K$244) -> 0 | BH38: =SUMIF('Acuario (Arribado - mortalidad)'!$B$15:$B$244,'ORDEN DE CUARENTENA'!B38,'Acuario (Arribado - mortalidad)'!$G$15:$G$244) -> 0 | BI38: =SUMIF('Acuario (Arribado - mortalidad)'!$B$15:$B$244,'ORDEN DE CUARENTENA'!B38,'Acuario (Arribado - mortalidad)'!$O$15:$O$244) -> 0 | BJ38: =SUMIF('Acuario (Arribado - mortalidad)'!$B$15:$B$244,'ORDEN DE CUARENTENA'!B38,'Acuario (Arribado - mortalidad)'!$BG$15:$BG$244) -> 0 | BK38: =SUMIF('Acuario (Arribado - mortalidad)'!$B$15:$B$244,'ORDEN DE CUARENTENA'!B38,'Acuario (Arribado - mortalidad)'!$BH$15:$BH$244) -> 0 | BO38: Archocentrus | BP38: Lobophyllia | BY38: Carcharhinus tilstoni | BZ38: SI | CA38: A II | CC38: Carassius auratus | CD38: SUE-VPC
B39: 26 | N39: =INDEX(AMBIENTE!D$2:D$797,MATCH(R39,AMBIENTE!C$2:C$797,0)) -> #N/A | AG39: =IFERROR(VLOOKUP(Item[[#This Row],[Concatenado]],CITES[],2,FALSE),"") | AI39: =IFERROR(VLOOKUP(Item[[#This Row],[Concatenado]],SuscepEARs[],2,FALSE),"") | AM39: 26 | AN39: =CONCATENATE(R39," ",Y39) | AO39: =C39 -> 0 | AP39: =J39 -> 0 | AQ39: =IFERROR(N39,"") | AR39: =SUMIF('Acuario (Arribado - mortalidad)'!$B$15:$B$244,'ORDEN DE CUARENTENA'!B39,'Acuario (Arribado - mortalidad)'!$F$15:$F$244) -> 0 | AS39: =IF(AR39>0, IF(SUMIF('Acuario (Arribado - mortalidad)'!$B$15:$B$244,'ORDEN DE CUARENTENA'!B39,'Acuario (Arribado - mortalidad)'!$K$15:$K$244)=0, "0", SUMIF('Acuario (Arribado - mortalidad)'!$B$15:$B$244,'ORDEN DE CUARENTENA'!B39,'Acuario (Arribado - mortalidad)'!$K$15:$K$244)),"") | AT39: =IF(AR39 = AS39,"0", SUMIF('Acuario (Arribado - mortalidad)'!$B$15:$B$244,'ORDEN DE CUARENTENA'!B39,'Acuario (Arribado - mortalidad)'!$G$15:$G$244)) -> 0 | AU39: =IFERROR(Item[[#This Row],[mortalidad acumulada]]/Item[[#This Row],[cantidad arribada]],"") | AV39: =IF(ISTEXT(R39),IF(Item[[#This Row],[cantidad arribada]]=0,"No llega",Item[[#This Row],[cantidad arribada]]),) -> 0 | AW39: =IFERROR(VLOOKUP(B39,'Tratamientos-Eventos'!$B$9:$S$20,19,FALSE),"") | AX39: =SUMIF('Acuario (Arribado - mortalidad)'!$B$15:$B$244,'ORDEN DE CUARENTENA'!B39,'Acuario (Arribado - mortalidad)'!$O$15:$O$244) -> 0 | AY39: =SUMIF('Acuario (Arribado - mortalidad)'!$B$15:$B$244,'ORDEN DE CUARENTENA'!B39,'Acuario (Arribado - mortalidad)'!$BG$15:$BG$244) -> 0 | AZ39: =SUMIF('Acuario (Arribado - mortalidad)'!$B$15:$B$244,'ORDEN DE CUARENTENA'!B39,'Acuario (Arribado - mortalidad)'!$BH$15:$BH$244) -> 0 | BA39: =IFERROR(Item[[#This Row],[Mortalidad dia 1]]/Item[[#This Row],[cantidad arribada]],"") | BB39: =IFERROR(Item[[#This Row],[Mortalidad 2 a 8 (Sem 1)]]/Item[[#This Row],[cantidad arribada]],"") | BC39: =IFERROR(Item[[#This Row],[Mortalidad 9 a 15 (Sem 2)]]/Item[[#This Row],[cantidad arribada]],"") | BD39: =AC39 -> 0 | BF39: =SUMIF('Acuario (Arribado - mortalidad)'!$B$15:$B$244,'ORDEN DE CUARENTENA'!B39,'Acuario (Arribado - mortalidad)'!$F$15:$F$244) -> 0 | BG39: =SUMIF('Acuario (Arribado - mortalidad)'!$B$15:$B$244,'ORDEN DE CUARENTENA'!B39,'Acuario (Arribado - mortalidad)'!$K$15:$K$244) -> 0 | BH39: =SUMIF('Acuario (Arribado - mortalidad)'!$B$15:$B$244,'ORDEN DE CUARENTENA'!B39,'Acuario (Arribado - mortalidad)'!$G$15:$G$244) -> 0 | BI39: =SUMIF('Acuario (Arribado - mortalidad)'!$B$15:$B$244,'ORDEN DE CUARENTENA'!B39,'Acuario (Arribado - mortalidad)'!$O$15:$O$244) -> 0 | BJ39: =SUMIF('Acuario (Arribado - mortalidad)'!$B$15:$B$244,'ORDEN DE CUARENTENA'!B39,'Acuario (Arribado - mortalidad)'!$BG$15:$BG$244) -> 0 | BK39: =SUMIF('Acuario (Arribado - mortalidad)'!$B$15:$B$244,'ORDEN DE CUARENTENA'!B39,'Acuario (Arribado - mortalidad)'!$BH$15:$BH$244) -> 0 | BO39: Ariopsis | BP39: Lobophytum | BY39: Carcharhinus tjutjot | BZ39: SI | CA39: A II | CC39: Channa marulius | CD39: SUE
B40: 27 | N40: =INDEX(AMBIENTE!D$2:D$797,MATCH(R40,AMBIENTE!C$2:C$797,0)) -> #N/A | AG40: =IFERROR(VLOOKUP(Item[[#This Row],[Concatenado]],CITES[],2,FALSE),"") | AI40: =IFERROR(VLOOKUP(Item[[#This Row],[Concatenado]],SuscepEARs[],2,FALSE),"") | AM40: 27 | AN40: =CONCATENATE(R40," ",Y40) | AO40: =C40 -> 0 | AP40: =J40 -> 0 | AQ40: =IFERROR(N40,"") | AR40: =SUMIF('Acuario (Arribado - mortalidad)'!$B$15:$B$244,'ORDEN DE CUARENTENA'!B40,'Acuario (Arribado - mortalidad)'!$F$15:$F$244) -> 0 | AS40: =IF(AR40>0, IF(SUMIF('Acuario (Arribado - mortalidad)'!$B$15:$B$244,'ORDEN DE CUARENTENA'!B40,'Acuario (Arribado - mortalidad)'!$K$15:$K$244)=0, "0", SUMIF('Acuario (Arribado - mortalidad)'!$B$15:$B$244,'ORDEN DE CUARENTENA'!B40,'Acuario (Arribado - mortalidad)'!$K$15:$K$244)),"") | AT40: =IF(AR40 = AS40,"0", SUMIF('Acuario (Arribado - mortalidad)'!$B$15:$B$244,'ORDEN DE CUARENTENA'!B40,'Acuario (Arribado - mortalidad)'!$G$15:$G$244)) -> 0 | AU40: =IFERROR(Item[[#This Row],[mortalidad acumulada]]/Item[[#This Row],[cantidad arribada]],"") | AV40: =IF(ISTEXT(R40),IF(Item[[#This Row],[cantidad arribada]]=0,"No llega",Item[[#This Row],[cantidad arribada]]),) -> 0 | AW40: =IFERROR(VLOOKUP(B40,'Tratamientos-Eventos'!$B$9:$S$20,19,FALSE),"") | AX40: =SUMIF('Acuario (Arribado - mortalidad)'!$B$15:$B$244,'ORDEN DE CUARENTENA'!B40,'Acuario (Arribado - mortalidad)'!$O$15:$O$244) -> 0 | AY40: =SUMIF('Acuario (Arribado - mortalidad)'!$B$15:$B$244,'ORDEN DE CUARENTENA'!B40,'Acuario (Arribado - mortalidad)'!$BG$15:$BG$244) -> 0 | AZ40: =SUMIF('Acuario (Arribado - mortalidad)'!$B$15:$B$244,'ORDEN DE CUARENTENA'!B40,'Acuario (Arribado - mortalidad)'!$BH$15:$BH$244) -> 0 | BA40: =IFERROR(Item[[#This Row],[Mortalidad dia 1]]/Item[[#This Row],[cantidad arribada]],"") | BB40: =IFERROR(Item[[#This Row],[Mortalidad 2 a 8 (Sem 1)]]/Item[[#This Row],[cantidad arribada]],"") | BC40: =IFERROR(Item[[#This Row],[Mortalidad 9 a 15 (Sem 2)]]/Item[[#This Row],[cantidad arribada]],"") | BD40: =AC40 -> 0 | BF40: =SUMIF('Acuario (Arribado - mortalidad)'!$B$15:$B$244,'ORDEN DE CUARENTENA'!B40,'Acuario (Arribado - mortalidad)'!$F$15:$F$244) -> 0 | BG40: =SUMIF('Acuario (Arribado - mortalidad)'!$B$15:$B$244,'ORDEN DE CUARENTENA'!B40,'Acuario (Arribado - mortalidad)'!$K$15:$K$244) -> 0 | BH40: =SUMIF('Acuario (Arribado - mortalidad)'!$B$15:$B$244,'ORDEN DE CUARENTENA'!B40,'Acuario (Arribado - mortalidad)'!$G$15:$G$244) -> 0 | BI40: =SUMIF('Acuario (Arribado - mortalidad)'!$B$15:$B$244,'ORDEN DE CUARENTENA'!B40,'Acuario (Arribado - mortalidad)'!$O$15:$O$244) -> 0 | BJ40: =SUMIF('Acuario (Arribado - mortalidad)'!$B$15:$B$244,'ORDEN DE CUARENTENA'!B40,'Acuario (Arribado - mortalidad)'!$BG$15:$BG$244) -> 0 | BK40: =SUMIF('Acuario (Arribado - mortalidad)'!$B$15:$B$244,'ORDEN DE CUARENTENA'!B40,'Acuario (Arribado - mortalidad)'!$BH$15:$BH$244) -> 0 | BO40: Aristochromis | BP40: Merulina | BY40: Duncanopsammia axifuga | BZ40: SI | CA40: A II | CC40: Channa striatus | CD40: SUE
B41: 28 | N41: =INDEX(AMBIENTE!D$2:D$797,MATCH(R41,AMBIENTE!C$2:C$797,0)) -> #N/A | AG41: =IFERROR(VLOOKUP(Item[[#This Row],[Concatenado]],CITES[],2,FALSE),"") | AI41: =IFERROR(VLOOKUP(Item[[#This Row],[Concatenado]],SuscepEARs[],2,FALSE),"") | AM41: 28 | AN41: =CONCATENATE(R41," ",Y41) | AO41: =C41 -> 0 | AP41: =J41 -> 0 | AQ41: =IFERROR(N41,"") | AR41: =SUMIF('Acuario (Arribado - mortalidad)'!$B$15:$B$244,'ORDEN DE CUARENTENA'!B41,'Acuario (Arribado - mortalidad)'!$F$15:$F$244) -> 0 | AS41: =IF(AR41>0, IF(SUMIF('Acuario (Arribado - mortalidad)'!$B$15:$B$244,'ORDEN DE CUARENTENA'!B41,'Acuario (Arribado - mortalidad)'!$K$15:$K$244)=0, "0", SUMIF('Acuario (Arribado - mortalidad)'!$B$15:$B$244,'ORDEN DE CUARENTENA'!B41,'Acuario (Arribado - mortalidad)'!$K$15:$K$244)),"") | AT41: =IF(AR41 = AS41,"0", SUMIF('Acuario (Arribado - mortalidad)'!$B$15:$B$244,'ORDEN DE CUARENTENA'!B41,'Acuario (Arribado - mortalidad)'!$G$15:$G$244)) -> 0 | AU41: =IFERROR(Item[[#This Row],[mortalidad acumulada]]/Item[[#This Row],[cantidad arribada]],"") | AV41: =IF(ISTEXT(R41),IF(Item[[#This Row],[cantidad arribada]]=0,"No llega",Item[[#This Row],[cantidad arribada]]),) -> 0 | AW41: =IFERROR(VLOOKUP(B41,'Tratamientos-Eventos'!$B$9:$S$20,19,FALSE),"") | AX41: =SUMIF('Acuario (Arribado - mortalidad)'!$B$15:$B$244,'ORDEN DE CUARENTENA'!B41,'Acuario (Arribado - mortalidad)'!$O$15:$O$244) -> 0 | AY41: =SUMIF('Acuario (Arribado - mortalidad)'!$B$15:$B$244,'ORDEN DE CUARENTENA'!B41,'Acuario (Arribado - mortalidad)'!$BG$15:$BG$244) -> 0 | AZ41: =SUMIF('Acuario (Arribado - mortalidad)'!$B$15:$B$244,'ORDEN DE CUARENTENA'!B41,'Acuario (Arribado - mortalidad)'!$BH$15:$BH$244) -> 0 | BA41: =IFERROR(Item[[#This Row],[Mortalidad dia 1]]/Item[[#This Row],[cantidad arribada]],"") | BB41: =IFERROR(Item[[#This Row],[Mortalidad 2 a 8 (Sem 1)]]/Item[[#This Row],[cantidad arribada]],"") | BC41: =IFERROR(Item[[#This Row],[Mortalidad 9 a 15 (Sem 2)]]/Item[[#This Row],[cantidad arribada]],"") | BD41: =AC41 -> 0 | BF41: =SUMIF('Acuario (Arribado - mortalidad)'!$B$15:$B$244,'ORDEN DE CUARENTENA'!B41,'Acuario (Arribado - mortalidad)'!$F$15:$F$244) -> 0 | BG41: =SUMIF('Acuario (Arribado - mortalidad)'!$B$15:$B$244,'ORDEN DE CUARENTENA'!B41,'Acuario (Arribado - mortalidad)'!$K$15:$K$244) -> 0 | BH41: =SUMIF('Acuario (Arribado - mortalidad)'!$B$15:$B$244,'ORDEN DE CUARENTENA'!B41,'Acuario (Arribado - mortalidad)'!$G$15:$G$244) -> 0 | BI41: =SUMIF('Acuario (Arribado - mortalidad)'!$B$15:$B$244,'ORDEN DE CUARENTENA'!B41,'Acuario (Arribado - mortalidad)'!$O$15:$O$244) -> 0 | BJ41: =SUMIF('Acuario (Arribado - mortalidad)'!$B$15:$B$244,'ORDEN DE CUARENTENA'!B41,'Acuario (Arribado - mortalidad)'!$BG$15:$BG$244) -> 0 | BK41: =SUMIF('Acuario (Arribado - mortalidad)'!$B$15:$B$244,'ORDEN DE CUARENTENA'!B41,'Acuario (Arribado - mortalidad)'!$BH$15:$BH$244) -> 0 | BO41: Arius | BP41: Montastraea | BY41: Holacanthus clarionensis | BZ41: SI | CA41: Holacanthus clarionensis(A II) | CC41: Ctenopharyngodon idella | CD41: VPC
B42: 29 | N42: =INDEX(AMBIENTE!D$2:D$797,MATCH(R42,AMBIENTE!C$2:C$797,0)) -> #N/A | AG42: =IFERROR(VLOOKUP(Item[[#This Row],[Concatenado]],CITES[],2,FALSE),"") | AI42: =IFERROR(VLOOKUP(Item[[#This Row],[Concatenado]],SuscepEARs[],2,FALSE),"") | AM42: 29 | AN42: =CONCATENATE(R42," ",Y42) | AO42: =C42 -> 0 | AP42: =J42 -> 0 | AQ42: =IFERROR(N42,"") | AR42: =SUMIF('Acuario (Arribado - mortalidad)'!$B$15:$B$244,'ORDEN DE CUARENTENA'!B42,'Acuario (Arribado - mortalidad)'!$F$15:$F$244) -> 0 | AS42: =IF(AR42>0, IF(SUMIF('Acuario (Arribado - mortalidad)'!$B$15:$B$244,'ORDEN DE CUARENTENA'!B42,'Acuario (Arribado - mortalidad)'!$K$15:$K$244)=0, "0", SUMIF('Acuario (Arribado - mortalidad)'!$B$15:$B$244,'ORDEN DE CUARENTENA'!B42,'Acuario (Arribado - mortalidad)'!$K$15:$K$244)),"") | AT42: =IF(AR42 = AS42,"0", SUMIF('Acuario (Arribado - mortalidad)'!$B$15:$B$244,'ORDEN DE CUARENTENA'!B42,'Acuario (Arribado - mortalidad)'!$G$15:$G$244)) -> 0 | AU42: =IFERROR(Item[[#This Row],[mortalidad acumulada]]/Item[[#This Row],[cantidad arribada]],"") | AV42: =IF(ISTEXT(R42),IF(Item[[#This Row],[cantidad arribada]]=0,"No llega",Item[[#This Row],[cantidad arribada]]),) -> 0 | AW42: =IFERROR(VLOOKUP(B42,'Tratamientos-Eventos'!$B$9:$S$20,19,FALSE),"") | AX42: =SUMIF('Acuario (Arribado - mortalidad)'!$B$15:$B$244,'ORDEN DE CUARENTENA'!B42,'Acuario (Arribado - mortalidad)'!$O$15:$O$244) -> 0 | AY42: =SUMIF('Acuario (Arribado - mortalidad)'!$B$15:$B$244,'ORDEN DE CUARENTENA'!B42,'Acuario (Arribado - mortalidad)'!$BG$15:$BG$244) -> 0 | AZ42: =SUMIF('Acuario (Arribado - mortalidad)'!$B$15:$B$244,'ORDEN DE CUARENTENA'!B42,'Acuario (Arribado - mortalidad)'!$BH$15:$BH$244) -> 0 | BA42: =IFERROR(Item[[#This Row],[Mortalidad dia 1]]/Item[[#This Row],[cantidad arribada]],"") | BB42: =IFERROR(Item[[#This Row],[Mortalidad 2 a 8 (Sem 1)]]/Item[[#This Row],[cantidad arribada]],"") | BC42: =IFERROR(Item[[#This Row],[Mortalidad 9 a 15 (Sem 2)]]/Item[[#This Row],[cantidad arribada]],"") | BD42: =AC42 -> 0 | BF42: =SUMIF('Acuario (Arribado - mortalidad)'!$B$15:$B$244,'ORDEN DE CUARENTENA'!B42,'Acuario (Arribado - mortalidad)'!$F$15:$F$244) -> 0 | BG42: =SUMIF('Acuario (Arribado - mortalidad)'!$B$15:$B$244,'ORDEN DE CUARENTENA'!B42,'Acuario (Arribado - mortalidad)'!$K$15:$K$244) -> 0 | BH42: =SUMIF('Acuario (Arribado - mortalidad)'!$B$15:$B$244,'ORDEN DE CUARENTENA'!B42,'Acuario (Arribado - mortalidad)'!$G$15:$G$244) -> 0 | BI42: =SUMIF('Acuario (Arribado - mortalidad)'!$B$15:$B$244,'ORDEN DE CUARENTENA'!B42,'Acuario (Arribado - mortalidad)'!$O$15:$O$244) -> 0 | BJ42: =SUMIF('Acuario (Arribado - mortalidad)'!$B$15:$B$244,'ORDEN DE CUARENTENA'!B42,'Acuario (Arribado - mortalidad)'!$BG$15:$BG$244) -> 0 | BK42: =SUMIF('Acuario (Arribado - mortalidad)'!$B$15:$B$244,'ORDEN DE CUARENTENA'!B42,'Acuario (Arribado - mortalidad)'!$BH$15:$BH$244) -> 0 | BO42: Arothron | BP42: Montipora | BY42: Osteoglossum formosus | BZ42: SI | CA42: Sinonimo Scleropages formosus (A I) | CC42: Cyprinus carpio | CD42: VPC-HCK
B43: 30 | N43: =INDEX(AMBIENTE!D$2:D$797,MATCH(R43,AMBIENTE!C$2:C$797,0)) -> #N/A | AG43: =IFERROR(VLOOKUP(Item[[#This Row],[Concatenado]],CITES[],2,FALSE),"") | AI43: =IFERROR(VLOOKUP(Item[[#This Row],[Concatenado]],SuscepEARs[],2,FALSE),"") | AM43: 30 | AN43: =CONCATENATE(R43," ",Y43) | AO43: =C43 -> 0 | AP43: =J43 -> 0 | AQ43: =IFERROR(N43,"") | AR43: =SUMIF('Acuario (Arribado - mortalidad)'!$B$15:$B$244,'ORDEN DE CUARENTENA'!B43,'Acuario (Arribado - mortalidad)'!$F$15:$F$244) -> 0 | AS43: =IF(AR43>0, IF(SUMIF('Acuario (Arribado - mortalidad)'!$B$15:$B$244,'ORDEN DE CUARENTENA'!B43,'Acuario (Arribado - mortalidad)'!$K$15:$K$244)=0, "0", SUMIF('Acuario (Arribado - mortalidad)'!$B$15:$B$244,'ORDEN DE CUARENTENA'!B43,'Acuario (Arribado - mortalidad)'!$K$15:$K$244)),"") | AT43: =IF(AR43 = AS43,"0", SUMIF('Acuario (Arribado - mortalidad)'!$B$15:$B$244,'ORDEN DE CUARENTENA'!B43,'Acuario (Arribado - mortalidad)'!$G$15:$G$244)) -> 0 | AU43: =IFERROR(Item[[#This Row],[mortalidad acumulada]]/Item[[#This Row],[cantidad arribada]],"") | AV43: =IF(ISTEXT(R43),IF(Item[[#This Row],[cantidad arribada]]=0,"No llega",Item[[#This Row],[cantidad arribada]]),) -> 0 | AW43: =IFERROR(VLOOKUP(B43,'Tratamientos-Eventos'!$B$9:$S$20,19,FALSE),"") | AX43: =SUMIF('Acuario (Arribado - mortalidad)'!$B$15:$B$244,'ORDEN DE CUARENTENA'!B43,'Acuario (Arribado - mortalidad)'!$O$15:$O$244) -> 0 | AY43: =SUMIF('Acuario (Arribado - mortalidad)'!$B$15:$B$244,'ORDEN DE CUARENTENA'!B43,'Acuario (Arribado - mortalidad)'!$BG$15:$BG$244) -> 0 | AZ43: =SUMIF('Acuario (Arribado - mortalidad)'!$B$15:$B$244,'ORDEN DE CUARENTENA'!B43,'Acuario (Arribado - mortalidad)'!$BH$15:$BH$244) -> 0 | BA43: =IFERROR(Item[[#This Row],[Mortalidad dia 1]]/Item[[#This Row],[cantidad arribada]],"") | BB43: =IFERROR(Item[[#This Row],[Mortalidad 2 a 8 (Sem 1)]]/Item[[#This Row],[cantidad arribada]],"") | BC43: =IFERROR(Item[[#This Row],[Mortalidad 9 a 15 (Sem 2)]]/Item[[#This Row],[cantidad arribada]],"") | BD43: =AC43 -> 0 | BF43: =SUMIF('Acuario (Arribado - mortalidad)'!$B$15:$B$244,'ORDEN DE CUARENTENA'!B43,'Acuario (Arribado - mortalidad)'!$F$15:$F$244) -> 0 | BG43: =SUMIF('Acuario (Arribado - mortalidad)'!$B$15:$B$244,'ORDEN DE CUARENTENA'!B43,'Acuario (Arribado - mortalidad)'!$K$15:$K$244) -> 0 | BH43: =SUMIF('Acuario (Arribado - mortalidad)'!$B$15:$B$244,'ORDEN DE CUARENTENA'!B43,'Acuario (Arribado - mortalidad)'!$G$15:$G$244) -> 0 | BI43: =SUMIF('Acuario (Arribado - mortalidad)'!$B$15:$B$244,'ORDEN DE CUARENTENA'!B43,'Acuario (Arribado - mortalidad)'!$O$15:$O$244) -> 0 | BJ43: =SUMIF('Acuario (Arribado - mortalidad)'!$B$15:$B$244,'ORDEN DE CUARENTENA'!B43,'Acuario (Arribado - mortalidad)'!$BG$15:$BG$244) -> 0 | BK43: =SUMIF('Acuario (Arribado - mortalidad)'!$B$15:$B$244,'ORDEN DE CUARENTENA'!B43,'Acuario (Arribado - mortalidad)'!$BH$15:$BH$244) -> 0 | BO43: Assessor | BP43: Mycedium | BY43: Pangasius gigas | BZ43: SI | CA43: Sinínimo Pangasianodon gigas(A I) | CC43: Cyprinus rubrofuscus | CD43: VPC-HCK
B44: 31 | N44: =INDEX(AMBIENTE!D$2:D$797,MATCH(R44,AMBIENTE!C$2:C$797,0)) -> #N/A | AG44: =IFERROR(VLOOKUP(Item[[#This Row],[Concatenado]],CITES[],2,FALSE),"") | AI44: =IFERROR(VLOOKUP(Item[[#This Row],[Concatenado]],SuscepEARs[],2,FALSE),"") | AM44: 31 | AN44: =CONCATENATE(R44," ",Y44) | AO44: =C44 -> 0 | AP44: =J44 -> 0 | AQ44: =IFERROR(N44,"") | AR44: =SUMIF('Acuario (Arribado - mortalidad)'!$B$15:$B$244,'ORDEN DE CUARENTENA'!B44,'Acuario (Arribado - mortalidad)'!$F$15:$F$244) -> 0 | AS44: =IF(AR44>0, IF(SUMIF('Acuario (Arribado - mortalidad)'!$B$15:$B$244,'ORDEN DE CUARENTENA'!B44,'Acuario (Arribado - mortalidad)'!$K$15:$K$244)=0, "0", SUMIF('Acuario (Arribado - mortalidad)'!$B$15:$B$244,'ORDEN DE CUARENTENA'!B44,'Acuario (Arribado - mortalidad)'!$K$15:$K$244)),"") | AT44: =IF(AR44 = AS44,"0", SUMIF('Acuario (Arribado - mortalidad)'!$B$15:$B$244,'ORDEN DE CUARENTENA'!B44,'Acuario (Arribado - mortalidad)'!$G$15:$G$244)) -> 0 | AU44: =IFERROR(Item[[#This Row],[mortalidad acumulada]]/Item[[#This Row],[cantidad arribada]],"") | AV44: =IF(ISTEXT(R44),IF(Item[[#This Row],[cantidad arribada]]=0,"No llega",Item[[#This Row],[cantidad arribada]]),) -> 0 | AW44: =IFERROR(VLOOKUP(B44,'Tratamientos-Eventos'!$B$9:$S$20,19,FALSE),"") | AX44: =SUMIF('Acuario (Arribado - mortalidad)'!$B$15:$B$244,'ORDEN DE CUARENTENA'!B44,'Acuario (Arribado - mortalidad)'!$O$15:$O$244) -> 0 | AY44: =SUMIF('Acuario (Arribado - mortalidad)'!$B$15:$B$244,'ORDEN DE CUARENTENA'!B44,'Acuario (Arribado - mortalidad)'!$BG$15:$BG$244) -> 0 | AZ44: =SUMIF('Acuario (Arribado - mortalidad)'!$B$15:$B$244,'ORDEN DE CUARENTENA'!B44,'Acuario (Arribado - mortalidad)'!$BH$15:$BH$244) -> 0 | BA44: =IFERROR(Item[[#This Row],[Mortalidad dia 1]]/Item[[#This Row],[cantidad arribada]],"") | BB44: =IFERROR(Item[[#This Row],[Mortalidad 2 a 8 (Sem 1)]]/Item[[#This Row],[cantidad arribada]],"") | BC44: =IFERROR(Item[[#This Row],[Mortalidad 9 a 15 (Sem 2)]]/Item[[#This Row],[cantidad arribada]],"") | BD44: =AC44 -> 0 | BF44: =SUMIF('Acuario (Arribado - mortalidad)'!$B$15:$B$244,'ORDEN DE CUARENTENA'!B44,'Acuario (Arribado - mortalidad)'!$F$15:$F$244) -> 0 | BG44: =SUMIF('Acuario (Arribado - mortalidad)'!$B$15:$B$244,'ORDEN DE CUARENTENA'!B44,'Acuario (Arribado - mortalidad)'!$K$15:$K$244) -> 0 | BH44: =SUMIF('Acuario (Arribado - mortalidad)'!$B$15:$B$244,'ORDEN DE CUARENTENA'!B44,'Acuario (Arribado - mortalidad)'!$G$15:$G$244) -> 0 | BI44: =SUMIF('Acuario (Arribado - mortalidad)'!$B$15:$B$244,'ORDEN DE CUARENTENA'!B44,'Acuario (Arribado - mortalidad)'!$O$15:$O$244) -> 0 | BJ44: =SUMIF('Acuario (Arribado - mortalidad)'!$B$15:$B$244,'ORDEN DE CUARENTENA'!B44,'Acuario (Arribado - mortalidad)'!$BG$15:$BG$244) -> 0 | BK44: =SUMIF('Acuario (Arribado - mortalidad)'!$B$15:$B$244,'ORDEN DE CUARENTENA'!B44,'Acuario (Arribado - mortalidad)'!$BH$15:$BH$244) -> 0 | BO44: Astatotilapia | BP44: Nemenzophyllia | BY44: Tridacna crocea | BZ44: SI | CA44: A II | CC44: Danio rerio | CD44: VHS-VPC-ISKNV
B45: 32 | N45: =INDEX(AMBIENTE!D$2:D$797,MATCH(R45,AMBIENTE!C$2:C$797,0)) -> #N/A | AG45: =IFERROR(VLOOKUP(Item[[#This Row],[Concatenado]],CITES[],2,FALSE),"") | AI45: =IFERROR(VLOOKUP(Item[[#This Row],[Concatenado]],SuscepEARs[],2,FALSE),"") | AM45: 32 | AN45: =CONCATENATE(R45," ",Y45) | AO45: =C45 -> 0 | AP45: =J45 -> 0 | AQ45: =IFERROR(N45,"") | AR45: =SUMIF('Acuario (Arribado - mortalidad)'!$B$15:$B$244,'ORDEN DE CUARENTENA'!B45,'Acuario (Arribado - mortalidad)'!$F$15:$F$244) -> 0 | AS45: =IF(AR45>0, IF(SUMIF('Acuario (Arribado - mortalidad)'!$B$15:$B$244,'ORDEN DE CUARENTENA'!B45,'Acuario (Arribado - mortalidad)'!$K$15:$K$244)=0, "0", SUMIF('Acuario (Arribado - mortalidad)'!$B$15:$B$244,'ORDEN DE CUARENTENA'!B45,'Acuario (Arribado - mortalidad)'!$K$15:$K$244)),"") | AT45: =IF(AR45 = AS45,"0", SUMIF('Acuario (Arribado - mortalidad)'!$B$15:$B$244,'ORDEN DE CUARENTENA'!B45,'Acuario (Arribado - mortalidad)'!$G$15:$G$244)) -> 0 | AU45: =IFERROR(Item[[#This Row],[mortalidad acumulada]]/Item[[#This Row],[cantidad arribada]],"") | AV45: =IF(ISTEXT(R45),IF(Item[[#This Row],[cantidad arribada]]=0,"No llega",Item[[#This Row],[cantidad arribada]]),) -> 0 | AW45: =IFERROR(VLOOKUP(B45,'Tratamientos-Eventos'!$B$9:$S$20,19,FALSE),"") | AX45: =SUMIF('Acuario (Arribado - mortalidad)'!$B$15:$B$244,'ORDEN DE CUARENTENA'!B45,'Acuario (Arribado - mortalidad)'!$O$15:$O$244) -> 0 | AY45: =SUMIF('Acuario (Arribado - mortalidad)'!$B$15:$B$244,'ORDEN DE CUARENTENA'!B45,'Acuario (Arribado - mortalidad)'!$BG$15:$BG$244) -> 0 | AZ45: =SUMIF('Acuario (Arribado - mortalidad)'!$B$15:$B$244,'ORDEN DE CUARENTENA'!B45,'Acuario (Arribado - mortalidad)'!$BH$15:$BH$244) -> 0 | BA45: =IFERROR(Item[[#This Row],[Mortalidad dia 1]]/Item[[#This Row],[cantidad arribada]],"") | BB45: =IFERROR(Item[[#This Row],[Mortalidad 2 a 8 (Sem 1)]]/Item[[#This Row],[cantidad arribada]],"") | BC45: =IFERROR(Item[[#This Row],[Mortalidad 9 a 15 (Sem 2)]]/Item[[#This Row],[cantidad arribada]],"") | BD45: =AC45 -> 0 | BF45: =SUMIF('Acuario (Arribado - mortalidad)'!$B$15:$B$244,'ORDEN DE CUARENTENA'!B45,'Acuario (Arribado - mortalidad)'!$F$15:$F$244) -> 0 | BG45: =SUMIF('Acuario (Arribado - mortalidad)'!$B$15:$B$244,'ORDEN DE CUARENTENA'!B45,'Acuario (Arribado - mortalidad)'!$K$15:$K$244) -> 0 | BH45: =SUMIF('Acuario (Arribado - mortalidad)'!$B$15:$B$244,'ORDEN DE CUARENTENA'!B45,'Acuario (Arribado - mortalidad)'!$G$15:$G$244) -> 0 | BI45: =SUMIF('Acuario (Arribado - mortalidad)'!$B$15:$B$244,'ORDEN DE CUARENTENA'!B45,'Acuario (Arribado - mortalidad)'!$O$15:$O$244) -> 0 | BJ45: =SUMIF('Acuario (Arribado - mortalidad)'!$B$15:$B$244,'ORDEN DE CUARENTENA'!B45,'Acuario (Arribado - mortalidad)'!$BG$15:$BG$244) -> 0 | BK45: =SUMIF('Acuario (Arribado - mortalidad)'!$B$15:$B$244,'ORDEN DE CUARENTENA'!B45,'Acuario (Arribado - mortalidad)'!$BH$15:$BH$244) -> 0 | BO45: Astronotus | BP45: Palythoa | BY45: Tridacna derasa | BZ45: SI | CA45: A II | CC45: Epalzeorhynchos frenatum | CD45: ISKNV
B46: 33 | N46: =INDEX(AMBIENTE!D$2:D$797,MATCH(R46,AMBIENTE!C$2:C$797,0)) -> #N/A | AG46: =IFERROR(VLOOKUP(Item[[#This Row],[Concatenado]],CITES[],2,FALSE),"") | AI46: =IFERROR(VLOOKUP(Item[[#This Row],[Concatenado]],SuscepEARs[],2,FALSE),"") | AM46: 33 | AN46: =CONCATENATE(R46," ",Y46) | AO46: =C46 -> 0 | AP46: =J46 -> 0 | AQ46: =IFERROR(N46,"") | AR46: =SUMIF('Acuario (Arribado - mortalidad)'!$B$15:$B$244,'ORDEN DE CUARENTENA'!B46,'Acuario (Arribado - mortalidad)'!$F$15:$F$244) -> 0 | AS46: =IF(AR46>0, IF(SUMIF('Acuario (Arribado - mortalidad)'!$B$15:$B$244,'ORDEN DE CUARENTENA'!B46,'Acuario (Arribado - mortalidad)'!$K$15:$K$244)=0, "0", SUMIF('Acuario (Arribado - mortalidad)'!$B$15:$B$244,'ORDEN DE CUARENTENA'!B46,'Acuario (Arribado - mortalidad)'!$K$15:$K$244)),"") | AT46: =IF(AR46 = AS46,"0", SUMIF('Acuario (Arribado - mortalidad)'!$B$15:$B$244,'ORDEN DE CUARENTENA'!B46,'Acuario (Arribado - mortalidad)'!$G$15:$G$244)) -> 0 | AU46: =IFERROR(Item[[#This Row],[mortalidad acumulada]]/Item[[#This Row],[cantidad arribada]],"") | AV46: =IF(ISTEXT(R46),IF(Item[[#This Row],[cantidad arribada]]=0,"No llega",Item[[#This Row],[cantidad arribada]]),) -> 0 | AW46: =IFERROR(VLOOKUP(B46,'Tratamientos-Eventos'!$B$9:$S$20,19,FALSE),"") | AX46: =SUMIF('Acuario (Arribado - mortalidad)'!$B$15:$B$244,'ORDEN DE CUARENTENA'!B46,'Acuario (Arribado - mortalidad)'!$O$15:$O$244) -> 0 | AY46: =SUMIF('Acuario (Arribado - mortalidad)'!$B$15:$B$244,'ORDEN DE CUARENTENA'!B46,'Acuario (Arribado - mortalidad)'!$BG$15:$BG$244) -> 0 | AZ46: =SUMIF('Acuario (Arribado - mortalidad)'!$B$15:$B$244,'ORDEN DE CUARENTENA'!B46,'Acuario (Arribado - mortalidad)'!$BH$15:$BH$244) -> 0 | BA46: =IFERROR(Item[[#This Row],[Mortalidad dia 1]]/Item[[#This Row],[cantidad arribada]],"") | BB46: =IFERROR(Item[[#This Row],[Mortalidad 2 a 8 (Sem 1)]]/Item[[#This Row],[cantidad arribada]],"") | BC46: =IFERROR(Item[[#This Row],[Mortalidad 9 a 15 (Sem 2)]]/Item[[#This Row],[cantidad arribada]],"") | BD46: =AC46 -> 0 | BF46: =SUMIF('Acuario (Arribado - mortalidad)'!$B$15:$B$244,'ORDEN DE CUARENTENA'!B46,'Acuario (Arribado - mortalidad)'!$F$15:$F$244) -> 0 | BG46: =SUMIF('Acuario (Arribado - mortalidad)'!$B$15:$B$244,'ORDEN DE CUARENTENA'!B46,'Acuario (Arribado - mortalidad)'!$K$15:$K$244) -> 0 | BH46: =SUMIF('Acuario (Arribado - mortalidad)'!$B$15:$B$244,'ORDEN DE CUARENTENA'!B46,'Acuario (Arribado - mortalidad)'!$G$15:$G$244) -> 0 | BI46: =SUMIF('Acuario (Arribado - mortalidad)'!$B$15:$B$244,'ORDEN DE CUARENTENA'!B46,'Acuario (Arribado - mortalidad)'!$O$15:$O$244) -> 0 | BJ46: =SUMIF('Acuario (Arribado - mortalidad)'!$B$15:$B$244,'ORDEN DE CUARENTENA'!B46,'Acuario (Arribado - mortalidad)'!$BG$15:$BG$244) -> 0 | BK46: =SUMIF('Acuario (Arribado - mortalidad)'!$B$15:$B$244,'ORDEN DE CUARENTENA'!B46,'Acuario (Arribado - mortalidad)'!$BH$15:$BH$244) -> 0 | BO46: Astyanax | BP46: Pavona | BY46: Tridacna maxima | BZ46: SI | CA46: A II | CC46: Labeo erythrurus | CD46: ISKNV
B47: 34 | N47: =INDEX(AMBIENTE!D$2:D$797,MATCH(R47,AMBIENTE!C$2:C$797,0)) -> #N/A | AG47: =IFERROR(VLOOKUP(Item[[#This Row],[Concatenado]],CITES[],2,FALSE),"") | AI47: =IFERROR(VLOOKUP(Item[[#This Row],[Concatenado]],SuscepEARs[],2,FALSE),"") | AM47: 34 | AN47: =CONCATENATE(R47," ",Y47) | AO47: =C47 -> 0 | AP47: =J47 -> 0 | AQ47: =IFERROR(N47,"") | AR47: =SUMIF('Acuario (Arribado - mortalidad)'!$B$15:$B$244,'ORDEN DE CUARENTENA'!B47,'Acuario (Arribado - mortalidad)'!$F$15:$F$244) -> 0 | AS47: =IF(AR47>0, IF(SUMIF('Acuario (Arribado - mortalidad)'!$B$15:$B$244,'ORDEN DE CUARENTENA'!B47,'Acuario (Arribado - mortalidad)'!$K$15:$K$244)=0, "0", SUMIF('Acuario (Arribado - mortalidad)'!$B$15:$B$244,'ORDEN DE CUARENTENA'!B47,'Acuario (Arribado - mortalidad)'!$K$15:$K$244)),"") | AT47: =IF(AR47 = AS47,"0", SUMIF('Acuario (Arribado - mortalidad)'!$B$15:$B$244,'ORDEN DE CUARENTENA'!B47,'Acuario (Arribado - mortalidad)'!$G$15:$G$244)) -> 0 | AU47: =IFERROR(Item[[#This Row],[mortalidad acumulada]]/Item[[#This Row],[cantidad arribada]],"") | AV47: =IF(ISTEXT(R47),IF(Item[[#This Row],[cantidad arribada]]=0,"No llega",Item[[#This Row],[cantidad arribada]]),) -> 0 | AW47: =IFERROR(VLOOKUP(B47,'Tratamientos-Eventos'!$B$9:$S$20,19,FALSE),"") | AX47: =SUMIF('Acuario (Arribado - mortalidad)'!$B$15:$B$244,'ORDEN DE CUARENTENA'!B47,'Acuario (Arribado - mortalidad)'!$O$15:$O$244) -> 0 | AY47: =SUMIF('Acuario (Arribado - mortalidad)'!$B$15:$B$244,'ORDEN DE CUARENTENA'!B47,'Acuario (Arribado - mortalidad)'!$BG$15:$BG$244) -> 0 | AZ47: =SUMIF('Acuario (Arribado - mortalidad)'!$B$15:$B$244,'ORDEN DE CUARENTENA'!B47,'Acuario (Arribado - mortalidad)'!$BH$15:$BH$244) -> 0 | BA47: =IFERROR(Item[[#This Row],[Mortalidad dia 1]]/Item[[#This Row],[cantidad arribada]],"") | BB47: =IFERROR(Item[[#This Row],[Mortalidad 2 a 8 (Sem 1)]]/Item[[#This Row],[cantidad arribada]],"") | BC47: =IFERROR(Item[[#This Row],[Mortalidad 9 a 15 (Sem 2)]]/Item[[#This Row],[cantidad arribada]],"") | BD47: =AC47 -> 0 | BF47: =SUMIF('Acuario (Arribado - mortalidad)'!$B$15:$B$244,'ORDEN DE CUARENTENA'!B47,'Acuario (Arribado - mortalidad)'!$F$15:$F$244) -> 0 | BG47: =SUMIF('Acuario (Arribado - mortalidad)'!$B$15:$B$244,'ORDEN DE CUARENTENA'!B47,'Acuario (Arribado - mortalidad)'!$K$15:$K$244) -> 0 | BH47: =SUMIF('Acuario (Arribado - mortalidad)'!$B$15:$B$244,'ORDEN DE CUARENTENA'!B47,'Acuario (Arribado - mortalidad)'!$G$15:$G$244) -> 0 | BI47: =SUMIF('Acuario (Arribado - mortalidad)'!$B$15:$B$244,'ORDEN DE CUARENTENA'!B47,'Acuario (Arribado - mortalidad)'!$O$15:$O$244) -> 0 | BJ47: =SUMIF('Acuario (Arribado - mortalidad)'!$B$15:$B$244,'ORDEN DE CUARENTENA'!B47,'Acuario (Arribado - mortalidad)'!$BG$15:$BG$244) -> 0 | BK47: =SUMIF('Acuario (Arribado - mortalidad)'!$B$15:$B$244,'ORDEN DE CUARENTENA'!B47,'Acuario (Arribado - mortalidad)'!$BH$15:$BH$244) -> 0 | BO47: Atractosteus | BP47: Pectinia | BY47: Tridacna squamosa | BZ47: SI | CA47: A II | CC47: Ephinephelus adscensionis | CD47: IDJ-Megalocytivirus
B48: 35 | N48: =INDEX(AMBIENTE!D$2:D$797,MATCH(R48,AMBIENTE!C$2:C$797,0)) -> #N/A | AG48: =IFERROR(VLOOKUP(Item[[#This Row],[Concatenado]],CITES[],2,FALSE),"") | AI48: =IFERROR(VLOOKUP(Item[[#This Row],[Concatenado]],SuscepEARs[],2,FALSE),"") | AM48: 35 | AN48: =CONCATENATE(R48," ",Y48) | AO48: =C48 -> 0 | AP48: =J48 -> 0 | AQ48: =IFERROR(N48,"") | AR48: =SUMIF('Acuario (Arribado - mortalidad)'!$B$15:$B$244,'ORDEN DE CUARENTENA'!B48,'Acuario (Arribado - mortalidad)'!$F$15:$F$244) -> 0 | AS48: =IF(AR48>0, IF(SUMIF('Acuario (Arribado - mortalidad)'!$B$15:$B$244,'ORDEN DE CUARENTENA'!B48,'Acuario (Arribado - mortalidad)'!$K$15:$K$244)=0, "0", SUMIF('Acuario (Arribado - mortalidad)'!$B$15:$B$244,'ORDEN DE CUARENTENA'!B48,'Acuario (Arribado - mortalidad)'!$K$15:$K$244)),"") | AT48: =IF(AR48 = AS48,"0", SUMIF('Acuario (Arribado - mortalidad)'!$B$15:$B$244,'ORDEN DE CUARENTENA'!B48,'Acuario (Arribado - mortalidad)'!$G$15:$G$244)) -> 0 | AU48: =IFERROR(Item[[#This Row],[mortalidad acumulada]]/Item[[#This Row],[cantidad arribada]],"") | AV48: =IF(ISTEXT(R48),IF(Item[[#This Row],[cantidad arribada]]=0,"No llega",Item[[#This Row],[cantidad arribada]]),) -> 0 | AW48: =IFERROR(VLOOKUP(B48,'Tratamientos-Eventos'!$B$9:$S$20,19,FALSE),"") | AX48: =SUMIF('Acuario (Arribado - mortalidad)'!$B$15:$B$244,'ORDEN DE CUARENTENA'!B48,'Acuario (Arribado - mortalidad)'!$O$15:$O$244) -> 0 | AY48: =SUMIF('Acuario (Arribado - mortalidad)'!$B$15:$B$244,'ORDEN DE CUARENTENA'!B48,'Acuario (Arribado - mortalidad)'!$BG$15:$BG$244) -> 0 | AZ48: =SUMIF('Acuario (Arribado - mortalidad)'!$B$15:$B$244,'ORDEN DE CUARENTENA'!B48,'Acuario (Arribado - mortalidad)'!$BH$15:$BH$244) -> 0 | BA48: =IFERROR(Item[[#This Row],[Mortalidad dia 1]]/Item[[#This Row],[cantidad arribada]],"") | BB48: =IFERROR(Item[[#This Row],[Mortalidad 2 a 8 (Sem 1)]]/Item[[#This Row],[cantidad arribada]],"") | BC48: =IFERROR(Item[[#This Row],[Mortalidad 9 a 15 (Sem 2)]]/Item[[#This Row],[cantidad arribada]],"") | BD48: =AC48 -> 0 | BF48: =SUMIF('Acuario (Arribado - mortalidad)'!$B$15:$B$244,'ORDEN DE CUARENTENA'!B48,'Acuario (Arribado - mortalidad)'!$F$15:$F$244) -> 0 | BG48: =SUMIF('Acuario (Arribado - mortalidad)'!$B$15:$B$244,'ORDEN DE CUARENTENA'!B48,'Acuario (Arribado - mortalidad)'!$K$15:$K$244) -> 0 | BH48: =SUMIF('Acuario (Arribado - mortalidad)'!$B$15:$B$244,'ORDEN DE CUARENTENA'!B48,'Acuario (Arribado - mortalidad)'!$G$15:$G$244) -> 0 | BI48: =SUMIF('Acuario (Arribado - mortalidad)'!$B$15:$B$244,'ORDEN DE CUARENTENA'!B48,'Acuario (Arribado - mortalidad)'!$O$15:$O$244) -> 0 | BJ48: =SUMIF('Acuario (Arribado - mortalidad)'!$B$15:$B$244,'ORDEN DE CUARENTENA'!B48,'Acuario (Arribado - mortalidad)'!$BG$15:$BG$244) -> 0 | BK48: =SUMIF('Acuario (Arribado - mortalidad)'!$B$15:$B$244,'ORDEN DE CUARENTENA'!B48,'Acuario (Arribado - mortalidad)'!$BH$15:$BH$244) -> 0 | BO48: Auchenipterichthys | BP48: Phymanthus | BY48: Hippocampus abdominalis | BZ48: SI | CA48: Hippocampus spp. A II | CC48: Ephinephelus aeneus | CD48: IDJ-Megalocytivirus
... B58: 45 | N58: =INDEX(AMBIENTE!D$2:D$797,MATCH(R58,AMBIENTE!C$2:C$797,0)) -> #N/A | AG58: =IFERROR(VLOOKUP(Item[[#This Row],[Concatenado]],CITES[],2,FALSE),"") | AI58: =IFERROR(VLOOKUP(Item[[#This Row],[Concatenado]],SuscepEARs[],2,FALSE),"") | AM58: 45 | AN58: =CONCATENATE(R58," ",Y58) | AO58: =C58 -> 0 | AP58: =J58 -> 0 | AQ58: =IFERROR(N58,"") | AR58: =SUMIF('Acuario (Arribado - mortalidad)'!$B$15:$B$244,'ORDEN DE CUARENTENA'!B58,'Acuario (Arribado - mortalidad)'!$F$15:$F$244) -> 0 | AS58: =IF(AR58>0, IF(SUMIF('Acuario (Arribado - mortalidad)'!$B$15:$B$244,'ORDEN DE CUARENTENA'!B58,'Acuario (Arribado - mortalidad)'!$K$15:$K$244)=0, "0", SUMIF('Acuario (Arribado - mortalidad)'!$B$15:$B$244,'ORDEN DE CUARENTENA'!B58,'Acuario (Arribado - mortalidad)'!$K$15:$K$244)),"") | AT58: =IF(AR58 = AS58,"0", SUMIF('Acuario (Arribado - mortalidad)'!$B$15:$B$244,'ORDEN DE CUARENTENA'!B58,'Acuario (Arribado - mortalidad)'!$G$15:$G$244)) -> 0 | AU58: =IFERROR(Item[[#This Row],[mortalidad acumulada]]/Item[[#This Row],[cantidad arribada]],"") | AV58: =IF(ISTEXT(R58),IF(Item[[#This Row],[cantidad arribada]]=0,"No llega",Item[[#This Row],[cantidad arribada]]),) -> 0 | AW58: =IFERROR(VLOOKUP(B58,'Tratamientos-Eventos'!$B$9:$S$20,19,FALSE),"") | AX58: =SUMIF('Acuario (Arribado - mortalidad)'!$B$15:$B$244,'ORDEN DE CUARENTENA'!B58,'Acuario (Arribado - mortalidad)'!$O$15:$O$244) -> 0 | AY58: =SUMIF('Acuario (Arribado - mortalidad)'!$B$15:$B$244,'ORDEN DE CUARENTENA'!B58,'Acuario (Arribado - mortalidad)'!$BG$15:$BG$244) -> 0 | AZ58: =SUMIF('Acuario (Arribado - mortalidad)'!$B$15:$B$244,'ORDEN DE CUARENTENA'!B58,'Acuario (Arribado - mortalidad)'!$BH$15:$BH$244) -> 0 | BA58: =IFERROR(Item[[#This Row],[Mortalidad dia 1]]/Item[[#This Row],[cantidad arribada]],"") | BB58: =IFERROR(Item[[#This Row],[Mortalidad 2 a 8 (Sem 1)]]/Item[[#This Row],[cantidad arribada]],"") | BC58: =IFERROR(Item[[#This Row],[Mortalidad 9 a 15 (Sem 2)]]/Item[[#This Row],[cantidad arribada]],"") | BD58: =AC58 -> 0 | BF58: =SUMIF('Acuario (Arribado - mortalidad)'!$B$15:$B$244,'ORDEN DE CUARENTENA'!B58,'Acuario (Arribado - mortalidad)'!$F$15:$F$244) -> 0 | BG58: =SUMIF('Acuario (Arribado - mortalidad)'!$B$15:$B$244,'ORDEN DE CUARENTENA'!B58,'Acuario (Arribado - mortalidad)'!$K$15:$K$244) -> 0 | BH58: =SUMIF('Acuario (Arribado - mortalidad)'!$B$15:$B$244,'ORDEN DE CUARENTENA'!B58,'Acuario (Arribado - mortalidad)'!$G$15:$G$244) -> 0 | BI58: =SUMIF('Acuario (Arribado - mortalidad)'!$B$15:$B$244,'ORDEN DE CUARENTENA'!B58,'Acuario (Arribado - mortalidad)'!$O$15:$O$244) -> 0 | BJ58: =SUMIF('Acuario (Arribado - mortalidad)'!$B$15:$B$244,'ORDEN DE CUARENTENA'!B58,'Acuario (Arribado - mortalidad)'!$BG$15:$BG$244) -> 0 | BK58: =SUMIF('Acuario (Arribado - mortalidad)'!$B$15:$B$244,'ORDEN DE CUARENTENA'!B58,'Acuario (Arribado - mortalidad)'!$BH$15:$BH$244) -> 0 | BO58: Barbus | BP58: Ricordea | BY58: Hippocampus capensis | BZ58: SI | CA58: Hippocampus spp. A II | CC58: Ephinephelus bontoides | CD58: IDJ-Megalocytivirus
AD59: =SUM(AD14:AF58) -> 0 | AG59: =COUNTBLANK(AG14:AH58) -> 90 | AI59: =COUNTBLANK(AI14:AJ58) -> 90 | AR59: =SUBTOTAL(109,Item[cantidad arribada]) -> 0 | AS59: =SUBTOTAL(109,Item[mortalidad acumulada]) -> 0 | AT59: =SUBTOTAL(109,Item[saldo]) -> 0 | AU59: =SUBTOTAL(101,Item[porcentaje mortalidad]) -> #DIV/0! | AV59: =SUBTOTAL(109,Item[Arribada resumen]) -> 0 | AX59: =SUBTOTAL(109,Item[Mortalidad dia 1]) -> 0 | AY59: =SUBTOTAL(109,Item[Mortalidad 2 a 8 (Sem 1)]) -> 0 | AZ59: =SUBTOTAL(109,Item[Mortalidad 9 a 15 (Sem 2)]) -> 0 | BA59: =SUBTOTAL(101,Item[% mort dia 1]) -> #DIV/0! | BB59: =SUBTOTAL(101,Item[% mort sem 1]) -> #DIV/0! | BC59: =SUBTOTAL(101,Item[% mort sem 2]) -> #DIV/0! | BO59: Baryancistrus | BP59: Sarcophyton | BY59: Hippocampus casscsio | BZ59: SI | CA59: Hippocampus spp. A II | CC59: Ephinephelus bruneus | CD59: IDJ-Megalocytivirus
T60: Si el certificado sanitario declara un nombre científico distinto al autorizado por resolución vigente, puede indicarla aqui y señalar de que item declarado es sinónimo. | BO60: Bedotia | BP60: Scolymia | BY60: Hippocampus colemani | BZ60: SI | CA60: Hippocampus spp. A II | CC60: Ephinephelus caninus | CD60: IDJ-Megalocytivirus
B61: AUTORIZACIÓN DE INICIO DE CUARENTENA | BO61: Benthochromis | BP61: Seriatopora | BY61: Hippocampus comes | BZ61: SI | CA61: Hippocampus spp. A II | CC61: Ephinephelus chabaudi | CD61: IDJ-Megalocytivirus
T62: Género | X62: Especie | AA62: Item | AB62: Género | AF62: Especie | AJ62: Item | BO62: Betta | BP62: Sinularia | BY62: Hippocampus coronatus | BZ62: SI | CA62: Hippocampus spp. A II | CC62: Ephinephelus chlorocephalus | CD62: IDJ-Megalocytivirus
BO63: Biotodoma | BP63: Stichodactyla | BY63: Hippocampus curvicuspis | BZ63: SI | CA63: Hippocampus spp. A II | CC63: Ephinephelus chlorostigma | CD63: IDJ-Megalocytivirus
BO64: Bodianus | BP64: Stylophora | BY64: Hippocampus debelius | BZ64: SI | CA64: Hippocampus spp. A II | CC64: Ephinephelus cifuentesi | CD64: IDJ-Megalocytivirus
BO65: Boehlkea | BP65: Symphyllia | BY65: Hippocampus denise | BZ65: SI | CA65: Hippocampus spp. A II | CC65: Ephinephelus clippertonensis | CD65: IDJ-Megalocytivirus
BO66: Boraras | BP66: Telmatactis | BY66: Hippocampus erectus | BZ66: SI | CA66: Hippocampus spp. A II | CC66: Ephinephelus coeruleopunctatus | CD66: IDJ-Megalocytivirus
U67: Solicitud de Levantamiento de Cuarentena | BO67: Botia | BP67: Trachyphyllia | BY67: Hippocampus fisheri | BZ67: SI | CA67: Hippocampus spp. A II | CC67: Ephinephelus coioides | CD67: IDJ-Megalocytivirus
U68: A partir del | X68: =I6+14 -> 14 | AC68: se podrá enviar correo de solicitud | BO68: Boulengerella | BP68: Tubipora | BY68: Hippocampus fuscus | BZ68: SI | CA68: Hippocampus spp. A II | CC68: Ephinephelus corallicola | CD68: IDJ-Megalocytivirus
U69: de levantamiento de cuarentena, adjuntando el archivo Excel con la información registrada en las hojas "Acuario (Arribado-mortalidad)" y "Tratamientos-Eventos", mas fotografias de mortalidad por especie. Luego de esto Sernapesca programará visita de levantamiento a partir del día hábil siguiente. | BO69: Brachygobius | BP69: Turbinaria | BY69: Hippocampus grandiceps | BZ69: SI | CA69: Hippocampus spp. A II | CC69: Ephinephelus costae | CD69: IDJ-Megalocytivirus
B70: Nombre y firma de Funcionario | L70: Timbre Control Interno | BO70: Brachyplatystoma | BP70: Xenia | BY70: Hippocampus guttulatus | BZ70: SI | CA70: Hippocampus spp. A II | CC70: Ephinephelus cyanopodus | CD70: IDJ-Megalocytivirus
BO71: Brachyrhamdia | BP71: Zoanthus | BY71: Hippocampus hendriki | BZ71: SI | CA71: Hippocampus spp. A II | CC71: Ephinephelus daemelii | CD71: IDJ-Megalocytivirus
BO72: Brochis | BY72: Hippocampus hippocampus | BZ72: SI | CA72: Hippocampus spp. A II | CC72: Ephinephelus darwinensis | CD72: IDJ-Megalocytivirus
BO73: Brycinus | BY73: Hippocampus histrix | BZ73: SI | CA73: Hippocampus spp. A II | CC73: Ephinephelus diacanthus | CD73: IDJ-Megalocytivirus
BO74: Buccochromis | BY74: Hippocampus ingens | BZ74: SI | CA74: Hippocampus spp. A II | CC74: Ephinephelus drummondhayi | CD74: IDJ-Megalocytivirus
BO75: Bujurquina | BY75: Hippocampus jayakari | BZ75: SI | CA75: Hippocampus spp. A II | CC75: Ephinephelus epistictus | CD75: IDJ-Megalocytivirus
BO76: Bunocephalus | BY76: Hippocampus jugumus | BZ76: SI | CA76: Hippocampus spp. A II | CC76: Ephinephelus erythrurus | CD76: IDJ-Megalocytivirus
BO77: Butis | BY77: Hippocampus kelloggi | BZ77: SI | CA77: Hippocampus spp. A II | CC77: Ephinephelus fasciatomaculosus | CD77: IDJ-Megalocytivirus
BO78: Callichthys | BY78: Hippocampus kuda | BZ78: SI | CA78: Hippocampus spp. A II | CC78: Ephinephelus fasciatus | CD78: IDJ-Megalocytivirus
BO79: Callochromis | BY79: Hippocampus lichtensteinii | BZ79: SI | CA79: Hippocampus spp. A II | CC79: Ephinephelus faveatus | CD79: IDJ-Megalocytivirus
BO80: Calloplesiops | BY80: Hippocampus minotaur | BZ80: SI | CA80: Hippocampus spp. A II | CC80: Ephinephelus flavocaeruleus | CD80: IDJ-Megalocytivirus
BO81: Calophysus | BY81: Hippocampus mohnikei | BZ81: SI | CA81: Hippocampus spp. A II | CC81: Ephinephelus fuscoguttatus | CD81: IDJ-Megalocytivirus
BO82: Canthigaster | BY82: Hippocampus montebelloensis | BZ82: SI | CA82: Hippocampus spp. A II | CC82: Ephinephelus gabriellae | CD82: IDJ-Megalocytivirus
BO83: Capoeta | BY83: Hippocampus multispinus | BZ83: SI | CA83: Hippocampus spp. A II | CC83: Ephinephelus goreensis | CD83: IDJ-Megalocytivirus
... BO200: Grammistes | BY200: Acropora nobilis | BZ200: SI | CA200: A II | CC200: Wallago micropogon | CD200: SUE
BO201: Gymnocorymbus | BY201: Acropora ocellata | BZ201: SI | CA201: A II
BO202: Gymnogeophagus | BY202: Acropora palifera | BZ202: SI | CA202: A II
BO203: Gymnomuraena | BY203: Acropora palmata | BZ203: SI | CA203: A II
BO204: Gymnothorax | BY204: Acropora palmerae | BZ204: SI | CA204: A II
BO205: Gymnotus | BY205: Acropora paniculata | BZ205: SI | CA205: A II
BO206: Gyrinocheilus | BY206: Acropora parilis | BZ206: SI | CA206: A II
BO207: Halichoeres | BY207: Acropora pharaonis | BZ207: SI | CA207: A II
BO208: Haplochromis | BY208: Acropora plumosa | BZ208: SI | CA208: A II
BO209: Hasemania | BY209: Acropora pocilloporina | BZ209: SI | CA209: A II
BO210: Helostoma | BY210: Acropora polystoma | BZ210: SI | CA210: A II
BO211: Hemichromis | BY211: Acropora prolifera | BZ211: SI | CA211: A II
BO212: Hemigrammus | BY212: Acropora pruinosa | BZ212: SI | CA212: A II
... BO464: Zebrasoma | BY464: Merulina sp. | BZ464: SI | CA464: A II
BY465: Merulina spp. | BZ465: SI | CA465: A II
BY466: Millepora | BZ466: SI | CA466: A II
BY467: Millepora alcicornis | BZ467: SI | CA467: A II
BY468: Millepora boschmai | BZ468: SI | CA468: A II
BY469: Millepora braziliensis | BZ469: SI | CA469: A II
BY470: Millepora complanata | BZ470: SI | CA470: A II
BY471: Millepora dichotoma | BZ471: SI | CA471: A II
BY472: Millepora exaesa | BZ472: SI | CA472: A II
BY473: Millepora foveolata | BZ473: SI | CA473: A II
BY474: Millepora intricata | BZ474: SI | CA474: A II
BY475: Millepora latifolia | BZ475: SI | CA475: A II
BY476: Millepora moniliformis | BZ476: SI | CA476: A II
...

Sheet ANEXO
AE1: Página | AG1: 2 | AH1: de | AI1: 2 | BL1: Ambiente
BL2: Dulceacuícola
AB3: N° Acta de Internación asociada | AE3: ='ORDEN DE CUARENTENA'!AE3 -> 0 | BL3: Marino
N4: ORDEN DE CUARENTENA
B5: ANEXO
B6: Inicio cuarentena | I6: ='ORDEN DE CUARENTENA'!I6 -> 0 | O6: Día 15: | Q6: ='ORDEN DE CUARENTENA'!Q6 -> 14
B7: Titular Est. Cuarentena | H7: ='ORDEN DE CUARENTENA'!H7 -> 0 | O7: RUT: | Q7: ='ORDEN DE CUARENTENA'!Q7 -> 0
B8: Dirección | F8: ='ORDEN DE CUARENTENA'!F8 -> 0 | O8: N° Resolución: | S8: ='ORDEN DE CUARENTENA'!S8 -> 0
B9: Nombre del Proveedor | H9: ='ORDEN DE CUARENTENA'!H9 -> 0 | O9: PAIS | Q9: ='ORDEN DE CUARENTENA'!Q9 -> 0
C11: Información declarada para solicitar autorización de Acta de Internación y de inicio de cuarentena | AG11: Consideraciones
B12: Item | C12: Nombre común o variedad (lote de especie ornamental) | J12: Categoría (según Res. Ex.) | N12: Ambiente | R12: Seleccione de lista(s) desplegable(s) el nombre científico | AD12: Cantidad Declarada | AG12: CITES | AI12: Pez susceptible EARs | AM12: 1 | AN12: 2 | AO12: 3 | AP12: 4 | AQ12: 5 | AR12: 6 | AS12: 7 | AT12: 8 | AU12: 9 | AV12: 10 | AW12: 11 | AX12: 12 | AY12: 13 | AZ12: 14 | BA12: 15 | BB12: 16 | BC12: 17 | BD12: 18
R13: Género o especie (Autorizada) | Y13: Especie (pez o cnidaria) | AM13: Item | AN13: Concatenado | AO13: nombre comun | AP13: grupo | AQ13: ambiente | AR13: cantidad arribada | AS13: mortalidad acumulada | AT13: saldo | AU13: porcentaje mortalidad | AV13: Arribada resumen | AW13: Tratamiento Si o No | AX13: Mortalidad dia 1 | AY13: Mortalidad 2 a 8 (Sem 1) | AZ13: Mortalidad 9 a 15 (Sem 2) | BA13: % mort dia 1 | BB13: % mort sem 1 | BC13: % mort sem 2 | BD13: Estadío desarrollo | BF13: cantidad arribada | BG13: mortalidad acumulada | BH13: saldo | BI13: Mortalidad dia 1 | BJ13: Mortalidad 2 a 8 (Sem 1) | BK13: Mortalidad 9 a 15 (Sem 2)
B14: 46 | N14: =INDEX(AMBIENTE!D$2:D$797,MATCH(R14,AMBIENTE!C$2:C$797,0)) -> #N/A | AG14: =IFERROR(VLOOKUP(Item2[[#This Row],[Concatenado]],CITES[],2,FALSE),"") | AI14: =IFERROR(VLOOKUP(Item2[[#This Row],[Concatenado]],SuscepEARs[],2,FALSE),"") | AM14: 46 | AN14: =CONCATENATE(R14," ",Y14) | AO14: =C14 -> 0 | AP14: =J14 -> 0 | AQ14: =N14 -> #N/A | AR14: =SUMIF('Acuario (Arribado - mortalidad)'!$B$15:$B$244,ANEXO!B14,'Acuario (Arribado - mortalidad)'!$F$15:$F$244) -> 0 | AS14: =IF(AR14>0, IF(SUMIF('Acuario (Arribado - mortalidad)'!$B$15:$B$244,ANEXO!B14,'Acuario (Arribado - mortalidad)'!$K$15:$K$244)=0, "0", SUMIF('Acuario (Arribado - mortalidad)'!$B$15:$B$244,ANEXO!B14,'Acuario (Arribado - mortalidad)'!$K$15:$K$244)),"") | AT14: =IF(AR14 = AS14,"0",SUMIF('Acuario (Arribado - mortalidad)'!$B$15:$B$244,ANEXO!B14,'Acuario (Arribado - mortalidad)'!$G$15:$G$244)) -> 0 | AU14: =IFERROR(Item2[[#This Row],[mortalidad acumulada]]/Item2[[#This Row],[cantidad arribada]],"") | AV14: =IF(ISTEXT(R14),IF(Item2[[#This Row],[cantidad arribada]]=0,"No llega",Item2[[#This Row],[cantidad arribada]]),) -> 0 | AX14: =SUMIF('Acuario (Arribado - mortalidad)'!$B$15:$B$244,ANEXO!B14,'Acuario (Arribado - mortalidad)'!$O$15:$O$244) -> 0 | AY14: =SUMIF('Acuario (Arribado - mortalidad)'!$B$15:$B$244,ANEXO!B14,'Acuario (Arribado - mortalidad)'!$BG$15:$BG$244) -> 0 | AZ14: =SUMIF('Acuario (Arribado - mortalidad)'!$B$15:$B$244,ANEXO!B14,'Acuario (Arribado - mortalidad)'!$BH$15:$BH$244) -> 0 | BA14: =IFERROR(Item2[[#This Row],[Mortalidad dia 1]]/Item2[[#This Row],[cantidad arribada]],"") | BB14: =IFERROR(Item2[[#This Row],[Mortalidad 2 a 8 (Sem 1)]]/Item2[[#This Row],[cantidad arribada]],"") | BC14: =IFERROR(Item2[[#This Row],[Mortalidad 9 a 15 (Sem 2)]]/Item2[[#This Row],[cantidad arribada]],"") | BD14: =AC14 -> 0 | BF14: =SUMIF('Acuario (Arribado - mortalidad)'!$B$15:$B$244,ANEXO!B14,'Acuario (Arribado - mortalidad)'!$F$15:$F$244) -> 0 | BG14: =SUMIF('Acuario (Arribado - mortalidad)'!$B$15:$B$244,ANEXO!B14,'Acuario (Arribado - mortalidad)'!$K$15:$K$244) -> 0 | BH14: =SUMIF('Acuario (Arribado - mortalidad)'!$B$15:$B$244,ANEXO!B14,'Acuario (Arribado - mortalidad)'!$G$15:$G$244) -> 0 | BI14: =SUMIF('Acuario (Arribado - mortalidad)'!$B$15:$B$244,ANEXO!B14,'Acuario (Arribado - mortalidad)'!$O$15:$O$244) -> 0 | BJ14: =SUMIF('Acuario (Arribado - mortalidad)'!$B$15:$B$244,ANEXO!B14,'Acuario (Arribado - mortalidad)'!$BG$15:$BG$244) -> 0 | BK14: =SUMIF('Acuario (Arribado - mortalidad)'!$B$15:$B$244,ANEXO!B14,'Acuario (Arribado - mortalidad)'!$BH$15:$BH$244) -> 0 | BL14: =IFERROR(VLOOKUP(R14:AC14,#REF!,2,FALSE),"")
B15: 47 | N15: =INDEX(AMBIENTE!D$2:D$797,MATCH(R15,AMBIENTE!C$2:C$797,0)) -> #N/A | AG15: =IFERROR(VLOOKUP(Item2[[#This Row],[Concatenado]],CITES[],2,FALSE),"") | AI15: =IFERROR(VLOOKUP(Item2[[#This Row],[Concatenado]],SuscepEARs[],2,FALSE),"") | AM15: 47 | AN15: =CONCATENATE(R15," ",Y15) | AO15: =C15 -> 0 | AP15: =J15 -> 0 | AQ15: =N15 -> #N/A | AR15: =SUMIF('Acuario (Arribado - mortalidad)'!$B$15:$B$244,ANEXO!B15,'Acuario (Arribado - mortalidad)'!$F$15:$F$244) -> 0 | AS15: =IF(AR15>0, IF(SUMIF('Acuario (Arribado - mortalidad)'!$B$15:$B$244,ANEXO!B15,'Acuario (Arribado - mortalidad)'!$K$15:$K$244)=0, "0", SUMIF('Acuario (Arribado - mortalidad)'!$B$15:$B$244,ANEXO!B15,'Acuario (Arribado - mortalidad)'!$K$15:$K$244)),"") | AT15: =IF(AR15 = AS15,"0",SUMIF('Acuario (Arribado - mortalidad)'!$B$15:$B$244,ANEXO!B15,'Acuario (Arribado - mortalidad)'!$G$15:$G$244)) -> 0 | AU15: =IFERROR(Item2[[#This Row],[mortalidad acumulada]]/Item2[[#This Row],[cantidad arribada]],"") | AV15: =IF(ISTEXT(R15),IF(Item2[[#This Row],[cantidad arribada]]=0,"No llega",Item2[[#This Row],[cantidad arribada]]),) -> 0 | AX15: =SUMIF('Acuario (Arribado - mortalidad)'!$B$15:$B$244,ANEXO!B15,'Acuario (Arribado - mortalidad)'!$O$15:$O$244) -> 0 | AY15: =SUMIF('Acuario (Arribado - mortalidad)'!$B$15:$B$244,ANEXO!B15,'Acuario (Arribado - mortalidad)'!$BG$15:$BG$244) -> 0 | AZ15: =SUMIF('Acuario (Arribado - mortalidad)'!$B$15:$B$244,ANEXO!B15,'Acuario (Arribado - mortalidad)'!$BH$15:$BH$244) -> 0 | BA15: =IFERROR(Item2[[#This Row],[Mortalidad dia 1]]/Item2[[#This Row],[cantidad arribada]],"") | BB15: =IFERROR(Item2[[#This Row],[Mortalidad 2 a 8 (Sem 1)]]/Item2[[#This Row],[cantidad arribada]],"") | BC15: =IFERROR(Item2[[#This Row],[Mortalidad 9 a 15 (Sem 2)]]/Item2[[#This Row],[cantidad arribada]],"") | BD15: =AC15 -> 0 | BF15: =SUMIF('Acuario (Arribado - mortalidad)'!$B$15:$B$244,ANEXO!B15,'Acuario (Arribado - mortalidad)'!$F$15:$F$244) -> 0 | BG15: =SUMIF('Acuario (Arribado - mortalidad)'!$B$15:$B$244,ANEXO!B15,'Acuario (Arribado - mortalidad)'!$K$15:$K$244) -> 0 | BH15: =SUMIF('Acuario (Arribado - mortalidad)'!$B$15:$B$244,ANEXO!B15,'Acuario (Arribado - mortalidad)'!$G$15:$G$244) -> 0 | BI15: =SUMIF('Acuario (Arribado - mortalidad)'!$B$15:$B$244,ANEXO!B15,'Acuario (Arribado - mortalidad)'!$O$15:$O$244) -> 0 | BJ15: =SUMIF('Acuario (Arribado - mortalidad)'!$B$15:$B$244,ANEXO!B15,'Acuario (Arribado - mortalidad)'!$BG$15:$BG$244) -> 0 | BK15: =SUMIF('Acuario (Arribado - mortalidad)'!$B$15:$B$244,ANEXO!B15,'Acuario (Arribado - mortalidad)'!$BH$15:$BH$244) -> 0 | BL15: =IFERROR(VLOOKUP(AN15,#REF!,2,FALSE),"")
B16: 48 | N16: =INDEX(AMBIENTE!D$2:D$797,MATCH(R16,AMBIENTE!C$2:C$797,0)) -> #N/A | AG16: =IFERROR(VLOOKUP(Item2[[#This Row],[Concatenado]],CITES[],2,FALSE),"") | AI16: =IFERROR(VLOOKUP(Item2[[#This Row],[Concatenado]],SuscepEARs[],2,FALSE),"") | AM16: 48 | AN16: =CONCATENATE(R16," ",Y16) | AO16: =C16 -> 0 | AP16: =J16 -> 0 | AQ16: =N16 -> #N/A | AR16: =SUMIF('Acuario (Arribado - mortalidad)'!$B$15:$B$244,ANEXO!B16,'Acuario (Arribado - mortalidad)'!$F$15:$F$244) -> 0 | AS16: =IF(AR16>0, IF(SUMIF('Acuario (Arribado - mortalidad)'!$B$15:$B$244,ANEXO!B16,'Acuario (Arribado - mortalidad)'!$K$15:$K$244)=0, "0", SUMIF('Acuario (Arribado - mortalidad)'!$B$15:$B$244,ANEXO!B16,'Acuario (Arribado - mortalidad)'!$K$15:$K$244)),"") | AT16: =IF(AR16 = AS16,"0",SUMIF('Acuario (Arribado - mortalidad)'!$B$15:$B$244,ANEXO!B16,'Acuario (Arribado - mortalidad)'!$G$15:$G$244)) -> 0 | AU16: =IFERROR(Item2[[#This Row],[mortalidad acumulada]]/Item2[[#This Row],[cantidad arribada]],"") | AV16: =IF(ISTEXT(R16),IF(Item2[[#This Row],[cantidad arribada]]=0,"No llega",Item2[[#This Row],[cantidad arribada]]),) -> 0 | AX16: =SUMIF('Acuario (Arribado - mortalidad)'!$B$15:$B$244,ANEXO!B16,'Acuario (Arribado - mortalidad)'!$O$15:$O$244) -> 0 | AY16: =SUMIF('Acuario (Arribado - mortalidad)'!$B$15:$B$244,ANEXO!B16,'Acuario (Arribado - mortalidad)'!$BG$15:$BG$244) -> 0 | AZ16: =SUMIF('Acuario (Arribado - mortalidad)'!$B$15:$B$244,ANEXO!B16,'Acuario (Arribado - mortalidad)'!$BH$15:$BH$244) -> 0 | BA16: =IFERROR(Item2[[#This Row],[Mortalidad dia 1]]/Item2[[#This Row],[cantidad arribada]],"") | BB16: =IFERROR(Item2[[#This Row],[Mortalidad 2 a 8 (Sem 1)]]/Item2[[#This Row],[cantidad arribada]],"") | BC16: =IFERROR(Item2[[#This Row],[Mortalidad 9 a 15 (Sem 2)]]/Item2[[#This Row],[cantidad arribada]],"") | BD16: =AC16 -> 0 | BF16: =SUMIF('Acuario (Arribado - mortalidad)'!$B$15:$B$244,ANEXO!B16,'Acuario (Arribado - mortalidad)'!$F$15:$F$244) -> 0 | BG16: =SUMIF('Acuario (Arribado - mortalidad)'!$B$15:$B$244,ANEXO!B16,'Acuario (Arribado - mortalidad)'!$K$15:$K$244) -> 0 | BH16: =SUMIF('Acuario (Arribado - mortalidad)'!$B$15:$B$244,ANEXO!B16,'Acuario (Arribado - mortalidad)'!$G$15:$G$244) -> 0 | BI16: =SUMIF('Acuario (Arribado - mortalidad)'!$B$15:$B$244,ANEXO!B16,'Acuario (Arribado - mortalidad)'!$O$15:$O$244) -> 0 | BJ16: =SUMIF('Acuario (Arribado - mortalidad)'!$B$15:$B$244,ANEXO!B16,'Acuario (Arribado - mortalidad)'!$BG$15:$BG$244) -> 0 | BK16: =SUMIF('Acuario (Arribado - mortalidad)'!$B$15:$B$244,ANEXO!B16,'Acuario (Arribado - mortalidad)'!$BH$15:$BH$244) -> 0 | BL16: =IFERROR(VLOOKUP(AN16,#REF!,2,FALSE),"")
B17: 49 | N17: =INDEX(AMBIENTE!D$2:D$797,MATCH(R17,AMBIENTE!C$2:C$797,0)) -> #N/A | AG17: =IFERROR(VLOOKUP(Item2[[#This Row],[Concatenado]],CITES[],2,FALSE),"") | AI17: =IFERROR(VLOOKUP(Item2[[#This Row],[Concatenado]],SuscepEARs[],2,FALSE),"") | AM17: 49 | AN17: =CONCATENATE(R17," ",Y17) | AO17: =C17 -> 0 | AP17: =J17 -> 0 | AQ17: =N17 -> #N/A | AR17: =SUMIF('Acuario (Arribado - mortalidad)'!$B$15:$B$244,ANEXO!B17,'Acuario (Arribado - mortalidad)'!$F$15:$F$244) -> 0 | AS17: =IF(AR17>0, IF(SUMIF('Acuario (Arribado - mortalidad)'!$B$15:$B$244,ANEXO!B17,'Acuario (Arribado - mortalidad)'!$K$15:$K$244)=0, "0", SUMIF('Acuario (Arribado - mortalidad)'!$B$15:$B$244,ANEXO!B17,'Acuario (Arribado - mortalidad)'!$K$15:$K$244)),"") | AT17: =IF(AR17 = AS17,"0",SUMIF('Acuario (Arribado - mortalidad)'!$B$15:$B$244,ANEXO!B17,'Acuario (Arribado - mortalidad)'!$G$15:$G$244)) -> 0 | AU17: =IFERROR(Item2[[#This Row],[mortalidad acumulada]]/Item2[[#This Row],[cantidad arribada]],"") | AV17: =IF(ISTEXT(R17),IF(Item2[[#This Row],[cantidad arribada]]=0,"No llega",Item2[[#This Row],[cantidad arribada]]),) -> 0 | AX17: =SUMIF('Acuario (Arribado - mortalidad)'!$B$15:$B$244,ANEXO!B17,'Acuario (Arribado - mortalidad)'!$O$15:$O$244) -> 0 | AY17: =SUMIF('Acuario (Arribado - mortalidad)'!$B$15:$B$244,ANEXO!B17,'Acuario (Arribado - mortalidad)'!$BG$15:$BG$244) -> 0 | AZ17: =SUMIF('Acuario (Arribado - mortalidad)'!$B$15:$B$244,ANEXO!B17,'Acuario (Arribado - mortalidad)'!$BH$15:$BH$244) -> 0 | BA17: =IFERROR(Item2[[#This Row],[Mortalidad dia 1]]/Item2[[#This Row],[cantidad arribada]],"") | BB17: =IFERROR(Item2[[#This Row],[Mortalidad 2 a 8 (Sem 1)]]/Item2[[#This Row],[cantidad arribada]],"") | BC17: =IFERROR(Item2[[#This Row],[Mortalidad 9 a 15 (Sem 2)]]/Item2[[#This Row],[cantidad arribada]],"") | BD17: =AC17 -> 0 | BF17: =SUMIF('Acuario (Arribado - mortalidad)'!$B$15:$B$244,ANEXO!B17,'Acuario (Arribado - mortalidad)'!$F$15:$F$244) -> 0 | BG17: =SUMIF('Acuario (Arribado - mortalidad)'!$B$15:$B$244,ANEXO!B17,'Acuario (Arribado - mortalidad)'!$K$15:$K$244) -> 0 | BH17: =SUMIF('Acuario (Arribado - mortalidad)'!$B$15:$B$244,ANEXO!B17,'Acuario (Arribado - mortalidad)'!$G$15:$G$244) -> 0 | BI17: =SUMIF('Acuario (Arribado - mortalidad)'!$B$15:$B$244,ANEXO!B17,'Acuario (Arribado - mortalidad)'!$O$15:$O$244) -> 0 | BJ17: =SUMIF('Acuario (Arribado - mortalidad)'!$B$15:$B$244,ANEXO!B17,'Acuario (Arribado - mortalidad)'!$BG$15:$BG$244) -> 0 | BK17: =SUMIF('Acuario (Arribado - mortalidad)'!$B$15:$B$244,ANEXO!B17,'Acuario (Arribado - mortalidad)'!$BH$15:$BH$244) -> 0 | BL17: =IFERROR(VLOOKUP(AN17,#REF!,2,FALSE),"")
B18: 50 | N18: =INDEX(AMBIENTE!D$2:D$797,MATCH(R18,AMBIENTE!C$2:C$797,0)) -> #N/A | AG18: =IFERROR(VLOOKUP(Item2[[#This Row],[Concatenado]],CITES[],2,FALSE),"") | AI18: =IFERROR(VLOOKUP(Item2[[#This Row],[Concatenado]],SuscepEARs[],2,FALSE),"") | AM18: 50 | AN18: =CONCATENATE(R18," ",Y18) | AO18: =C18 -> 0 | AP18: =J18 -> 0 | AQ18: =N18 -> #N/A | AR18: =SUMIF('Acuario (Arribado - mortalidad)'!$B$15:$B$244,ANEXO!B18,'Acuario (Arribado - mortalidad)'!$F$15:$F$244) -> 0 | AS18: =IF(AR18>0, IF(SUMIF('Acuario (Arribado - mortalidad)'!$B$15:$B$244,ANEXO!B18,'Acuario (Arribado - mortalidad)'!$K$15:$K$244)=0, "0", SUMIF('Acuario (Arribado - mortalidad)'!$B$15:$B$244,ANEXO!B18,'Acuario (Arribado - mortalidad)'!$K$15:$K$244)),"") | AT18: =IF(AR18 = AS18,"0",SUMIF('Acuario (Arribado - mortalidad)'!$B$15:$B$244,ANEXO!B18,'Acuario (Arribado - mortalidad)'!$G$15:$G$244)) -> 0 | AU18: =IFERROR(Item2[[#This Row],[mortalidad acumulada]]/Item2[[#This Row],[cantidad arribada]],"") | AV18: =IF(ISTEXT(R18),IF(Item2[[#This Row],[cantidad arribada]]=0,"No llega",Item2[[#This Row],[cantidad arribada]]),) -> 0 | AX18: =SUMIF('Acuario (Arribado - mortalidad)'!$B$15:$B$244,ANEXO!B18,'Acuario (Arribado - mortalidad)'!$O$15:$O$244) -> 0 | AY18: =SUMIF('Acuario (Arribado - mortalidad)'!$B$15:$B$244,ANEXO!B18,'Acuario (Arribado - mortalidad)'!$BG$15:$BG$244) -> 0 | AZ18: =SUMIF('Acuario (Arribado - mortalidad)'!$B$15:$B$244,ANEXO!B18,'Acuario (Arribado - mortalidad)'!$BH$15:$BH$244) -> 0 | BA18: =IFERROR(Item2[[#This Row],[Mortalidad dia 1]]/Item2[[#This Row],[cantidad arribada]],"") | BB18: =IFERROR(Item2[[#This Row],[Mortalidad 2 a 8 (Sem 1)]]/Item2[[#This Row],[cantidad arribada]],"") | BC18: =IFERROR(Item2[[#This Row],[Mortalidad 9 a 15 (Sem 2)]]/Item2[[#This Row],[cantidad arribada]],"") | BD18: =AC18 -> 0 | BF18: =SUMIF('Acuario (Arribado - mortalidad)'!$B$15:$B$244,ANEXO!B18,'Acuario (Arribado - mortalidad)'!$F$15:$F$244) -> 0 | BG18: =SUMIF('Acuario (Arribado - mortalidad)'!$B$15:$B$244,ANEXO!B18,'Acuario (Arribado - mortalidad)'!$K$15:$K$244) -> 0 | BH18: =SUMIF('Acuario (Arribado - mortalidad)'!$B$15:$B$244,ANEXO!B18,'Acuario (Arribado - mortalidad)'!$G$15:$G$244) -> 0 | BI18: =SUMIF('Acuario (Arribado - mortalidad)'!$B$15:$B$244,ANEXO!B18,'Acuario (Arribado - mortalidad)'!$O$15:$O$244) -> 0 | BJ18: =SUMIF('Acuario (Arribado - mortalidad)'!$B$15:$B$244,ANEXO!B18,'Acuario (Arribado - mortalidad)'!$BG$15:$BG$244) -> 0 | BK18: =SUMIF('Acuario (Arribado - mortalidad)'!$B$15:$B$244,ANEXO!B18,'Acuario (Arribado - mortalidad)'!$BH$15:$BH$244) -> 0 | BL18: =IFERROR(VLOOKUP(AN18,#REF!,2,FALSE),"")
B19: 51 | N19: =INDEX(AMBIENTE!D$2:D$797,MATCH(R19,AMBIENTE!C$2:C$797,0)) -> #N/A | AG19: =IFERROR(VLOOKUP(Item2[[#This Row],[Concatenado]],CITES[],2,FALSE),"") | AI19: =IFERROR(VLOOKUP(Item2[[#This Row],[Concatenado]],SuscepEARs[],2,FALSE),"") | AM19: 51 | AN19: =CONCATENATE(R19," ",Y19) | AO19: =C19 -> 0 | AP19: =J19 -> 0 | AQ19: =N19 -> #N/A | AR19: =SUMIF('Acuario (Arribado - mortalidad)'!$B$15:$B$244,ANEXO!B19,'Acuario (Arribado - mortalidad)'!$F$15:$F$244) -> 0 | AS19: =IF(AR19>0, IF(SUMIF('Acuario (Arribado - mortalidad)'!$B$15:$B$244,ANEXO!B19,'Acuario (Arribado - mortalidad)'!$K$15:$K$244)=0, "0", SUMIF('Acuario (Arribado - mortalidad)'!$B$15:$B$244,ANEXO!B19,'Acuario (Arribado - mortalidad)'!$K$15:$K$244)),"") | AT19: =IF(AR19 = AS19,"0",SUMIF('Acuario (Arribado - mortalidad)'!$B$15:$B$244,ANEXO!B19,'Acuario (Arribado - mortalidad)'!$G$15:$G$244)) -> 0 | AU19: =IFERROR(Item2[[#This Row],[mortalidad acumulada]]/Item2[[#This Row],[cantidad arribada]],"") | AV19: =IF(ISTEXT(R19),IF(Item2[[#This Row],[cantidad arribada]]=0,"No llega",Item2[[#This Row],[cantidad arribada]]),) -> 0 | AX19: =SUMIF('Acuario (Arribado - mortalidad)'!$B$15:$B$244,ANEXO!B19,'Acuario (Arribado - mortalidad)'!$O$15:$O$244) -> 0 | AY19: =SUMIF('Acuario (Arribado - mortalidad)'!$B$15:$B$244,ANEXO!B19,'Acuario (Arribado - mortalidad)'!$BG$15:$BG$244) -> 0 | AZ19: =SUMIF('Acuario (Arribado - mortalidad)'!$B$15:$B$244,ANEXO!B19,'Acuario (Arribado - mortalidad)'!$BH$15:$BH$244) -> 0 | BA19: =IFERROR(Item2[[#This Row],[Mortalidad dia 1]]/Item2[[#This Row],[cantidad arribada]],"") | BB19: =IFERROR(Item2[[#This Row],[Mortalidad 2 a 8 (Sem 1)]]/Item2[[#This Row],[cantidad arribada]],"") | BC19: =IFERROR(Item2[[#This Row],[Mortalidad 9 a 15 (Sem 2)]]/Item2[[#This Row],[cantidad arribada]],"") | BD19: =AC19 -> 0 | BF19: =SUMIF('Acuario (Arribado - mortalidad)'!$B$15:$B$244,ANEXO!B19,'Acuario (Arribado - mortalidad)'!$F$15:$F$244) -> 0 | BG19: =SUMIF('Acuario (Arribado - mortalidad)'!$B$15:$B$244,ANEXO!B19,'Acuario (Arribado - mortalidad)'!$K$15:$K$244) -> 0 | BH19: =SUMIF('Acuario (Arribado - mortalidad)'!$B$15:$B$244,ANEXO!B19,'Acuario (Arribado - mortalidad)'!$G$15:$G$244) -> 0 | BI19: =SUMIF('Acuario (Arribado - mortalidad)'!$B$15:$B$244,ANEXO!B19,'Acuario (Arribado - mortalidad)'!$O$15:$O$244) -> 0 | BJ19: =SUMIF('Acuario (Arribado - mortalidad)'!$B$15:$B$244,ANEXO!B19,'Acuario (Arribado - mortalidad)'!$BG$15:$BG$244) -> 0 | BK19: =SUMIF('Acuario (Arribado - mortalidad)'!$B$15:$B$244,ANEXO!B19,'Acuario (Arribado - mortalidad)'!$BH$15:$BH$244) -> 0 | BL19: =IFERROR(VLOOKUP(AN19,#REF!,2,FALSE),"")
B20: 52 | N20: =INDEX(AMBIENTE!D$2:D$797,MATCH(R20,AMBIENTE!C$2:C$797,0)) -> #N/A | AG20: =IFERROR(VLOOKUP(Item2[[#This Row],[Concatenado]],CITES[],2,FALSE),"") | AI20: =IFERROR(VLOOKUP(Item2[[#This Row],[Concatenado]],SuscepEARs[],2,FALSE),"") | AM20: 52 | AN20: =CONCATENATE(R20," ",Y20) | AO20: =C20 -> 0 | AP20: =J20 -> 0 | AQ20: =N20 -> #N/A | AR20: =SUMIF('Acuario (Arribado - mortalidad)'!$B$15:$B$244,ANEXO!B20,'Acuario (Arribado - mortalidad)'!$F$15:$F$244) -> 0 | AS20: =IF(AR20>0, IF(SUMIF('Acuario (Arribado - mortalidad)'!$B$15:$B$244,ANEXO!B20,'Acuario (Arribado - mortalidad)'!$K$15:$K$244)=0, "0", SUMIF('Acuario (Arribado - mortalidad)'!$B$15:$B$244,ANEXO!B20,'Acuario (Arribado - mortalidad)'!$K$15:$K$244)),"") | AT20: =IF(AR20 = AS20,"0",SUMIF('Acuario (Arribado - mortalidad)'!$B$15:$B$244,ANEXO!B20,'Acuario (Arribado - mortalidad)'!$G$15:$G$244)) -> 0 | AU20: =IFERROR(Item2[[#This Row],[mortalidad acumulada]]/Item2[[#This Row],[cantidad arribada]],"") | AV20: =IF(ISTEXT(R20),IF(Item2[[#This Row],[cantidad arribada]]=0,"No llega",Item2[[#This Row],[cantidad arribada]]),) -> 0 | AX20: =SUMIF('Acuario (Arribado - mortalidad)'!$B$15:$B$244,ANEXO!B20,'Acuario (Arribado - mortalidad)'!$O$15:$O$244) -> 0 | AY20: =SUMIF('Acuario (Arribado - mortalidad)'!$B$15:$B$244,ANEXO!B20,'Acuario (Arribado - mortalidad)'!$BG$15:$BG$244) -> 0 | AZ20: =SUMIF('Acuario (Arribado - mortalidad)'!$B$15:$B$244,ANEXO!B20,'Acuario (Arribado - mortalidad)'!$BH$15:$BH$244) -> 0 | BA20: =IFERROR(Item2[[#This Row],[Mortalidad dia 1]]/Item2[[#This Row],[cantidad arribada]],"") | BB20: =IFERROR(Item2[[#This Row],[Mortalidad 2 a 8 (Sem 1)]]/Item2[[#This Row],[cantidad arribada]],"") | BC20: =IFERROR(Item2[[#This Row],[Mortalidad 9 a 15 (Sem 2)]]/Item2[[#This Row],[cantidad arribada]],"") | BD20: =AC20 -> 0 | BF20: =SUMIF('Acuario (Arribado - mortalidad)'!$B$15:$B$244,ANEXO!B20,'Acuario (Arribado - mortalidad)'!$F$15:$F$244) -> 0 | BG20: =SUMIF('Acuario (Arribado - mortalidad)'!$B$15:$B$244,ANEXO!B20,'Acuario (Arribado - mortalidad)'!$K$15:$K$244) -> 0 | BH20: =SUMIF('Acuario (Arribado - mortalidad)'!$B$15:$B$244,ANEXO!B20,'Acuario (Arribado - mortalidad)'!$G$15:$G$244) -> 0 | BI20: =SUMIF('Acuario (Arribado - mortalidad)'!$B$15:$B$244,ANEXO!B20,'Acuario (Arribado - mortalidad)'!$O$15:$O$244) -> 0 | BJ20: =SUMIF('Acuario (Arribado - mortalidad)'!$B$15:$B$244,ANEXO!B20,'Acuario (Arribado - mortalidad)'!$BG$15:$BG$244) -> 0 | BK20: =SUMIF('Acuario (Arribado - mortalidad)'!$B$15:$B$244,ANEXO!B20,'Acuario (Arribado - mortalidad)'!$BH$15:$BH$244) -> 0 | BL20: =IFERROR(VLOOKUP(AN20,#REF!,2,FALSE),"")
B21: 53 | N21: =INDEX(AMBIENTE!D$2:D$797,MATCH(R21,AMBIENTE!C$2:C$797,0)) -> #N/A | AG21: =IFERROR(VLOOKUP(Item2[[#This Row],[Concatenado]],CITES[],2,FALSE),"") | AI21: =IFERROR(VLOOKUP(Item2[[#This Row],[Concatenado]],SuscepEARs[],2,FALSE),"") | AM21: 53 | AN21: =CONCATENATE(R21," ",Y21) | AO21: =C21 -> 0 | AP21: =J21 -> 0 | AQ21: =N21 -> #N/A | AR21: =SUMIF('Acuario (Arribado - mortalidad)'!$B$15:$B$244,ANEXO!B21,'Acuario (Arribado - mortalidad)'!$F$15:$F$244) -> 0 | AS21: =IF(AR21>0, IF(SUMIF('Acuario (Arribado - mortalidad)'!$B$15:$B$244,ANEXO!B21,'Acuario (Arribado - mortalidad)'!$K$15:$K$244)=0, "0", SUMIF('Acuario (Arribado - mortalidad)'!$B$15:$B$244,ANEXO!B21,'Acuario (Arribado - mortalidad)'!$K$15:$K$244)),"") | AT21: =IF(AR21 = AS21,"0",SUMIF('Acuario (Arribado - mortalidad)'!$B$15:$B$244,ANEXO!B21,'Acuario (Arribado - mortalidad)'!$G$15:$G$244)) -> 0 | AU21: =IFERROR(Item2[[#This Row],[mortalidad acumulada]]/Item2[[#This Row],[cantidad arribada]],"") | AV21: =IF(ISTEXT(R21),IF(Item2[[#This Row],[cantidad arribada]]=0,"No llega",Item2[[#This Row],[cantidad arribada]]),) -> 0 | AX21: =SUMIF('Acuario (Arribado - mortalidad)'!$B$15:$B$244,ANEXO!B21,'Acuario (Arribado - mortalidad)'!$O$15:$O$244) -> 0 | AY21: =SUMIF('Acuario (Arribado - mortalidad)'!$B$15:$B$244,ANEXO!B21,'Acuario (Arribado - mortalidad)'!$BG$15:$BG$244) -> 0 | AZ21: =SUMIF('Acuario (Arribado - mortalidad)'!$B$15:$B$244,ANEXO!B21,'Acuario (Arribado - mortalidad)'!$BH$15:$BH$244) -> 0 | BA21: =IFERROR(Item2[[#This Row],[Mortalidad dia 1]]/Item2[[#This Row],[cantidad arribada]],"") | BB21: =IFERROR(Item2[[#This Row],[Mortalidad 2 a 8 (Sem 1)]]/Item2[[#This Row],[cantidad arribada]],"") | BC21: =IFERROR(Item2[[#This Row],[Mortalidad 9 a 15 (Sem 2)]]/Item2[[#This Row],[cantidad arribada]],"") | BD21: =AC21 -> 0 | BF21: =SUMIF('Acuario (Arribado - mortalidad)'!$B$15:$B$244,ANEXO!B21,'Acuario (Arribado - mortalidad)'!$F$15:$F$244) -> 0 | BG21: =SUMIF('Acuario (Arribado - mortalidad)'!$B$15:$B$244,ANEXO!B21,'Acuario (Arribado - mortalidad)'!$K$15:$K$244) -> 0 | BH21: =SUMIF('Acuario (Arribado - mortalidad)'!$B$15:$B$244,ANEXO!B21,'Acuario (Arribado - mortalidad)'!$G$15:$G$244) -> 0 | BI21: =SUMIF('Acuario (Arribado - mortalidad)'!$B$15:$B$244,ANEXO!B21,'Acuario (Arribado - mortalidad)'!$O$15:$O$244) -> 0 | BJ21: =SUMIF('Acuario (Arribado - mortalidad)'!$B$15:$B$244,ANEXO!B21,'Acuario (Arribado - mortalidad)'!$BG$15:$BG$244) -> 0 | BK21: =SUMIF('Acuario (Arribado - mortalidad)'!$B$15:$B$244,ANEXO!B21,'Acuario (Arribado - mortalidad)'!$BH$15:$BH$244) -> 0 | BL21: =IFERROR(VLOOKUP(AN21,#REF!,2,FALSE),"")
B22: 54 | N22: =INDEX(AMBIENTE!D$2:D$797,MATCH(R22,AMBIENTE!C$2:C$797,0)) -> #N/A | AG22: =IFERROR(VLOOKUP(Item2[[#This Row],[Concatenado]],CITES[],2,FALSE),"") | AI22: =IFERROR(VLOOKUP(Item2[[#This Row],[Concatenado]],SuscepEARs[],2,FALSE),"") | AM22: 54 | AN22: =CONCATENATE(R22," ",Y22) | AO22: =C22 -> 0 | AP22: =J22 -> 0 | AQ22: =N22 -> #N/A | AR22: =SUMIF('Acuario (Arribado - mortalidad)'!$B$15:$B$244,ANEXO!B22,'Acuario (Arribado - mortalidad)'!$F$15:$F$244) -> 0 | AS22: =IF(AR22>0, IF(SUMIF('Acuario (Arribado - mortalidad)'!$B$15:$B$244,ANEXO!B22,'Acuario (Arribado - mortalidad)'!$K$15:$K$244)=0, "0", SUMIF('Acuario (Arribado - mortalidad)'!$B$15:$B$244,ANEXO!B22,'Acuario (Arribado - mortalidad)'!$K$15:$K$244)),"") | AT22: =IF(AR22 = AS22,"0",SUMIF('Acuario (Arribado - mortalidad)'!$B$15:$B$244,ANEXO!B22,'Acuario (Arribado - mortalidad)'!$G$15:$G$244)) -> 0 | AU22: =IFERROR(Item2[[#This Row],[mortalidad acumulada]]/Item2[[#This Row],[cantidad arribada]],"") | AV22: =IF(ISTEXT(R22),IF(Item2[[#This Row],[cantidad arribada]]=0,"No llega",Item2[[#This Row],[cantidad arribada]]),) -> 0 | AX22: =SUMIF('Acuario (Arribado - mortalidad)'!$B$15:$B$244,ANEXO!B22,'Acuario (Arribado - mortalidad)'!$O$15:$O$244) -> 0 | AY22: =SUMIF('Acuario (Arribado - mortalidad)'!$B$15:$B$244,ANEXO!B22,'Acuario (Arribado - mortalidad)'!$BG$15:$BG$244) -> 0 | AZ22: =SUMIF('Acuario (Arribado - mortalidad)'!$B$15:$B$244,ANEXO!B22,'Acuario (Arribado - mortalidad)'!$BH$15:$BH$244) -> 0 | BA22: =IFERROR(Item2[[#This Row],[Mortalidad dia 1]]/Item2[[#This Row],[cantidad arribada]],"") | BB22: =IFERROR(Item2[[#This Row],[Mortalidad 2 a 8 (Sem 1)]]/Item2[[#This Row],[cantidad arribada]],"") | BC22: =IFERROR(Item2[[#This Row],[Mortalidad 9 a 15 (Sem 2)]]/Item2[[#This Row],[cantidad arribada]],"") | BD22: =AC22 -> 0 | BF22: =SUMIF('Acuario (Arribado - mortalidad)'!$B$15:$B$244,ANEXO!B22,'Acuario (Arribado - mortalidad)'!$F$15:$F$244) -> 0 | BG22: =SUMIF('Acuario (Arribado - mortalidad)'!$B$15:$B$244,ANEXO!B22,'Acuario (Arribado - mortalidad)'!$K$15:$K$244) -> 0 | BH22: =SUMIF('Acuario (Arribado - mortalidad)'!$B$15:$B$244,ANEXO!B22,'Acuario (Arribado - mortalidad)'!$G$15:$G$244) -> 0 | BI22: =SUMIF('Acuario (Arribado - mortalidad)'!$B$15:$B$244,ANEXO!B22,'Acuario (Arribado - mortalidad)'!$O$15:$O$244) -> 0 | BJ22: =SUMIF('Acuario (Arribado - mortalidad)'!$B$15:$B$244,ANEXO!B22,'Acuario (Arribado - mortalidad)'!$BG$15:$BG$244) -> 0 | BK22: =SUMIF('Acuario (Arribado - mortalidad)'!$B$15:$B$244,ANEXO!B22,'Acuario (Arribado - mortalidad)'!$BH$15:$BH$244) -> 0 | BL22: =IFERROR(VLOOKUP(AN22,#REF!,2,FALSE),"")
B23: 55 | N23: =INDEX(AMBIENTE!D$2:D$797,MATCH(R23,AMBIENTE!C$2:C$797,0)) -> #N/A | AG23: =IFERROR(VLOOKUP(Item2[[#This Row],[Concatenado]],CITES[],2,FALSE),"") | AI23: =IFERROR(VLOOKUP(Item2[[#This Row],[Concatenado]],SuscepEARs[],2,FALSE),"") | AM23: 55 | AN23: =CONCATENATE(R23," ",Y23) | AO23: =C23 -> 0 | AP23: =J23 -> 0 | AQ23: =N23 -> #N/A | AR23: =SUMIF('Acuario (Arribado - mortalidad)'!$B$15:$B$244,ANEXO!B23,'Acuario (Arribado - mortalidad)'!$F$15:$F$244) -> 0 | AS23: =IF(AR23>0, IF(SUMIF('Acuario (Arribado - mortalidad)'!$B$15:$B$244,ANEXO!B23,'Acuario (Arribado - mortalidad)'!$K$15:$K$244)=0, "0", SUMIF('Acuario (Arribado - mortalidad)'!$B$15:$B$244,ANEXO!B23,'Acuario (Arribado - mortalidad)'!$K$15:$K$244)),"") | AT23: =IF(AR23 = AS23,"0",SUMIF('Acuario (Arribado - mortalidad)'!$B$15:$B$244,ANEXO!B23,'Acuario (Arribado - mortalidad)'!$G$15:$G$244)) -> 0 | AU23: =IFERROR(Item2[[#This Row],[mortalidad acumulada]]/Item2[[#This Row],[cantidad arribada]],"") | AV23: =IF(ISTEXT(R23),IF(Item2[[#This Row],[cantidad arribada]]=0,"No llega",Item2[[#This Row],[cantidad arribada]]),) -> 0 | AX23: =SUMIF('Acuario (Arribado - mortalidad)'!$B$15:$B$244,ANEXO!B23,'Acuario (Arribado - mortalidad)'!$O$15:$O$244) -> 0 | AY23: =SUMIF('Acuario (Arribado - mortalidad)'!$B$15:$B$244,ANEXO!B23,'Acuario (Arribado - mortalidad)'!$BG$15:$BG$244) -> 0 | AZ23: =SUMIF('Acuario (Arribado - mortalidad)'!$B$15:$B$244,ANEXO!B23,'Acuario (Arribado - mortalidad)'!$BH$15:$BH$244) -> 0 | BA23: =IFERROR(Item2[[#This Row],[Mortalidad dia 1]]/Item2[[#This Row],[cantidad arribada]],"") | BB23: =IFERROR(Item2[[#This Row],[Mortalidad 2 a 8 (Sem 1)]]/Item2[[#This Row],[cantidad arribada]],"") | BC23: =IFERROR(Item2[[#This Row],[Mortalidad 9 a 15 (Sem 2)]]/Item2[[#This Row],[cantidad arribada]],"") | BD23: =AC23 -> 0 | BF23: =SUMIF('Acuario (Arribado - mortalidad)'!$B$15:$B$244,ANEXO!B23,'Acuario (Arribado - mortalidad)'!$F$15:$F$244) -> 0 | BG23: =SUMIF('Acuario (Arribado - mortalidad)'!$B$15:$B$244,ANEXO!B23,'Acuario (Arribado - mortalidad)'!$K$15:$K$244) -> 0 | BH23: =SUMIF('Acuario (Arribado - mortalidad)'!$B$15:$B$244,ANEXO!B23,'Acuario (Arribado - mortalidad)'!$G$15:$G$244) -> 0 | BI23: =SUMIF('Acuario (Arribado - mortalidad)'!$B$15:$B$244,ANEXO!B23,'Acuario (Arribado - mortalidad)'!$O$15:$O$244) -> 0 | BJ23: =SUMIF('Acuario (Arribado - mortalidad)'!$B$15:$B$244,ANEXO!B23,'Acuario (Arribado - mortalidad)'!$BG$15:$BG$244) -> 0 | BK23: =SUMIF('Acuario (Arribado - mortalidad)'!$B$15:$B$244,ANEXO!B23,'Acuario (Arribado - mortalidad)'!$BH$15:$BH$244) -> 0 | BL23: =IFERROR(VLOOKUP(AN23,#REF!,2,FALSE),"")
B24: 56 | N24: =INDEX(AMBIENTE!D$2:D$797,MATCH(R24,AMBIENTE!C$2:C$797,0)) -> #N/A | AG24: =IFERROR(VLOOKUP(Item2[[#This Row],[Concatenado]],CITES[],2,FALSE),"") | AI24: =IFERROR(VLOOKUP(Item2[[#This Row],[Concatenado]],SuscepEARs[],2,FALSE),"") | AM24: 56 | AN24: =CONCATENATE(R24," ",Y24) | AO24: =C24 -> 0 | AP24: =J24 -> 0 | AQ24: =N24 -> #N/A | AR24: =SUMIF('Acuario (Arribado - mortalidad)'!$B$15:$B$244,ANEXO!B24,'Acuario (Arribado - mortalidad)'!$F$15:$F$244) -> 0 | AS24: =IF(AR24>0, IF(SUMIF('Acuario (Arribado - mortalidad)'!$B$15:$B$244,ANEXO!B24,'Acuario (Arribado - mortalidad)'!$K$15:$K$244)=0, "0", SUMIF('Acuario (Arribado - mortalidad)'!$B$15:$B$244,ANEXO!B24,'Acuario (Arribado - mortalidad)'!$K$15:$K$244)),"") | AT24: =IF(AR24 = AS24,"0",SUMIF('Acuario (Arribado - mortalidad)'!$B$15:$B$244,ANEXO!B24,'Acuario (Arribado - mortalidad)'!$G$15:$G$244)) -> 0 | AU24: =IFERROR(Item2[[#This Row],[mortalidad acumulada]]/Item2[[#This Row],[cantidad arribada]],"") | AV24: =IF(ISTEXT(R24),IF(Item2[[#This Row],[cantidad arribada]]=0,"No llega",Item2[[#This Row],[cantidad arribada]]),) -> 0 | AX24: =SUMIF('Acuario (Arribado - mortalidad)'!$B$15:$B$244,ANEXO!B24,'Acuario (Arribado - mortalidad)'!$O$15:$O$244) -> 0 | AY24: =SUMIF('Acuario (Arribado - mortalidad)'!$B$15:$B$244,ANEXO!B24,'Acuario (Arribado - mortalidad)'!$BG$15:$BG$244) -> 0 | AZ24: =SUMIF('Acuario (Arribado - mortalidad)'!$B$15:$B$244,ANEXO!B24,'Acuario (Arribado - mortalidad)'!$BH$15:$BH$244) -> 0 | BA24: =IFERROR(Item2[[#This Row],[Mortalidad dia 1]]/Item2[[#This Row],[cantidad arribada]],"") | BB24: =IFERROR(Item2[[#This Row],[Mortalidad 2 a 8 (Sem 1)]]/Item2[[#This Row],[cantidad arribada]],"") | BC24: =IFERROR(Item2[[#This Row],[Mortalidad 9 a 15 (Sem 2)]]/Item2[[#This Row],[cantidad arribada]],"") | BD24: =AC24 -> 0 | BF24: =SUMIF('Acuario (Arribado - mortalidad)'!$B$15:$B$244,ANEXO!B24,'Acuario (Arribado - mortalidad)'!$F$15:$F$244) -> 0 | BG24: =SUMIF('Acuario (Arribado - mortalidad)'!$B$15:$B$244,ANEXO!B24,'Acuario (Arribado - mortalidad)'!$K$15:$K$244) -> 0 | BH24: =SUMIF('Acuario (Arribado - mortalidad)'!$B$15:$B$244,ANEXO!B24,'Acuario (Arribado - mortalidad)'!$G$15:$G$244) -> 0 | BI24: =SUMIF('Acuario (Arribado - mortalidad)'!$B$15:$B$244,ANEXO!B24,'Acuario (Arribado - mortalidad)'!$O$15:$O$244) -> 0 | BJ24: =SUMIF('Acuario (Arribado - mortalidad)'!$B$15:$B$244,ANEXO!B24,'Acuario (Arribado - mortalidad)'!$BG$15:$BG$244) -> 0 | BK24: =SUMIF('Acuario (Arribado - mortalidad)'!$B$15:$B$244,ANEXO!B24,'Acuario (Arribado - mortalidad)'!$BH$15:$BH$244) -> 0 | BL24: =IFERROR(VLOOKUP(AN24,#REF!,2,FALSE),"")
B25: 57 | N25: =INDEX(AMBIENTE!D$2:D$797,MATCH(R25,AMBIENTE!C$2:C$797,0)) -> #N/A | AG25: =IFERROR(VLOOKUP(Item2[[#This Row],[Concatenado]],CITES[],2,FALSE),"") | AI25: =IFERROR(VLOOKUP(Item2[[#This Row],[Concatenado]],SuscepEARs[],2,FALSE),"") | AM25: 57 | AN25: =CONCATENATE(R25," ",Y25) | AO25: =C25 -> 0 | AP25: =J25 -> 0 | AQ25: =N25 -> #N/A | AR25: =SUMIF('Acuario (Arribado - mortalidad)'!$B$15:$B$244,ANEXO!B25,'Acuario (Arribado - mortalidad)'!$F$15:$F$244) -> 0 | AS25: =IF(AR25>0, IF(SUMIF('Acuario (Arribado - mortalidad)'!$B$15:$B$244,ANEXO!B25,'Acuario (Arribado - mortalidad)'!$K$15:$K$244)=0, "0", SUMIF('Acuario (Arribado - mortalidad)'!$B$15:$B$244,ANEXO!B25,'Acuario (Arribado - mortalidad)'!$K$15:$K$244)),"") | AT25: =IF(AR25 = AS25,"0",SUMIF('Acuario (Arribado - mortalidad)'!$B$15:$B$244,ANEXO!B25,'Acuario (Arribado - mortalidad)'!$G$15:$G$244)) -> 0 | AU25: =IFERROR(Item2[[#This Row],[mortalidad acumulada]]/Item2[[#This Row],[cantidad arribada]],"") | AV25: =IF(ISTEXT(R25),IF(Item2[[#This Row],[cantidad arribada]]=0,"No llega",Item2[[#This Row],[cantidad arribada]]),) -> 0 | AX25: =SUMIF('Acuario (Arribado - mortalidad)'!$B$15:$B$244,ANEXO!B25,'Acuario (Arribado - mortalidad)'!$O$15:$O$244) -> 0 | AY25: =SUMIF('Acuario (Arribado - mortalidad)'!$B$15:$B$244,ANEXO!B25,'Acuario (Arribado - mortalidad)'!$BG$15:$BG$244) -> 0 | AZ25: =SUMIF('Acuario (Arribado - mortalidad)'!$B$15:$B$244,ANEXO!B25,'Acuario (Arribado - mortalidad)'!$BH$15:$BH$244) -> 0 | BA25: =IFERROR(Item2[[#This Row],[Mortalidad dia 1]]/Item2[[#This Row],[cantidad arribada]],"") | BB25: =IFERROR(Item2[[#This Row],[Mortalidad 2 a 8 (Sem 1)]]/Item2[[#This Row],[cantidad arribada]],"") | BC25: =IFERROR(Item2[[#This Row],[Mortalidad 9 a 15 (Sem 2)]]/Item2[[#This Row],[cantidad arribada]],"") | BD25: =AC25 -> 0 | BF25: =SUMIF('Acuario (Arribado - mortalidad)'!$B$15:$B$244,ANEXO!B25,'Acuario (Arribado - mortalidad)'!$F$15:$F$244) -> 0 | BG25: =SUMIF('Acuario (Arribado - mortalidad)'!$B$15:$B$244,ANEXO!B25,'Acuario (Arribado - mortalidad)'!$K$15:$K$244) -> 0 | BH25: =SUMIF('Acuario (Arribado - mortalidad)'!$B$15:$B$244,ANEXO!B25,'Acuario (Arribado - mortalidad)'!$G$15:$G$244) -> 0 | BI25: =SUMIF('Acuario (Arribado - mortalidad)'!$B$15:$B$244,ANEXO!B25,'Acuario (Arribado - mortalidad)'!$O$15:$O$244) -> 0 | BJ25: =SUMIF('Acuario (Arribado - mortalidad)'!$B$15:$B$244,ANEXO!B25,'Acuario (Arribado - mortalidad)'!$BG$15:$BG$244) -> 0 | BK25: =SUMIF('Acuario (Arribado - mortalidad)'!$B$15:$B$244,ANEXO!B25,'Acuario (Arribado - mortalidad)'!$BH$15:$BH$244) -> 0 | BL25: =IFERROR(VLOOKUP(AN25,#REF!,2,FALSE),"")
B26: 58 | N26: =INDEX(AMBIENTE!D$2:D$797,MATCH(R26,AMBIENTE!C$2:C$797,0)) -> #N/A | AG26: =IFERROR(VLOOKUP(Item2[[#This Row],[Concatenado]],CITES[],2,FALSE),"") | AI26: =IFERROR(VLOOKUP(Item2[[#This Row],[Concatenado]],SuscepEARs[],2,FALSE),"") | AM26: 58 | AN26: =CONCATENATE(R26," ",Y26) | AO26: =C26 -> 0 | AP26: =J26 -> 0 | AQ26: =N26 -> #N/A | AR26: =SUMIF('Acuario (Arribado - mortalidad)'!$B$15:$B$244,ANEXO!B26,'Acuario (Arribado - mortalidad)'!$F$15:$F$244) -> 0 | AS26: =IF(AR26>0, IF(SUMIF('Acuario (Arribado - mortalidad)'!$B$15:$B$244,ANEXO!B26,'Acuario (Arribado - mortalidad)'!$K$15:$K$244)=0, "0", SUMIF('Acuario (Arribado - mortalidad)'!$B$15:$B$244,ANEXO!B26,'Acuario (Arribado - mortalidad)'!$K$15:$K$244)),"") | AT26: =IF(AR26 = AS26,"0",SUMIF('Acuario (Arribado - mortalidad)'!$B$15:$B$244,ANEXO!B26,'Acuario (Arribado - mortalidad)'!$G$15:$G$244)) -> 0 | AU26: =IFERROR(Item2[[#This Row],[mortalidad acumulada]]/Item2[[#This Row],[cantidad arribada]],"") | AV26: =IF(ISTEXT(R26),IF(Item2[[#This Row],[cantidad arribada]]=0,"No llega",Item2[[#This Row],[cantidad arribada]]),) -> 0 | AX26: =SUMIF('Acuario (Arribado - mortalidad)'!$B$15:$B$244,ANEXO!B26,'Acuario (Arribado - mortalidad)'!$O$15:$O$244) -> 0 | AY26: =SUMIF('Acuario (Arribado - mortalidad)'!$B$15:$B$244,ANEXO!B26,'Acuario (Arribado - mortalidad)'!$BG$15:$BG$244) -> 0 | AZ26: =SUMIF('Acuario (Arribado - mortalidad)'!$B$15:$B$244,ANEXO!B26,'Acuario (Arribado - mortalidad)'!$BH$15:$BH$244) -> 0 | BA26: =IFERROR(Item2[[#This Row],[Mortalidad dia 1]]/Item2[[#This Row],[cantidad arribada]],"") | BB26: =IFERROR(Item2[[#This Row],[Mortalidad 2 a 8 (Sem 1)]]/Item2[[#This Row],[cantidad arribada]],"") | BC26: =IFERROR(Item2[[#This Row],[Mortalidad 9 a 15 (Sem 2)]]/Item2[[#This Row],[cantidad arribada]],"") | BD26: =AC26 -> 0 | BF26: =SUMIF('Acuario (Arribado - mortalidad)'!$B$15:$B$244,ANEXO!B26,'Acuario (Arribado - mortalidad)'!$F$15:$F$244) -> 0 | BG26: =SUMIF('Acuario (Arribado - mortalidad)'!$B$15:$B$244,ANEXO!B26,'Acuario (Arribado - mortalidad)'!$K$15:$K$244) -> 0 | BH26: =SUMIF('Acuario (Arribado - mortalidad)'!$B$15:$B$244,ANEXO!B26,'Acuario (Arribado - mortalidad)'!$G$15:$G$244) -> 0 | BI26: =SUMIF('Acuario (Arribado - mortalidad)'!$B$15:$B$244,ANEXO!B26,'Acuario (Arribado - mortalidad)'!$O$15:$O$244) -> 0 | BJ26: =SUMIF('Acuario (Arribado - mortalidad)'!$B$15:$B$244,ANEXO!B26,'Acuario (Arribado - mortalidad)'!$BG$15:$BG$244) -> 0 | BK26: =SUMIF('Acuario (Arribado - mortalidad)'!$B$15:$B$244,ANEXO!B26,'Acuario (Arribado - mortalidad)'!$BH$15:$BH$244) -> 0 | BL26: =IFERROR(VLOOKUP(AN26,#REF!,2,FALSE),"")
... B30: 62 | N30: =INDEX(AMBIENTE!D$2:D$797,MATCH(R30,AMBIENTE!C$2:C$797,0)) -> #N/A | AG30: =IFERROR(VLOOKUP(Item2[[#This Row],[Concatenado]],CITES[],2,FALSE),"") | AI30: =IFERROR(VLOOKUP(Item2[[#This Row],[Concatenado]],SuscepEARs[],2,FALSE),"") | AM30: 62 | AN30: =CONCATENATE(R30," ",Y30) | AO30: =C30 -> 0 | AP30: =J30 -> 0 | AQ30: =N30 -> #N/A | AR30: =SUMIF('Acuario (Arribado - mortalidad)'!$B$15:$B$244,ANEXO!B30,'Acuario (Arribado - mortalidad)'!$F$15:$F$244) -> 0 | AS30: =IF(AR30>0, IF(SUMIF('Acuario (Arribado - mortalidad)'!$B$15:$B$244,ANEXO!B30,'Acuario (Arribado - mortalidad)'!$K$15:$K$244)=0, "0", SUMIF('Acuario (Arribado - mortalidad)'!$B$15:$B$244,ANEXO!B30,'Acuario (Arribado - mortalidad)'!$K$15:$K$244)),"") | AT30: =IF(AR30 = AS30,"0",SUMIF('Acuario (Arribado - mortalidad)'!$B$15:$B$244,ANEXO!B30,'Acuario (Arribado - mortalidad)'!$G$15:$G$244)) -> 0 | AU30: =IFERROR(Item2[[#This Row],[mortalidad acumulada]]/Item2[[#This Row],[cantidad arribada]],"") | AV30: =IF(ISTEXT(R30),IF(Item2[[#This Row],[cantidad arribada]]=0,"No llega",Item2[[#This Row],[cantidad arribada]]),) -> 0 | AX30: =SUMIF('Acuario (Arribado - mortalidad)'!$B$15:$B$244,ANEXO!B30,'Acuario (Arribado - mortalidad)'!$O$15:$O$244) -> 0 | AY30: =SUMIF('Acuario (Arribado - mortalidad)'!$B$15:$B$244,ANEXO!B30,'Acuario (Arribado - mortalidad)'!$BG$15:$BG$244) -> 0 | AZ30: =SUMIF('Acuario (Arribado - mortalidad)'!$B$15:$B$244,ANEXO!B30,'Acuario (Arribado - mortalidad)'!$BH$15:$BH$244) -> 0 | BA30: =IFERROR(Item2[[#This Row],[Mortalidad dia 1]]/Item2[[#This Row],[cantidad arribada]],"") | BB30: =IFERROR(Item2[[#This Row],[Mortalidad 2 a 8 (Sem 1)]]/Item2[[#This Row],[cantidad arribada]],"") | BC30: =IFERROR(Item2[[#This Row],[Mortalidad 9 a 15 (Sem 2)]]/Item2[[#This Row],[cantidad arribada]],"") | BD30: =AC30 -> 0 | BF30: =SUMIF('Acuario (Arribado - mortalidad)'!$B$15:$B$244,ANEXO!B30,'Acuario (Arribado - mortalidad)'!$F$15:$F$244) -> 0 | BG30: =SUMIF('Acuario (Arribado - mortalidad)'!$B$15:$B$244,ANEXO!B30,'Acuario (Arribado - mortalidad)'!$K$15:$K$244) -> 0 | BH30: =SUMIF('Acuario (Arribado - mortalidad)'!$B$15:$B$244,ANEXO!B30,'Acuario (Arribado - mortalidad)'!$G$15:$G$244) -> 0 | BI30: =SUMIF('Acuario (Arribado - mortalidad)'!$B$15:$B$244,ANEXO!B30,'Acuario (Arribado - mortalidad)'!$O$15:$O$244) -> 0 | BJ30: =SUMIF('Acuario (Arribado - mortalidad)'!$B$15:$B$244,ANEXO!B30,'Acuario (Arribado - mortalidad)'!$BG$15:$BG$244) -> 0 | BK30: =SUMIF('Acuario (Arribado - mortalidad)'!$B$15:$B$244,ANEXO!B30,'Acuario (Arribado - mortalidad)'!$BH$15:$BH$244) -> 0 | BL30: =IFERROR(VLOOKUP(AN30,#REF!,2,FALSE),"")
B31: 63 | N31: =INDEX(AMBIENTE!D$2:D$797,MATCH(R31,AMBIENTE!C$2:C$797,0)) -> #N/A | AG31: =IFERROR(VLOOKUP(Item2[[#This Row],[Concatenado]],CITES[],2,FALSE),"") | AI31: =IFERROR(VLOOKUP(Item2[[#This Row],[Concatenado]],SuscepEARs[],2,FALSE),"") | AM31: 63 | AN31: =CONCATENATE(R31," ",Y31) | AO31: =C31 -> 0 | AP31: =J31 -> 0 | AQ31: =N31 -> #N/A | AR31: =SUMIF('Acuario (Arribado - mortalidad)'!$B$15:$B$244,ANEXO!B31,'Acuario (Arribado - mortalidad)'!$F$15:$F$244) -> 0 | AS31: =IF(AR31>0, IF(SUMIF('Acuario (Arribado - mortalidad)'!$B$15:$B$244,ANEXO!B31,'Acuario (Arribado - mortalidad)'!$K$15:$K$244)=0, "0", SUMIF('Acuario (Arribado - mortalidad)'!$B$15:$B$244,ANEXO!B31,'Acuario (Arribado - mortalidad)'!$K$15:$K$244)),"") | AT31: =IF(AR31 = AS31,"0",SUMIF('Acuario (Arribado - mortalidad)'!$B$15:$B$244,ANEXO!B31,'Acuario (Arribado - mortalidad)'!$G$15:$G$244)) -> 0 | AU31: =IFERROR(Item2[[#This Row],[mortalidad acumulada]]/Item2[[#This Row],[cantidad arribada]],"") | AV31: =IF(ISTEXT(R31),IF(Item2[[#This Row],[cantidad arribada]]=0,"No llega",Item2[[#This Row],[cantidad arribada]]),) -> 0 | AX31: =SUMIF('Acuario (Arribado - mortalidad)'!$B$15:$B$244,ANEXO!B31,'Acuario (Arribado - mortalidad)'!$O$15:$O$244) -> 0 | AY31: =SUMIF('Acuario (Arribado - mortalidad)'!$B$15:$B$244,ANEXO!B31,'Acuario (Arribado - mortalidad)'!$BG$15:$BG$244) -> 0 | AZ31: =SUMIF('Acuario (Arribado - mortalidad)'!$B$15:$B$244,ANEXO!B31,'Acuario (Arribado - mortalidad)'!$BH$15:$BH$244) -> 0 | BA31: =IFERROR(Item2[[#This Row],[Mortalidad dia 1]]/Item2[[#This Row],[cantidad arribada]],"") | BB31: =IFERROR(Item2[[#This Row],[Mortalidad 2 a 8 (Sem 1)]]/Item2[[#This Row],[cantidad arribada]],"") | BC31: =IFERROR(Item2[[#This Row],[Mortalidad 9 a 15 (Sem 2)]]/Item2[[#This Row],[cantidad arribada]],"") | BD31: =AC31 -> 0 | BF31: =SUMIF('Acuario (Arribado - mortalidad)'!$B$15:$B$244,ANEXO!B31,'Acuario (Arribado - mortalidad)'!$F$15:$F$244) -> 0 | BG31: =SUMIF('Acuario (Arribado - mortalidad)'!$B$15:$B$244,ANEXO!B31,'Acuario (Arribado - mortalidad)'!$K$15:$K$244) -> 0 | BH31: =SUMIF('Acuario (Arribado - mortalidad)'!$B$15:$B$244,ANEXO!B31,'Acuario (Arribado - mortalidad)'!$G$15:$G$244) -> 0 | BI31: =SUMIF('Acuario (Arribado - mortalidad)'!$B$15:$B$244,ANEXO!B31,'Acuario (Arribado - mortalidad)'!$O$15:$O$244) -> 0 | BJ31: =SUMIF('Acuario (Arribado - mortalidad)'!$B$15:$B$244,ANEXO!B31,'Acuario (Arribado - mortalidad)'!$BG$15:$BG$244) -> 0 | BK31: =SUMIF('Acuario (Arribado - mortalidad)'!$B$15:$B$244,ANEXO!B31,'Acuario (Arribado - mortalidad)'!$BH$15:$BH$244) -> 0
B32: 64 | N32: =INDEX(AMBIENTE!D$2:D$797,MATCH(R32,AMBIENTE!C$2:C$797,0)) -> #N/A | AG32: =IFERROR(VLOOKUP(Item2[[#This Row],[Concatenado]],CITES[],2,FALSE),"") | AI32: =IFERROR(VLOOKUP(Item2[[#This Row],[Concatenado]],SuscepEARs[],2,FALSE),"") | AM32: 64 | AN32: =CONCATENATE(R32," ",Y32) | AO32: =C32 -> 0 | AP32: =J32 -> 0 | AQ32: =N32 -> #N/A | AR32: =SUMIF('Acuario (Arribado - mortalidad)'!$B$15:$B$244,ANEXO!B32,'Acuario (Arribado - mortalidad)'!$F$15:$F$244) -> 0 | AS32: =IF(AR32>0, IF(SUMIF('Acuario (Arribado - mortalidad)'!$B$15:$B$244,ANEXO!B32,'Acuario (Arribado - mortalidad)'!$K$15:$K$244)=0, "0", SUMIF('Acuario (Arribado - mortalidad)'!$B$15:$B$244,ANEXO!B32,'Acuario (Arribado - mortalidad)'!$K$15:$K$244)),"") | AT32: =IF(AR32 = AS32,"0",SUMIF('Acuario (Arribado - mortalidad)'!$B$15:$B$244,ANEXO!B32,'Acuario (Arribado - mortalidad)'!$G$15:$G$244)) -> 0 | AU32: =IFERROR(Item2[[#This Row],[mortalidad acumulada]]/Item2[[#This Row],[cantidad arribada]],"") | AV32: =IF(ISTEXT(R32),IF(Item2[[#This Row],[cantidad arribada]]=0,"No llega",Item2[[#This Row],[cantidad arribada]]),) -> 0 | AX32: =SUMIF('Acuario (Arribado - mortalidad)'!$B$15:$B$244,ANEXO!B32,'Acuario (Arribado - mortalidad)'!$O$15:$O$244) -> 0 | AY32: =SUMIF('Acuario (Arribado - mortalidad)'!$B$15:$B$244,ANEXO!B32,'Acuario (Arribado - mortalidad)'!$BG$15:$BG$244) -> 0 | AZ32: =SUMIF('Acuario (Arribado - mortalidad)'!$B$15:$B$244,ANEXO!B32,'Acuario (Arribado - mortalidad)'!$BH$15:$BH$244) -> 0 | BA32: =IFERROR(Item2[[#This Row],[Mortalidad dia 1]]/Item2[[#This Row],[cantidad arribada]],"") | BB32: =IFERROR(Item2[[#This Row],[Mortalidad 2 a 8 (Sem 1)]]/Item2[[#This Row],[cantidad arribada]],"") | BC32: =IFERROR(Item2[[#This Row],[Mortalidad 9 a 15 (Sem 2)]]/Item2[[#This Row],[cantidad arribada]],"") | BD32: =AC32 -> 0 | BF32: =SUMIF('Acuario (Arribado - mortalidad)'!$B$15:$B$244,ANEXO!B32,'Acuario (Arribado - mortalidad)'!$F$15:$F$244) -> 0 | BG32: =SUMIF('Acuario (Arribado - mortalidad)'!$B$15:$B$244,ANEXO!B32,'Acuario (Arribado - mortalidad)'!$K$15:$K$244) -> 0 | BH32: =SUMIF('Acuario (Arribado - mortalidad)'!$B$15:$B$244,ANEXO!B32,'Acuario (Arribado - mortalidad)'!$G$15:$G$244) -> 0 | BI32: =SUMIF('Acuario (Arribado - mortalidad)'!$B$15:$B$244,ANEXO!B32,'Acuario (Arribado - mortalidad)'!$O$15:$O$244) -> 0 | BJ32: =SUMIF('Acuario (Arribado - mortalidad)'!$B$15:$B$244,ANEXO!B32,'Acuario (Arribado - mortalidad)'!$BG$15:$BG$244) -> 0 | BK32: =SUMIF('Acuario (Arribado - mortalidad)'!$B$15:$B$244,ANEXO!B32,'Acuario (Arribado - mortalidad)'!$BH$15:$BH$244) -> 0
B33: 65 | N33: =INDEX(AMBIENTE!D$2:D$797,MATCH(R33,AMBIENTE!C$2:C$797,0)) -> #N/A | AG33: =IFERROR(VLOOKUP(Item2[[#This Row],[Concatenado]],CITES[],2,FALSE),"") | AI33: =IFERROR(VLOOKUP(Item2[[#This Row],[Concatenado]],SuscepEARs[],2,FALSE),"") | AM33: 65 | AN33: =CONCATENATE(R33," ",Y33) | AO33: =C33 -> 0 | AP33: =J33 -> 0 | AQ33: =N33 -> #N/A | AR33: =SUMIF('Acuario (Arribado - mortalidad)'!$B$15:$B$244,ANEXO!B33,'Acuario (Arribado - mortalidad)'!$F$15:$F$244) -> 0 | AS33: =IF(AR33>0, IF(SUMIF('Acuario (Arribado - mortalidad)'!$B$15:$B$244,ANEXO!B33,'Acuario (Arribado - mortalidad)'!$K$15:$K$244)=0, "0", SUMIF('Acuario (Arribado - mortalidad)'!$B$15:$B$244,ANEXO!B33,'Acuario (Arribado - mortalidad)'!$K$15:$K$244)),"") | AT33: =IF(AR33 = AS33,"0",SUMIF('Acuario (Arribado - mortalidad)'!$B$15:$B$244,ANEXO!B33,'Acuario (Arribado - mortalidad)'!$G$15:$G$244)) -> 0 | AU33: =IFERROR(Item2[[#This Row],[mortalidad acumulada]]/Item2[[#This Row],[cantidad arribada]],"") | AV33: =IF(ISTEXT(R33),IF(Item2[[#This Row],[cantidad arribada]]=0,"No llega",Item2[[#This Row],[cantidad arribada]]),) -> 0 | AX33: =SUMIF('Acuario (Arribado - mortalidad)'!$B$15:$B$244,ANEXO!B33,'Acuario (Arribado - mortalidad)'!$O$15:$O$244) -> 0 | AY33: =SUMIF('Acuario (Arribado - mortalidad)'!$B$15:$B$244,ANEXO!B33,'Acuario (Arribado - mortalidad)'!$BG$15:$BG$244) -> 0 | AZ33: =SUMIF('Acuario (Arribado - mortalidad)'!$B$15:$B$244,ANEXO!B33,'Acuario (Arribado - mortalidad)'!$BH$15:$BH$244) -> 0 | BA33: =IFERROR(Item2[[#This Row],[Mortalidad dia 1]]/Item2[[#This Row],[cantidad arribada]],"") | BB33: =IFERROR(Item2[[#This Row],[Mortalidad 2 a 8 (Sem 1)]]/Item2[[#This Row],[cantidad arribada]],"") | BC33: =IFERROR(Item2[[#This Row],[Mortalidad 9 a 15 (Sem 2)]]/Item2[[#This Row],[cantidad arribada]],"") | BD33: =AC33 -> 0 | BF33: =SUMIF('Acuario (Arribado - mortalidad)'!$B$15:$B$244,ANEXO!B33,'Acuario (Arribado - mortalidad)'!$F$15:$F$244) -> 0 | BG33: =SUMIF('Acuario (Arribado - mortalidad)'!$B$15:$B$244,ANEXO!B33,'Acuario (Arribado - mortalidad)'!$K$15:$K$244) -> 0 | BH33: =SUMIF('Acuario (Arribado - mortalidad)'!$B$15:$B$244,ANEXO!B33,'Acuario (Arribado - mortalidad)'!$G$15:$G$244) -> 0 | BI33: =SUMIF('Acuario (Arribado - mortalidad)'!$B$15:$B$244,ANEXO!B33,'Acuario (Arribado - mortalidad)'!$O$15:$O$244) -> 0 | BJ33: =SUMIF('Acuario (Arribado - mortalidad)'!$B$15:$B$244,ANEXO!B33,'Acuario (Arribado - mortalidad)'!$BG$15:$BG$244) -> 0 | BK33: =SUMIF('Acuario (Arribado - mortalidad)'!$B$15:$B$244,ANEXO!B33,'Acuario (Arribado - mortalidad)'!$BH$15:$BH$244) -> 0
B34: 66 | N34: =INDEX(AMBIENTE!D$2:D$797,MATCH(R34,AMBIENTE!C$2:C$797,0)) -> #N/A | AG34: =IFERROR(VLOOKUP(Item2[[#This Row],[Concatenado]],CITES[],2,FALSE),"") | AI34: =IFERROR(VLOOKUP(Item2[[#This Row],[Concatenado]],SuscepEARs[],2,FALSE),"") | AM34: 66 | AN34: =CONCATENATE(R34," ",Y34) | AO34: =C34 -> 0 | AP34: =J34 -> 0 | AQ34: =N34 -> #N/A | AR34: =SUMIF('Acuario (Arribado - mortalidad)'!$B$15:$B$244,ANEXO!B34,'Acuario (Arribado - mortalidad)'!$F$15:$F$244) -> 0 | AS34: =IF(AR34>0, IF(SUMIF('Acuario (Arribado - mortalidad)'!$B$15:$B$244,ANEXO!B34,'Acuario (Arribado - mortalidad)'!$K$15:$K$244)=0, "0", SUMIF('Acuario (Arribado - mortalidad)'!$B$15:$B$244,ANEXO!B34,'Acuario (Arribado - mortalidad)'!$K$15:$K$244)),"") | AT34: =IF(AR34 = AS34,"0",SUMIF('Acuario (Arribado - mortalidad)'!$B$15:$B$244,ANEXO!B34,'Acuario (Arribado - mortalidad)'!$G$15:$G$244)) -> 0 | AU34: =IFERROR(Item2[[#This Row],[mortalidad acumulada]]/Item2[[#This Row],[cantidad arribada]],"") | AV34: =IF(ISTEXT(R34),IF(Item2[[#This Row],[cantidad arribada]]=0,"No llega",Item2[[#This Row],[cantidad arribada]]),) -> 0 | AX34: =SUMIF('Acuario (Arribado - mortalidad)'!$B$15:$B$244,ANEXO!B34,'Acuario (Arribado - mortalidad)'!$O$15:$O$244) -> 0 | AY34: =SUMIF('Acuario (Arribado - mortalidad)'!$B$15:$B$244,ANEXO!B34,'Acuario (Arribado - mortalidad)'!$BG$15:$BG$244) -> 0 | AZ34: =SUMIF('Acuario (Arribado - mortalidad)'!$B$15:$B$244,ANEXO!B34,'Acuario (Arribado - mortalidad)'!$BH$15:$BH$244) -> 0 | BA34: =IFERROR(Item2[[#This Row],[Mortalidad dia 1]]/Item2[[#This Row],[cantidad arribada]],"") | BB34: =IFERROR(Item2[[#This Row],[Mortalidad 2 a 8 (Sem 1)]]/Item2[[#This Row],[cantidad arribada]],"") | BC34: =IFERROR(Item2[[#This Row],[Mortalidad 9 a 15 (Sem 2)]]/Item2[[#This Row],[cantidad arribada]],"") | BD34: =AC34 -> 0 | BF34: =SUMIF('Acuario (Arribado - mortalidad)'!$B$15:$B$244,ANEXO!B34,'Acuario (Arribado - mortalidad)'!$F$15:$F$244) -> 0 | BG34: =SUMIF('Acuario (Arribado - mortalidad)'!$B$15:$B$244,ANEXO!B34,'Acuario (Arribado - mortalidad)'!$K$15:$K$244) -> 0 | BH34: =SUMIF('Acuario (Arribado - mortalidad)'!$B$15:$B$244,ANEXO!B34,'Acuario (Arribado - mortalidad)'!$G$15:$G$244) -> 0 | BI34: =SUMIF('Acuario (Arribado - mortalidad)'!$B$15:$B$244,ANEXO!B34,'Acuario (Arribado - mortalidad)'!$O$15:$O$244) -> 0 | BJ34: =SUMIF('Acuario (Arribado - mortalidad)'!$B$15:$B$244,ANEXO!B34,'Acuario (Arribado - mortalidad)'!$BG$15:$BG$244) -> 0 | BK34: =SUMIF('Acuario (Arribado - mortalidad)'!$B$15:$B$244,ANEXO!B34,'Acuario (Arribado - mortalidad)'!$BH$15:$BH$244) -> 0
B35: 67 | N35: =INDEX(AMBIENTE!D$2:D$797,MATCH(R35,AMBIENTE!C$2:C$797,0)) -> #N/A | AG35: =IFERROR(VLOOKUP(Item2[[#This Row],[Concatenado]],CITES[],2,FALSE),"") | AI35: =IFERROR(VLOOKUP(Item2[[#This Row],[Concatenado]],SuscepEARs[],2,FALSE),"") | AM35: 67 | AN35: =CONCATENATE(R35," ",Y35) | AO35: =C35 -> 0 | AP35: =J35 -> 0 | AQ35: =N35 -> #N/A | AR35: =SUMIF('Acuario (Arribado - mortalidad)'!$B$15:$B$244,ANEXO!B35,'Acuario (Arribado - mortalidad)'!$F$15:$F$244) -> 0 | AS35: =IF(AR35>0, IF(SUMIF('Acuario (Arribado - mortalidad)'!$B$15:$B$244,ANEXO!B35,'Acuario (Arribado - mortalidad)'!$K$15:$K$244)=0, "0", SUMIF('Acuario (Arribado - mortalidad)'!$B$15:$B$244,ANEXO!B35,'Acuario (Arribado - mortalidad)'!$K$15:$K$244)),"") | AT35: =IF(AR35 = AS35,"0",SUMIF('Acuario (Arribado - mortalidad)'!$B$15:$B$244,ANEXO!B35,'Acuario (Arribado - mortalidad)'!$G$15:$G$244)) -> 0 | AU35: =IFERROR(Item2[[#This Row],[mortalidad acumulada]]/Item2[[#This Row],[cantidad arribada]],"") | AV35: =IF(ISTEXT(R35),IF(Item2[[#This Row],[cantidad arribada]]=0,"No llega",Item2[[#This Row],[cantidad arribada]]),) -> 0 | AX35: =SUMIF('Acuario (Arribado - mortalidad)'!$B$15:$B$244,ANEXO!B35,'Acuario (Arribado - mortalidad)'!$O$15:$O$244) -> 0 | AY35: =SUMIF('Acuario (Arribado - mortalidad)'!$B$15:$B$244,ANEXO!B35,'Acuario (Arribado - mortalidad)'!$BG$15:$BG$244) -> 0 | AZ35: =SUMIF('Acuario (Arribado - mortalidad)'!$B$15:$B$244,ANEXO!B35,'Acuario (Arribado - mortalidad)'!$BH$15:$BH$244) -> 0 | BA35: =IFERROR(Item2[[#This Row],[Mortalidad dia 1]]/Item2[[#This Row],[cantidad arribada]],"") | BB35: =IFERROR(Item2[[#This Row],[Mortalidad 2 a 8 (Sem 1)]]/Item2[[#This Row],[cantidad arribada]],"") | BC35: =IFERROR(Item2[[#This Row],[Mortalidad 9 a 15 (Sem 2)]]/Item2[[#This Row],[cantidad arribada]],"") | BD35: =AC35 -> 0 | BF35: =SUMIF('Acuario (Arribado - mortalidad)'!$B$15:$B$244,ANEXO!B35,'Acuario (Arribado - mortalidad)'!$F$15:$F$244) -> 0 | BG35: =SUMIF('Acuario (Arribado - mortalidad)'!$B$15:$B$244,ANEXO!B35,'Acuario (Arribado - mortalidad)'!$K$15:$K$244) -> 0 | BH35: =SUMIF('Acuario (Arribado - mortalidad)'!$B$15:$B$244,ANEXO!B35,'Acuario (Arribado - mortalidad)'!$G$15:$G$244) -> 0 | BI35: =SUMIF('Acuario (Arribado - mortalidad)'!$B$15:$B$244,ANEXO!B35,'Acuario (Arribado - mortalidad)'!$O$15:$O$244) -> 0 | BJ35: =SUMIF('Acuario (Arribado - mortalidad)'!$B$15:$B$244,ANEXO!B35,'Acuario (Arribado - mortalidad)'!$BG$15:$BG$244) -> 0 | BK35: =SUMIF('Acuario (Arribado - mortalidad)'!$B$15:$B$244,ANEXO!B35,'Acuario (Arribado - mortalidad)'!$BH$15:$BH$244) -> 0
B36: 68 | N36: =INDEX(AMBIENTE!D$2:D$797,MATCH(R36,AMBIENTE!C$2:C$797,0)) -> #N/A | AG36: =IFERROR(VLOOKUP(Item2[[#This Row],[Concatenado]],CITES[],2,FALSE),"") | AI36: =IFERROR(VLOOKUP(Item2[[#This Row],[Concatenado]],SuscepEARs[],2,FALSE),"") | AM36: 68 | AN36: =CONCATENATE(R36," ",Y36) | AO36: =C36 -> 0 | AP36: =J36 -> 0 | AQ36: =N36 -> #N/A | AR36: =SUMIF('Acuario (Arribado - mortalidad)'!$B$15:$B$244,ANEXO!B36,'Acuario (Arribado - mortalidad)'!$F$15:$F$244) -> 0 | AS36: =IF(AR36>0, IF(SUMIF('Acuario (Arribado - mortalidad)'!$B$15:$B$244,ANEXO!B36,'Acuario (Arribado - mortalidad)'!$K$15:$K$244)=0, "0", SUMIF('Acuario (Arribado - mortalidad)'!$B$15:$B$244,ANEXO!B36,'Acuario (Arribado - mortalidad)'!$K$15:$K$244)),"") | AT36: =IF(AR36 = AS36,"0",SUMIF('Acuario (Arribado - mortalidad)'!$B$15:$B$244,ANEXO!B36,'Acuario (Arribado - mortalidad)'!$G$15:$G$244)) -> 0 | AU36: =IFERROR(Item2[[#This Row],[mortalidad acumulada]]/Item2[[#This Row],[cantidad arribada]],"") | AV36: =IF(ISTEXT(R36),IF(Item2[[#This Row],[cantidad arribada]]=0,"No llega",Item2[[#This Row],[cantidad arribada]]),) -> 0 | AX36: =SUMIF('Acuario (Arribado - mortalidad)'!$B$15:$B$244,ANEXO!B36,'Acuario (Arribado - mortalidad)'!$O$15:$O$244) -> 0 | AY36: =SUMIF('Acuario (Arribado - mortalidad)'!$B$15:$B$244,ANEXO!B36,'Acuario (Arribado - mortalidad)'!$BG$15:$BG$244) -> 0 | AZ36: =SUMIF('Acuario (Arribado - mortalidad)'!$B$15:$B$244,ANEXO!B36,'Acuario (Arribado - mortalidad)'!$BH$15:$BH$244) -> 0 | BA36: =IFERROR(Item2[[#This Row],[Mortalidad dia 1]]/Item2[[#This Row],[cantidad arribada]],"") | BB36: =IFERROR(Item2[[#This Row],[Mortalidad 2 a 8 (Sem 1)]]/Item2[[#This Row],[cantidad arribada]],"") | BC36: =IFERROR(Item2[[#This Row],[Mortalidad 9 a 15 (Sem 2)]]/Item2[[#This Row],[cantidad arribada]],"") | BD36: =AC36 -> 0 | BF36: =SUMIF('Acuario (Arribado - mortalidad)'!$B$15:$B$244,ANEXO!B36,'Acuario (Arribado - mortalidad)'!$F$15:$F$244) -> 0 | BG36: =SUMIF('Acuario (Arribado - mortalidad)'!$B$15:$B$244,ANEXO!B36,'Acuario (Arribado - mortalidad)'!$K$15:$K$244) -> 0 | BH36: =SUMIF('Acuario (Arribado - mortalidad)'!$B$15:$B$244,ANEXO!B36,'Acuario (Arribado - mortalidad)'!$G$15:$G$244) -> 0 | BI36: =SUMIF('Acuario (Arribado - mortalidad)'!$B$15:$B$244,ANEXO!B36,'Acuario (Arribado - mortalidad)'!$O$15:$O$244) -> 0 | BJ36: =SUMIF('Acuario (Arribado - mortalidad)'!$B$15:$B$244,ANEXO!B36,'Acuario (Arribado - mortalidad)'!$BG$15:$BG$244) -> 0 | BK36: =SUMIF('Acuario (Arribado - mortalidad)'!$B$15:$B$244,ANEXO!B36,'Acuario (Arribado - mortalidad)'!$BH$15:$BH$244) -> 0
B37: 69 | N37: =INDEX(AMBIENTE!D$2:D$797,MATCH(R37,AMBIENTE!C$2:C$797,0)) -> #N/A | AG37: =IFERROR(VLOOKUP(Item2[[#This Row],[Concatenado]],CITES[],2,FALSE),"") | AI37: =IFERROR(VLOOKUP(Item2[[#This Row],[Concatenado]],SuscepEARs[],2,FALSE),"") | AM37: 69 | AN37: =CONCATENATE(R37," ",Y37) | AO37: =C37 -> 0 | AP37: =J37 -> 0 | AQ37: =N37 -> #N/A | AR37: =SUMIF('Acuario (Arribado - mortalidad)'!$B$15:$B$244,ANEXO!B37,'Acuario (Arribado - mortalidad)'!$F$15:$F$244) -> 0 | AS37: =IF(AR37>0, IF(SUMIF('Acuario (Arribado - mortalidad)'!$B$15:$B$244,ANEXO!B37,'Acuario (Arribado - mortalidad)'!$K$15:$K$244)=0, "0", SUMIF('Acuario (Arribado - mortalidad)'!$B$15:$B$244,ANEXO!B37,'Acuario (Arribado - mortalidad)'!$K$15:$K$244)),"") | AT37: =IF(AR37 = AS37,"0",SUMIF('Acuario (Arribado - mortalidad)'!$B$15:$B$244,ANEXO!B37,'Acuario (Arribado - mortalidad)'!$G$15:$G$244)) -> 0 | AU37: =IFERROR(Item2[[#This Row],[mortalidad acumulada]]/Item2[[#This Row],[cantidad arribada]],"") | AV37: =IF(ISTEXT(R37),IF(Item2[[#This Row],[cantidad arribada]]=0,"No llega",Item2[[#This Row],[cantidad arribada]]),) -> 0 | AX37: =SUMIF('Acuario (Arribado - mortalidad)'!$B$15:$B$244,ANEXO!B37,'Acuario (Arribado - mortalidad)'!$O$15:$O$244) -> 0 | AY37: =SUMIF('Acuario (Arribado - mortalidad)'!$B$15:$B$244,ANEXO!B37,'Acuario (Arribado - mortalidad)'!$BG$15:$BG$244) -> 0 | AZ37: =SUMIF('Acuario (Arribado - mortalidad)'!$B$15:$B$244,ANEXO!B37,'Acuario (Arribado - mortalidad)'!$BH$15:$BH$244) -> 0 | BA37: =IFERROR(Item2[[#This Row],[Mortalidad dia 1]]/Item2[[#This Row],[cantidad arribada]],"") | BB37: =IFERROR(Item2[[#This Row],[Mortalidad 2 a 8 (Sem 1)]]/Item2[[#This Row],[cantidad arribada]],"") | BC37: =IFERROR(Item2[[#This Row],[Mortalidad 9 a 15 (Sem 2)]]/Item2[[#This Row],[cantidad arribada]],"") | BD37: =AC37 -> 0 | BF37: =SUMIF('Acuario (Arribado - mortalidad)'!$B$15:$B$244,ANEXO!B37,'Acuario (Arribado - mortalidad)'!$F$15:$F$244) -> 0 | BG37: =SUMIF('Acuario (Arribado - mortalidad)'!$B$15:$B$244,ANEXO!B37,'Acuario (Arribado - mortalidad)'!$K$15:$K$244) -> 0 | BH37: =SUMIF('Acuario (Arribado - mortalidad)'!$B$15:$B$244,ANEXO!B37,'Acuario (Arribado - mortalidad)'!$G$15:$G$244) -> 0 | BI37: =SUMIF('Acuario (Arribado - mortalidad)'!$B$15:$B$244,ANEXO!B37,'Acuario (Arribado - mortalidad)'!$O$15:$O$244) -> 0 | BJ37: =SUMIF('Acuario (Arribado - mortalidad)'!$B$15:$B$244,ANEXO!B37,'Acuario (Arribado - mortalidad)'!$BG$15:$BG$244) -> 0 | BK37: =SUMIF('Acuario (Arribado - mortalidad)'!$B$15:$B$244,ANEXO!B37,'Acuario (Arribado - mortalidad)'!$BH$15:$BH$244) -> 0
B38: 70 | N38: =INDEX(AMBIENTE!D$2:D$797,MATCH(R38,AMBIENTE!C$2:C$797,0)) -> #N/A | AG38: =IFERROR(VLOOKUP(Item2[[#This Row],[Concatenado]],CITES[],2,FALSE),"") | AI38: =IFERROR(VLOOKUP(Item2[[#This Row],[Concatenado]],SuscepEARs[],2,FALSE),"") | AM38: 70 | AN38: =CONCATENATE(R38," ",Y38) | AO38: =C38 -> 0 | AP38: =J38 -> 0 | AQ38: =N38 -> #N/A | AR38: =SUMIF('Acuario (Arribado - mortalidad)'!$B$15:$B$244,ANEXO!B38,'Acuario (Arribado - mortalidad)'!$F$15:$F$244) -> 0 | AS38: =IF(AR38>0, IF(SUMIF('Acuario (Arribado - mortalidad)'!$B$15:$B$244,ANEXO!B38,'Acuario (Arribado - mortalidad)'!$K$15:$K$244)=0, "0", SUMIF('Acuario (Arribado - mortalidad)'!$B$15:$B$244,ANEXO!B38,'Acuario (Arribado - mortalidad)'!$K$15:$K$244)),"") | AT38: =IF(AR38 = AS38,"0",SUMIF('Acuario (Arribado - mortalidad)'!$B$15:$B$244,ANEXO!B38,'Acuario (Arribado - mortalidad)'!$G$15:$G$244)) -> 0 | AU38: =IFERROR(Item2[[#This Row],[mortalidad acumulada]]/Item2[[#This Row],[cantidad arribada]],"") | AV38: =IF(ISTEXT(R38),IF(Item2[[#This Row],[cantidad arribada]]=0,"No llega",Item2[[#This Row],[cantidad arribada]]),) -> 0 | AX38: =SUMIF('Acuario (Arribado - mortalidad)'!$B$15:$B$244,ANEXO!B38,'Acuario (Arribado - mortalidad)'!$O$15:$O$244) -> 0 | AY38: =SUMIF('Acuario (Arribado - mortalidad)'!$B$15:$B$244,ANEXO!B38,'Acuario (Arribado - mortalidad)'!$BG$15:$BG$244) -> 0 | AZ38: =SUMIF('Acuario (Arribado - mortalidad)'!$B$15:$B$244,ANEXO!B38,'Acuario (Arribado - mortalidad)'!$BH$15:$BH$244) -> 0 | BA38: =IFERROR(Item2[[#This Row],[Mortalidad dia 1]]/Item2[[#This Row],[cantidad arribada]],"") | BB38: =IFERROR(Item2[[#This Row],[Mortalidad 2 a 8 (Sem 1)]]/Item2[[#This Row],[cantidad arribada]],"") | BC38: =IFERROR(Item2[[#This Row],[Mortalidad 9 a 15 (Sem 2)]]/Item2[[#This Row],[cantidad arribada]],"") | BD38: =AC38 -> 0 | BF38: =SUMIF('Acuario (Arribado - mortalidad)'!$B$15:$B$244,ANEXO!B38,'Acuario (Arribado - mortalidad)'!$F$15:$F$244) -> 0 | BG38: =SUMIF('Acuario (Arribado - mortalidad)'!$B$15:$B$244,ANEXO!B38,'Acuario (Arribado - mortalidad)'!$K$15:$K$244) -> 0 | BH38: =SUMIF('Acuario (Arribado - mortalidad)'!$B$15:$B$244,ANEXO!B38,'Acuario (Arribado - mortalidad)'!$G$15:$G$244) -> 0 | BI38: =SUMIF('Acuario (Arribado - mortalidad)'!$B$15:$B$244,ANEXO!B38,'Acuario (Arribado - mortalidad)'!$O$15:$O$244) -> 0 | BJ38: =SUMIF('Acuario (Arribado - mortalidad)'!$B$15:$B$244,ANEXO!B38,'Acuario (Arribado - mortalidad)'!$BG$15:$BG$244) -> 0 | BK38: =SUMIF('Acuario (Arribado - mortalidad)'!$B$15:$B$244,ANEXO!B38,'Acuario (Arribado - mortalidad)'!$BH$15:$BH$244) -> 0
B39: 71 | N39: =INDEX(AMBIENTE!D$2:D$797,MATCH(R39,AMBIENTE!C$2:C$797,0)) -> #N/A | AG39: =IFERROR(VLOOKUP(Item2[[#This Row],[Concatenado]],CITES[],2,FALSE),"") | AI39: =IFERROR(VLOOKUP(Item2[[#This Row],[Concatenado]],SuscepEARs[],2,FALSE),"") | AM39: 71 | AN39: =CONCATENATE(R39," ",Y39) | AO39: =C39 -> 0 | AP39: =J39 -> 0 | AQ39: =N39 -> #N/A | AR39: =SUMIF('Acuario (Arribado - mortalidad)'!$B$15:$B$244,ANEXO!B39,'Acuario (Arribado - mortalidad)'!$F$15:$F$244) -> 0 | AS39: =IF(AR39>0, IF(SUMIF('Acuario (Arribado - mortalidad)'!$B$15:$B$244,ANEXO!B39,'Acuario (Arribado - mortalidad)'!$K$15:$K$244)=0, "0", SUMIF('Acuario (Arribado - mortalidad)'!$B$15:$B$244,ANEXO!B39,'Acuario (Arribado - mortalidad)'!$K$15:$K$244)),"") | AT39: =IF(AR39 = AS39,"0",SUMIF('Acuario (Arribado - mortalidad)'!$B$15:$B$244,ANEXO!B39,'Acuario (Arribado - mortalidad)'!$G$15:$G$244)) -> 0 | AU39: =IFERROR(Item2[[#This Row],[mortalidad acumulada]]/Item2[[#This Row],[cantidad arribada]],"") | AV39: =IF(ISTEXT(R39),IF(Item2[[#This Row],[cantidad arribada]]=0,"No llega",Item2[[#This Row],[cantidad arribada]]),) -> 0 | AX39: =SUMIF('Acuario (Arribado - mortalidad)'!$B$15:$B$244,ANEXO!B39,'Acuario (Arribado - mortalidad)'!$O$15:$O$244) -> 0 | AY39: =SUMIF('Acuario (Arribado - mortalidad)'!$B$15:$B$244,ANEXO!B39,'Acuario (Arribado - mortalidad)'!$BG$15:$BG$244) -> 0 | AZ39: =SUMIF('Acuario (Arribado - mortalidad)'!$B$15:$B$244,ANEXO!B39,'Acuario (Arribado - mortalidad)'!$BH$15:$BH$244) -> 0 | BA39: =IFERROR(Item2[[#This Row],[Mortalidad dia 1]]/Item2[[#This Row],[cantidad arribada]],"") | BB39: =IFERROR(Item2[[#This Row],[Mortalidad 2 a 8 (Sem 1)]]/Item2[[#This Row],[cantidad arribada]],"") | BC39: =IFERROR(Item2[[#This Row],[Mortalidad 9 a 15 (Sem 2)]]/Item2[[#This Row],[cantidad arribada]],"") | BD39: =AC39 -> 0 | BF39: =SUMIF('Acuario (Arribado - mortalidad)'!$B$15:$B$244,ANEXO!B39,'Acuario (Arribado - mortalidad)'!$F$15:$F$244) -> 0 | BG39: =SUMIF('Acuario (Arribado - mortalidad)'!$B$15:$B$244,ANEXO!B39,'Acuario (Arribado - mortalidad)'!$K$15:$K$244) -> 0 | BH39: =SUMIF('Acuario (Arribado - mortalidad)'!$B$15:$B$244,ANEXO!B39,'Acuario (Arribado - mortalidad)'!$G$15:$G$244) -> 0 | BI39: =SUMIF('Acuario (Arribado - mortalidad)'!$B$15:$B$244,ANEXO!B39,'Acuario (Arribado - mortalidad)'!$O$15:$O$244) -> 0 | BJ39: =SUMIF('Acuario (Arribado - mortalidad)'!$B$15:$B$244,ANEXO!B39,'Acuario (Arribado - mortalidad)'!$BG$15:$BG$244) -> 0 | BK39: =SUMIF('Acuario (Arribado - mortalidad)'!$B$15:$B$244,ANEXO!B39,'Acuario (Arribado - mortalidad)'!$BH$15:$BH$244) -> 0
B40: 72 | N40: =INDEX(AMBIENTE!D$2:D$797,MATCH(R40,AMBIENTE!C$2:C$797,0)) -> #N/A | AG40: =IFERROR(VLOOKUP(Item2[[#This Row],[Concatenado]],CITES[],2,FALSE),"") | AI40: =IFERROR(VLOOKUP(Item2[[#This Row],[Concatenado]],SuscepEARs[],2,FALSE),"") | AM40: 72 | AN40: =CONCATENATE(R40," ",Y40) | AO40: =C40 -> 0 | AP40: =J40 -> 0 | AQ40: =N40 -> #N/A | AR40: =SUMIF('Acuario (Arribado - mortalidad)'!$B$15:$B$244,ANEXO!B40,'Acuario (Arribado - mortalidad)'!$F$15:$F$244) -> 0 | AS40: =IF(AR40>0, IF(SUMIF('Acuario (Arribado - mortalidad)'!$B$15:$B$244,ANEXO!B40,'Acuario (Arribado - mortalidad)'!$K$15:$K$244)=0, "0", SUMIF('Acuario (Arribado - mortalidad)'!$B$15:$B$244,ANEXO!B40,'Acuario (Arribado - mortalidad)'!$K$15:$K$244)),"") | AT40: =IF(AR40 = AS40,"0",SUMIF('Acuario (Arribado - mortalidad)'!$B$15:$B$244,ANEXO!B40,'Acuario (Arribado - mortalidad)'!$G$15:$G$244)) -> 0 | AU40: =IFERROR(Item2[[#This Row],[mortalidad acumulada]]/Item2[[#This Row],[cantidad arribada]],"") | AV40: =IF(ISTEXT(R40),IF(Item2[[#This Row],[cantidad arribada]]=0,"No llega",Item2[[#This Row],[cantidad arribada]]),) -> 0 | AX40: =SUMIF('Acuario (Arribado - mortalidad)'!$B$15:$B$244,ANEXO!B40,'Acuario (Arribado - mortalidad)'!$O$15:$O$244) -> 0 | AY40: =SUMIF('Acuario (Arribado - mortalidad)'!$B$15:$B$244,ANEXO!B40,'Acuario (Arribado - mortalidad)'!$BG$15:$BG$244) -> 0 | AZ40: =SUMIF('Acuario (Arribado - mortalidad)'!$B$15:$B$244,ANEXO!B40,'Acuario (Arribado - mortalidad)'!$BH$15:$BH$244) -> 0 | BA40: =IFERROR(Item2[[#This Row],[Mortalidad dia 1]]/Item2[[#This Row],[cantidad arribada]],"") | BB40: =IFERROR(Item2[[#This Row],[Mortalidad 2 a 8 (Sem 1)]]/Item2[[#This Row],[cantidad arribada]],"") | BC40: =IFERROR(Item2[[#This Row],[Mortalidad 9 a 15 (Sem 2)]]/Item2[[#This Row],[cantidad arribada]],"") | BD40: =AC40 -> 0 | BF40: =SUMIF('Acuario (Arribado - mortalidad)'!$B$15:$B$244,ANEXO!B40,'Acuario (Arribado - mortalidad)'!$F$15:$F$244) -> 0 | BG40: =SUMIF('Acuario (Arribado - mortalidad)'!$B$15:$B$244,ANEXO!B40,'Acuario (Arribado - mortalidad)'!$K$15:$K$244) -> 0 | BH40: =SUMIF('Acuario (Arribado - mortalidad)'!$B$15:$B$244,ANEXO!B40,'Acuario (Arribado - mortalidad)'!$G$15:$G$244) -> 0 | BI40: =SUMIF('Acuario (Arribado - mortalidad)'!$B$15:$B$244,ANEXO!B40,'Acuario (Arribado - mortalidad)'!$O$15:$O$244) -> 0 | BJ40: =SUMIF('Acuario (Arribado - mortalidad)'!$B$15:$B$244,ANEXO!B40,'Acuario (Arribado - mortalidad)'!$BG$15:$BG$244) -> 0 | BK40: =SUMIF('Acuario (Arribado - mortalidad)'!$B$15:$B$244,ANEXO!B40,'Acuario (Arribado - mortalidad)'!$BH$15:$BH$244) -> 0
B41: 73 | N41: =INDEX(AMBIENTE!D$2:D$797,MATCH(R41,AMBIENTE!C$2:C$797,0)) -> #N/A | AG41: =IFERROR(VLOOKUP(Item2[[#This Row],[Concatenado]],CITES[],2,FALSE),"") | AI41: =IFERROR(VLOOKUP(Item2[[#This Row],[Concatenado]],SuscepEARs[],2,FALSE),"") | AM41: 73 | AN41: =CONCATENATE(R41," ",Y41) | AO41: =C41 -> 0 | AP41: =J41 -> 0 | AQ41: =N41 -> #N/A | AR41: =SUMIF('Acuario (Arribado - mortalidad)'!$B$15:$B$244,ANEXO!B41,'Acuario (Arribado - mortalidad)'!$F$15:$F$244) -> 0 | AS41: =IF(AR41>0, IF(SUMIF('Acuario (Arribado - mortalidad)'!$B$15:$B$244,ANEXO!B41,'Acuario (Arribado - mortalidad)'!$K$15:$K$244)=0, "0", SUMIF('Acuario (Arribado - mortalidad)'!$B$15:$B$244,ANEXO!B41,'Acuario (Arribado - mortalidad)'!$K$15:$K$244)),"") | AT41: =IF(AR41 = AS41,"0",SUMIF('Acuario (Arribado - mortalidad)'!$B$15:$B$244,ANEXO!B41,'Acuario (Arribado - mortalidad)'!$G$15:$G$244)) -> 0 | AU41: =IFERROR(Item2[[#This Row],[mortalidad acumulada]]/Item2[[#This Row],[cantidad arribada]],"") | AV41: =IF(ISTEXT(R41),IF(Item2[[#This Row],[cantidad arribada]]=0,"No llega",Item2[[#This Row],[cantidad arribada]]),) -> 0 | AX41: =SUMIF('Acuario (Arribado - mortalidad)'!$B$15:$B$244,ANEXO!B41,'Acuario (Arribado - mortalidad)'!$O$15:$O$244) -> 0 | AY41: =SUMIF('Acuario (Arribado - mortalidad)'!$B$15:$B$244,ANEXO!B41,'Acuario (Arribado - mortalidad)'!$BG$15:$BG$244) -> 0 | AZ41: =SUMIF('Acuario (Arribado - mortalidad)'!$B$15:$B$244,ANEXO!B41,'Acuario (Arribado - mortalidad)'!$BH$15:$BH$244) -> 0 | BA41: =IFERROR(Item2[[#This Row],[Mortalidad dia 1]]/Item2[[#This Row],[cantidad arribada]],"") | BB41: =IFERROR(Item2[[#This Row],[Mortalidad 2 a 8 (Sem 1)]]/Item2[[#This Row],[cantidad arribada]],"") | BC41: =IFERROR(Item2[[#This Row],[Mortalidad 9 a 15 (Sem 2)]]/Item2[[#This Row],[cantidad arribada]],"") | BD41: =AC41 -> 0 | BF41: =SUMIF('Acuario (Arribado - mortalidad)'!$B$15:$B$244,ANEXO!B41,'Acuario (Arribado - mortalidad)'!$F$15:$F$244) -> 0 | BG41: =SUMIF('Acuario (Arribado - mortalidad)'!$B$15:$B$244,ANEXO!B41,'Acuario (Arribado - mortalidad)'!$K$15:$K$244) -> 0 | BH41: =SUMIF('Acuario (Arribado - mortalidad)'!$B$15:$B$244,ANEXO!B41,'Acuario (Arribado - mortalidad)'!$G$15:$G$244) -> 0 | BI41: =SUMIF('Acuario (Arribado - mortalidad)'!$B$15:$B$244,ANEXO!B41,'Acuario (Arribado - mortalidad)'!$O$15:$O$244) -> 0 | BJ41: =SUMIF('Acuario (Arribado - mortalidad)'!$B$15:$B$244,ANEXO!B41,'Acuario (Arribado - mortalidad)'!$BG$15:$BG$244) -> 0 | BK41: =SUMIF('Acuario (Arribado - mortalidad)'!$B$15:$B$244,ANEXO!B41,'Acuario (Arribado - mortalidad)'!$BH$15:$BH$244) -> 0
B42: 74 | N42: =INDEX(AMBIENTE!D$2:D$797,MATCH(R42,AMBIENTE!C$2:C$797,0)) -> #N/A | AG42: =IFERROR(VLOOKUP(Item2[[#This Row],[Concatenado]],CITES[],2,FALSE),"") | AI42: =IFERROR(VLOOKUP(Item2[[#This Row],[Concatenado]],SuscepEARs[],2,FALSE),"") | AM42: 74 | AN42: =CONCATENATE(R42," ",Y42) | AO42: =C42 -> 0 | AP42: =J42 -> 0 | AQ42: =N42 -> #N/A | AR42: =SUMIF('Acuario (Arribado - mortalidad)'!$B$15:$B$244,ANEXO!B42,'Acuario (Arribado - mortalidad)'!$F$15:$F$244) -> 0 | AS42: =IF(AR42>0, IF(SUMIF('Acuario (Arribado - mortalidad)'!$B$15:$B$244,ANEXO!B42,'Acuario (Arribado - mortalidad)'!$K$15:$K$244)=0, "0", SUMIF('Acuario (Arribado - mortalidad)'!$B$15:$B$244,ANEXO!B42,'Acuario (Arribado - mortalidad)'!$K$15:$K$244)),"") | AT42: =IF(AR42 = AS42,"0",SUMIF('Acuario (Arribado - mortalidad)'!$B$15:$B$244,ANEXO!B42,'Acuario (Arribado - mortalidad)'!$G$15:$G$244)) -> 0 | AU42: =IFERROR(Item2[[#This Row],[mortalidad acumulada]]/Item2[[#This Row],[cantidad arribada]],"") | AV42: =IF(ISTEXT(R42),IF(Item2[[#This Row],[cantidad arribada]]=0,"No llega",Item2[[#This Row],[cantidad arribada]]),) -> 0 | AX42: =SUMIF('Acuario (Arribado - mortalidad)'!$B$15:$B$244,ANEXO!B42,'Acuario (Arribado - mortalidad)'!$O$15:$O$244) -> 0 | AY42: =SUMIF('Acuario (Arribado - mortalidad)'!$B$15:$B$244,ANEXO!B42,'Acuario (Arribado - mortalidad)'!$BG$15:$BG$244) -> 0 | AZ42: =SUMIF('Acuario (Arribado - mortalidad)'!$B$15:$B$244,ANEXO!B42,'Acuario (Arribado - mortalidad)'!$BH$15:$BH$244) -> 0 | BA42: =IFERROR(Item2[[#This Row],[Mortalidad dia 1]]/Item2[[#This Row],[cantidad arribada]],"") | BB42: =IFERROR(Item2[[#This Row],[Mortalidad 2 a 8 (Sem 1)]]/Item2[[#This Row],[cantidad arribada]],"") | BC42: =IFERROR(Item2[[#This Row],[Mortalidad 9 a 15 (Sem 2)]]/Item2[[#This Row],[cantidad arribada]],"") | BD42: =AC42 -> 0 | BF42: =SUMIF('Acuario (Arribado - mortalidad)'!$B$15:$B$244,ANEXO!B42,'Acuario (Arribado - mortalidad)'!$F$15:$F$244) -> 0 | BG42: =SUMIF('Acuario (Arribado - mortalidad)'!$B$15:$B$244,ANEXO!B42,'Acuario (Arribado - mortalidad)'!$K$15:$K$244) -> 0 | BH42: =SUMIF('Acuario (Arribado - mortalidad)'!$B$15:$B$244,ANEXO!B42,'Acuario (Arribado - mortalidad)'!$G$15:$G$244) -> 0 | BI42: =SUMIF('Acuario (Arribado - mortalidad)'!$B$15:$B$244,ANEXO!B42,'Acuario (Arribado - mortalidad)'!$O$15:$O$244) -> 0 | BJ42: =SUMIF('Acuario (Arribado - mortalidad)'!$B$15:$B$244,ANEXO!B42,'Acuario (Arribado - mortalidad)'!$BG$15:$BG$244) -> 0 | BK42: =SUMIF('Acuario (Arribado - mortalidad)'!$B$15:$B$244,ANEXO!B42,'Acuario (Arribado - mortalidad)'!$BH$15:$BH$244) -> 0
... B58: 90 | N58: =INDEX(AMBIENTE!D$2:D$797,MATCH(R58,AMBIENTE!C$2:C$797,0)) -> #N/A | AG58: =IFERROR(VLOOKUP(Item2[[#This Row],[Concatenado]],CITES[],2,FALSE),"") | AI58: =IFERROR(VLOOKUP(Item2[[#This Row],[Concatenado]],SuscepEARs[],2,FALSE),"") | AM58: 90 | AN58: =CONCATENATE(R58," ",Y58) | AO58: =C58 -> 0 | AP58: =J58 -> 0 | AQ58: =N58 -> #N/A | AR58: =SUMIF('Acuario (Arribado - mortalidad)'!$B$15:$B$244,ANEXO!B58,'Acuario (Arribado - mortalidad)'!$F$15:$F$244) -> 0 | AS58: =IF(AR58>0, IF(SUMIF('Acuario (Arribado - mortalidad)'!$B$15:$B$244,ANEXO!B58,'Acuario (Arribado - mortalidad)'!$K$15:$K$244)=0, "0", SUMIF('Acuario (Arribado - mortalidad)'!$B$15:$B$244,ANEXO!B58,'Acuario (Arribado - mortalidad)'!$K$15:$K$244)),"") | AT58: =IF(AR58 = AS58,"0",SUMIF('Acuario (Arribado - mortalidad)'!$B$15:$B$244,ANEXO!B58,'Acuario (Arribado - mortalidad)'!$G$15:$G$244)) -> 0 | AU58: =IFERROR(Item2[[#This Row],[mortalidad acumulada]]/Item2[[#This Row],[cantidad arribada]],"") | AV58: =IF(ISTEXT(R58),IF(Item2[[#This Row],[cantidad arribada]]=0,"No llega",Item2[[#This Row],[cantidad arribada]]),) -> 0 | AX58: =SUMIF('Acuario (Arribado - mortalidad)'!$B$15:$B$244,ANEXO!B58,'Acuario (Arribado - mortalidad)'!$O$15:$O$244) -> 0 | AY58: =SUMIF('Acuario (Arribado - mortalidad)'!$B$15:$B$244,ANEXO!B58,'Acuario (Arribado - mortalidad)'!$BG$15:$BG$244) -> 0 | AZ58: =SUMIF('Acuario (Arribado - mortalidad)'!$B$15:$B$244,ANEXO!B58,'Acuario (Arribado - mortalidad)'!$BH$15:$BH$244) -> 0 | BA58: =IFERROR(Item2[[#This Row],[Mortalidad dia 1]]/Item2[[#This Row],[cantidad arribada]],"") | BB58: =IFERROR(Item2[[#This Row],[Mortalidad 2 a 8 (Sem 1)]]/Item2[[#This Row],[cantidad arribada]],"") | BC58: =IFERROR(Item2[[#This Row],[Mortalidad 9 a 15 (Sem 2)]]/Item2[[#This Row],[cantidad arribada]],"") | BD58: =AC58 -> 0 | BF58: =SUMIF('Acuario (Arribado - mortalidad)'!$B$15:$B$244,ANEXO!B58,'Acuario (Arribado - mortalidad)'!$F$15:$F$244) -> 0 | BG58: =SUMIF('Acuario (Arribado - mortalidad)'!$B$15:$B$244,ANEXO!B58,'Acuario (Arribado - mortalidad)'!$K$15:$K$244) -> 0 | BH58: =SUMIF('Acuario (Arribado - mortalidad)'!$B$15:$B$244,ANEXO!B58,'Acuario (Arribado - mortalidad)'!$G$15:$G$244) -> 0 | BI58: =SUMIF('Acuario (Arribado - mortalidad)'!$B$15:$B$244,ANEXO!B58,'Acuario (Arribado - mortalidad)'!$O$15:$O$244) -> 0 | BJ58: =SUMIF('Acuario (Arribado - mortalidad)'!$B$15:$B$244,ANEXO!B58,'Acuario (Arribado - mortalidad)'!$BG$15:$BG$244) -> 0 | BK58: =SUMIF('Acuario (Arribado - mortalidad)'!$B$15:$B$244,ANEXO!B58,'Acuario (Arribado - mortalidad)'!$BH$15:$BH$244) -> 0
AD59: =SUM(AD14:AF58) -> 0 | AG59: =COUNTBLANK(AG14:AH58) -> 90 | AI59: =COUNTBLANK(AI14:AJ58) -> 90 | AR59: =SUBTOTAL(109,Item2[cantidad arribada]) -> 0 | AS59: =SUBTOTAL(109,Item2[mortalidad acumulada]) -> 0 | AT59: =SUBTOTAL(109,Item2[saldo]) -> 0 | AU59: =SUBTOTAL(101,Item2[porcentaje mortalidad]) -> #DIV/0! | AV59: =SUBTOTAL(109,Item2[Arribada resumen]) -> 0 | AX59: =SUBTOTAL(109,Item2[Mortalidad dia 1]) -> 0 | AY59: =SUBTOTAL(109,Item2[Mortalidad 2 a 8 (Sem 1)]) -> 0 | AZ59: =SUBTOTAL(109,Item2[Mortalidad 9 a 15 (Sem 2)]) -> 0 | BA59: =SUBTOTAL(101,Item2[% mort dia 1]) -> #DIV/0! | BB59: =SUBTOTAL(101,Item2[% mort sem 1]) -> #DIV/0! | BC59: =SUBTOTAL(101,Item2[% mort sem 2]) -> #DIV/0!
T60: Si el certificado sanitario declara un nombre científico distinto al autorizado por resolución vigente, puede indicarla aqui y señalar de que item declarado es sinónimo.
B61: AUTORIZACIÓN DE INICIO DE CUARENTENA
T62: Género | X62: Especie | AA62: Item | AB62: Género | AF62: Especie | AJ62: Item
U67: Solicitud de Levantamiento de Cuarentena
U68: A partir del | X68: =I6+14 -> 14 | AC68: se podrá enviar correo de solicitud
U69: ='ORDEN DE CUARENTENA'!U69:AJ71 -> de levantamiento de cuarentena, adjuntando el archivo Excel con la información registrada en las hojas "Acuario (Arribado-mortalidad)" y "Tratamientos-Eventos", mas fotografias de mortalidad por especie. Luego de esto Sernapesca programará visita de levantamiento a partir del día hábil siguiente.
B70: Nombre y firma de Funcionario | L70: Timbre Control Interno

Sheet sp. peces
